 Dungeon Crawl Stone Soup version 0.29.0-4-gdea44cf6ec (webtiles) character file.

Game seed: 4069708327455882300

565269 qw the Conqueror (level 26, 193/193 HPs)
             Began as a Gargoyle Fighter on Sept 7, 2022.
             Was a High Priest of Okawaru.
             Quit the game on level 5 of the Realm of Zot.
             The game lasted 00:46:08 (54371 turns).

qw the Conqueror (Gargoyle Fighter)                Turns: 54371, Time: 00:46:09

Health: 193/193    AC: 68    Str: 33    XL:     26   Next: 78%
Magic:  31/31      EV: 14    Int: 11    God:    Okawaru [*****.]
Gold:   4968       SH: 32    Dex: 12    Spells: 25/25 levels left

rFire   + + +      SeeInvis +   M - +8 mithril axe "Arga" {speed, Will+}
rCold   + . .      Faith    .   v - +5 tower shield "Opryj" {Fly}
rNeg    + . .      Spirit   .   B - +4 crystal plate armour
rPois   inf        Reflect  +   w - +2 hat {Will+}
rElec   +          Harm     .   h - +2 cloak "Koegar" {Drain rF+++ Will+ SInv}
rCorr   .          Rampage  .   a - +2 pair of gloves {Str+3}
Will    ++++.                   I - +0 pair of boots of Ittik {Regen+ Dex+3}
Stlth   ..........              H - amulet of reflection
HPRegen 1.22/turn               L - ring "Botoucy" {rC+ EV+4}
MPRegen 0.22/turn               y - +4 ring of protection

@: flying
A: sickness immunity, AC +20, big wings, negative energy resistance 1,
electricity resistance, torment resistance 1, petrification resistance, talons
1, deterioration 1
}: 3/15 runes: barnacled, silver, gossamer
a: Renounce Religion, Heroism, Finesse, Duel


You were on level 5 of the Realm of Zot.
You worshipped Okawaru.
Okawaru was extremely pleased with you.
You visited 9 branches of the dungeon, and saw 45 of its levels.
You also visited: Gauntlet.

You collected 6830 gold pieces.
You spent 1862 gold pieces at shops.


Innate Abilities, Weirdness & Mutations

You are immune to sickness and miasma.
Your stone body is resilient. (AC +20)
You are immune to poison.
Your large and strong wings let you fly.
You resist negative energy. (rN+)
You are resistant to electric shocks. (rElec)
You are resistant to unholy torment.
You are immune to petrification.
You have sharp toenails.
Your body sometimes deteriorates upon taking damage.


   Skills:
 O Level 27 Fighting
 - Level 18.0 Axes
 + Level 14.3 Throwing
 - Level 22.0 Armour
 - Level 9.5 Dodging
 - Level 22.0 Shields
 - Level 11.6 Invocations


You had 25 spell levels left.
You didn't know any spells.
Your spell library was empty.

Inventory:

Hand Weapons
 J - the +11 broad axe of Otiq Wia {speed, Int+3}
   (You took it off an orc warlord on level 2 of the Depths)

   Attacks with this weapon are significantly faster.
   Int:       It affects your intelligence (+3).
 M - the +8 mithril axe "Arga" (weapon) {speed, Will+}
   (You found it on level 5 of the Vaults)

   Attacks with this weapon are significantly faster.
   Will:      It increases your willpower.
Missiles
 b - 4 silver javelins
 c - a boomerang of dispersal
 n - 28 javelins (quivered)
Armour
 a - a +2 pair of gloves of strength (worn)
 g - the +18 shield of the Gong {rElec rN+ Will+ EV-5}
   (Okawaru gifted it to you on level 4 of the Vaults)

   It is deafeningly noisy when blocking attacks.
   EV:        It affects your evasion (-5).
   rElec:     It insulates you from electricity.
   rN:        It protects you from negative energy.
   Will:      It increases your willpower.
 h - the +2 cloak "Koegar" (worn) {Drain rF+++ Will+ SInv}
   (Okawaru gifted it to you on level 4 of the Vaults)

   rF:        It renders you almost immune to fire.
   SInv:      It lets you see invisible.
   Drain:     It drains your maximum health when unequipped.
   Will:      It increases your willpower.
 q - the +0 hat of the Apricot {rF- rCorr Dex+5}
   (Okawaru gifted it to you on level 2 of the Lair of Beasts)

   Dex:       It affects your dexterity (+5).
   rF:        It makes you vulnerable to fire.
   rCorr:     It protects you from acid and corrosion.
 t - the +1 cloak of Tulips {Harm Regen+ rCorr Int-4}
   (You found it on level 7 of the Dungeon)

   Int:       It affects your intelligence (-4).
   Regen:     It increases your rate of health regeneration.
   rCorr:     It protects you from acid and corrosion.
   Harm:      It increases damage dealt and taken.
 v - the +5 tower shield "Opryj" (worn) {Fly}
   (You acquired it on level 11 of the Dungeon)

   Fly:       It grants you flight.
 w - a +2 hat of willpower (worn)
 B - a +4 crystal plate armour (worn)
 I - the +0 pair of boots of Ittik (worn) {Regen+ Dex+3}
   (You found it on level 5 of the Vaults)

   Dex:       It affects your dexterity (+3).
   Regen:     It increases your rate of health regeneration.
Jewellery
 i - the amulet of the Augurer {Reflect Will+ Int+4 SH+5}
   (You took it off a deep elf annihilator on level 5 of the Vaults)

   [amulet of reflection]

   It reflects blocked missile attacks.
   Int:       It affects your intelligence (+4).
   SH:        It affects your SH (+5).
   Will:      It increases your willpower.
 y - a +4 ring of protection (right hand)
 C - the ring of Jiskef {*Corrode rF++ EV+4 Dex+4}
   (You found it on level 2 of the Realm of Zot)

   [ring of evasion]

   EV:        It affects your evasion (+4).
   Dex:       It affects your dexterity (+4).
   rF:        It greatly protects you from fire.
   *Corrode:  It may corrode you when you take damage.
 E - the ring of Enlau {Wiz Contam rF+++ rC+ rN++}
   (You found it on level 5 of the Vaults)

   [ring of wizardry]

   It improves your spell success rate.
   rF:        It renders you almost immune to fire.
   rC:        It protects you from cold.
   rN:        It greatly protects you from negative energy.
   Contam:    It causes magical contamination when unequipped.
 H - an amulet of reflection (around neck)
 K - the amulet "Rangonye" {Reflect Harm Dex-4 SH+5 SInv Stlth+}
   (You found it on level 5 of the Vaults)

   [amulet of reflection]

   It reflects blocked missile attacks.
   Dex:       It affects your dexterity (-4).
   SInv:      It lets you see invisible.
   SH:        It affects your SH (+5).
   Harm:      It increases damage dealt and taken.
   Stlth:     It makes you more stealthy.
 L - the ring "Botoucy" (left hand) {rC+ EV+4}
   (You found it on level 3 of the Spider Nest)

   [ring of evasion]

   EV:        It affects your evasion (+4).
   rC:        It protects you from cold.
Scrolls
 f - a scroll of enchant weapon
 s - 14 scrolls of identify
 z - 6 scrolls of blinking
 F - 2 scrolls of brand weapon
Potions
 d - 11 potions of might
 j - 21 potions of curing
 k - 2 potions of magic
 l - 2 potions of cancellation
 m - 6 potions of mutation
 p - 4 potions of lignification
 r - 7 potions of haste
 u - 10 potions of attraction
 x - a potion of resistance
 G - 2 potions of heal wounds

Dungeon Overview and Level Annotations

Branches:
Dungeon (15/15)            Temple (1/1) D:6            Lair (5/5) D:10
 Shoals (4/4) Lair:2       Spider (4/4) Lair:2        Slime (0/5) Lair:4
    Orc (2/2) D:10            Elf (0/3) Orc:2        Vaults (5/5) D:13
  Crypt (0/3) Vaults:3     Depths (4/4) D:15            Zot (5/5) Depths:4
Gauntlet (visited)

Altars:
Ashenzari
Cheibriados
Dithmenos
Gozag
Hepliaklqana
Kikubaaqudgha
Makhleb
Nemelex Xobeh
Okawaru
Qazlal
Ru
Sif Muna
Vehumet
Wu Jian
Yredelemnul
Zin
Jiyva
Lugonu

Shops:
D:2 [   D:9 (   D:10 (   D:14 (   Orc:1 :   Orc:2 [((!*   Vaults:5 :   Zot:2 *
Depths:1 :(   Depths:2 (

Portals:
Hell: Depths:1 Depths:2 Depths:3 Depths:4
Abyss: Lair:4 Depths:1 Depths:3
Pandemonium: Depths:1 Depths:2
Ziggurat: Depths:1
Trove: D:15 (lose all piety)

Annotations:
D:15 3 runed translucent doors, qw's ghost, journeyman GrFi
Lair:4 2 transporters, qw's ghost, journeyman TrCA
Spider:2 1 runed translucent door, qw's ghost, adept MiBe
Orc:2 3 runed translucent doors, qw's ghost, journeyman MiFi
Vaults:1 8 runed translucent doors, qw's ghost, adept GrFi


Message History

54358 ||| Stepping randomly (stuck).
Done exploring.
Done exploring.
54359 ||| Stepping randomly (stuck).
Done exploring.
Done exploring.
54360 ||| Stepping randomly (stuck).
Done exploring.
Done exploring.
54361 ||| Stepping randomly (stuck).
Done exploring.
Done exploring.
54362 ||| Stepping randomly (stuck).
Done exploring.
Done exploring.
54363 ||| Stepping randomly (stuck).
Done exploring.
Done exploring.
54364 ||| Stepping randomly (stuck).
Done exploring.
Done exploring.
54365 ||| Stepping randomly (stuck).
Done exploring.
Done exploring.
54366 ||| Stepping randomly (stuck).
Done exploring.
Done exploring.
54367 ||| Stepping randomly (stuck).
Done exploring.
Done exploring.
54368 ||| Stepping randomly (stuck).
Done exploring.
Done exploring.
54369 ||| Stepping randomly (stuck).
Done exploring.
Done exploring.
54370 ||| Stepping randomly (stuck).
Done exploring.
Done exploring.
Are you sure you want to abandon this character and quit the game? (Confirm with "yes".)

##..........)....##
###########[....##
......)).........##
##....)[).))......##
#...^.))))..)).....##
............)().....#
....^...............#
.^^......)......^...#
......).........@...#
....................#
....................#
#...^..............##
##................##
##^.............##
################
###...#.<.##
##.....)....##


There were no monsters in sight!

Vanquished Creatures
  3 dread liches (Zot:5)
  3 ancient liches
  Mara (Spider:4)
  7 orbs of fire (Zot:5)
  3 Killer Klowns
  Bai Suzhen (Depths:2)
  Saint Roka (Depths:1)
  5 caustic shrikes (Depths:4)
  Xtahua (Vaults:5)
  A curse toe (Zot:5)
  A bone dragon (Depths:4)
  8 golden dragons
  Arachne (Spider:3)
  5 electric golems
  An Ice Fiend (Zot:1)
  Rupert (Orc:2)
  Jorgrun (Spider:3)
  3 liches
  17 tentacled monstrosities
  25 Orb Guardians (Zot:5)
  A walking earthen tome (Depths:3)
  10 death cobs
  3 titans
  An ancient champion (Depths:2)
  6 quicksilver dragons
  2 sphinxes (Vaults:4)
  Gastronok (Lair:2)
  Roxanne (D:15)
  Kirke (D:15)
  10 shadow dragons
  7 storm dragons
  Ilsuiw (Shoals:2)
  3 draconian monks
  6 tengu reavers
  7 fire giants
  15 vault wardens
  8 frost giants
  3 draconian scorchers
  7 draconian knights
  Aizul (Spider:4)
  An iron dragon (Vaults:5)
  7 ghost moths
  11 emperor scorpions
  A balrug (Depths:4)
  4 orc warlords
  5 deep elf sorcerers
  A curse skull (Zot:1)
  6 draconian stormcallers
  Louise (Spider:1)
  4 draconian annihilators
  6 draconian shifters
  20 ironbound preservers
  34 very ugly things
  A reaper (Depths:2)
  6 war gargoyles
  A ghoul (Vaults:3)
  Nessos (D:12)
  14 stone giants
  4 ironbound thunderhulks
  11 green draconians
  13 red draconians
  5 vampire knights
  7 yellow draconians
  3 entropy weavers
  9 black draconians
  A deep elf demonologist (Vaults:4)
  6 purple draconians
  2 spark wasps (shapeshifter)
  3 deep elf annihilators (Vaults:5)
  13 white draconians
  6 dire elephants
  10 spark wasps
  A minotaur (Gauntlet)
  6 crystal guardians
  17 ettins
  An eidolon (Vaults:3)
  4 fire dragons
  2 deep elf high priests
  3 merfolk javelineers
  9 great orbs of eyes
  16 yaktaur captains
  10 merfolk impalers
  Fannar (D:12)
  8 ice dragons
  11 hydras
  6 peacekeepers
  A hell beast (Gauntlet)
  5 boulder beetles
  4 rakshasas (Depths:1)
  41 vault guards
  2 catoblepae
  A death knight (D:14)
  2 ogre magi (Vaults:5)
  15 centaur warriors
  3 jorogumos (Spider:1)
  2 spriggan air magi (Depths:4)
  An alligator snapping turtle (Shoals:4)
  7 ironbound frosthearts
  5 two-headed ogres
  3 merfolk avatars (Shoals:4)
  Erica (D:8)
  5 radroaches
  10 deep troll shamans
  4 satyrs
  3 orc high priests (Orc:2)
  3 spriggan berserkers
  10 deep troll earth magi
  10 tengu warriors
  A vampire mage (Depths:1)
  11 hell knights
  2 sun demons (Depths:4)
  Urug (Orc:1)
  A deep elf knight (Vaults:5)
  Sonja (Orc:2)
  Amaemon (Lair:1)
  9 iron trolls
  13 sea snakes
  A death drake (shapeshifter) (Depths:2)
  A flayed ghost (Depths:2)
  5 orb spiders
  6 pharaoh ants
  60 deep trolls
  A sun moth (Spider:3)
  5 glowing orange brains
  Pikel (D:6)
  22 ironbound convokers
  2 orange crystal statues
  6 lindwurms
  9 wizards
  7 steelbarb worms
  A glowing orange brain (shapeshifter) (Vaults:5)
  4 necromancers
  18 harpies
  An obsidian statue (Zot:1)
  5 phantasmal warriors
  A shadow dragon skeleton (Depths:1)
  14 orc knights
  4 deep elf pyromancers
  17 wolf spiders
  8 cyclopes
  A frost giant zombie (Vaults:3)
  51 ugly things
  17 moths of wrath
  3 oklob plants (Zot:1)
  5 orc sorcerers
  21 manticores
  19 fauns
  5 merfolk sirens
  11 black mambas
  8 elephants
  2 molten gargoyles (Gauntlet)
  4 water nymphs
  A rust devil (Depths:2)
  20 vault sentinels
  5 torpor snails
  An orange demon (Lair:1)
  13 cane toads
  4 unseen horrors
  7 komodo dragons
  6 gargoyles
  A rime drake (Lair:5)
  3 efreet
  A kobold demonologist (D:12)
  3 demonic crawlers
  11 tengu conjurers
  5 freezing wraiths
  23 yaktaurs
  An ice devil (Depths:2)
  10 trolls
  A red devil (Depths:2)
  A polar bear (shapeshifter) (Vaults:5)
  5 polar bears
  A queen bee (D:10)
  31 merfolk
  7 meliai
  2 wind drakes (Shoals:4)
  A shadow dragon simulacrum (Depths:1)
  19 slime creatures
  9 hornets
  29 tarantellas
  20 blink frogs
  A fire giant simulacrum (Depths:1)
  A slime creature (shapeshifter) (Depths:1)
  17 dream sheep
  26 culicivoras
  7 snapping turtles
  A centaur simulacrum (D:11)
  3 vampires (D:12)
  12 spriggans
  14 jumping spiders
  50 yaks
  15 water elementals
  6 hogs (D:15)
  An elf zombie (Vaults:3)
  40 redbacks
  2 basilisks (Lair:2)
  3 steam dragons
  6 wyverns
  A vampire mosquito (D:12)
  A chaos spawn (Depths:2)
  Menkaure (D:4)
  A yaktaur simulacrum (Vaults:3)
  A redback (shapeshifter) (D:15)
  4 acid dragons
  2 wargs (Orc:2)
  17 water moccasins
  A glowing shapeshifter skeleton (Depths:1)
  32 orc warriors
  4 ice beasts
  8 black bears
  7 ogres
  A human skeleton (Vaults:3)
  A sky beast (D:8)
  67 wolves
  7 boggarts
  15 centaurs
  A lemure (D:6)
  A phantom (D:4)
  4 kobold brigands
  2 gnoll sergeants
  A glowing shapeshifter simulacrum (Vaults:3)
  13 bullfrogs
  2 necrophages
  4 scorpions
  8 wights
  24 killer bees
  2 electric eels (D:10)
  4 howler monkeys
  6 hounds
  A jelly (D:6)
  15 orc priests
  A gnoll bouda (D:4)
  An iguana (D:4)
  27 orc wizards
  4 hell rats (Lair:3)
  5 lightning spires (Zot:1)
  10 adders
  14 gnolls
  2 river rats (D:5)
  2 shadow imps
  A white imp (D:6)
  3 ufetubi
  A worm (D:5)
  2 dart slugs (D:4)
  68 orcs
  11 ball pythons
  2 endoplasms
  3 giant cockroaches
  7 goblins
  5 hobgoblins
  8 jackals
  18 kobolds
  4 quokkas
  3 training dummies (D:14)
  2 bats
  A frilled lizard (D:3)
  A rat (shapeshifter) (Depths:3)
  5 rats
1935 creatures vanquished.

Vanquished Creatures (others)
  A draconian knight (Zot:2)
  A spriggan air mage (Depths:2)
  A culicivora (Spider:1)
  A black bear (shapeshifter) (Vaults:4)
  An orc wizard (D:4)
  3 demonic plants (Gauntlet)
  22 fungi
  223 plants
  A withered plant (D:8)
254 creatures vanquished.

Grand Total: 2189 creatures vanquished

Notes
Turn   | Place    | Note
-------+----------+-------------------------------------------
     0 | D:1      | qw the Gargoyle Fighter began the quest for the Orb.
     0 | D:1      | Reached XP level 1. HP: 14/14 MP: 1/1
     0 | D:1      | 0 ||| qw: Version: 0.1-a-108-g9e35731
     0 | D:1      | 0 ||| qw: Game counter: 6546
     0 | D:1      | 0 ||| qw: Always use a shield: true
     0 | D:1      | 0 ||| qw: God list: Okawaru
     0 | D:1      | 0 ||| qw: Allow faded altars: false
     0 | D:1      | 0 ||| qw: Do Orc after D:15 true
     0 | D:1      | 0 ||| qw: Do second Lair branch before Depths: true
     0 | D:1      | 0 ||| qw: Lair rune preference: random
     0 | D:1      | 0 ||| qw: Plans: Normal, Zot, God:TSO, Crypt, Tomb, Zig,
                  | Orb
     0 | D:1      | 0 ||| PLANNING D:1-11
   269 | D:1      | Reached XP level 2. HP: 19/19 MP: 2/2
   336 | D:1      | 336 ||| DROPPING +0 club.
   713 | D:1      | 713 ||| UPGRADING to amulet of regeneration.
   718 | D:1      | 718 ||| READING scroll labelled ETELOXKESCHAM.
   719 | D:1      | 719 ||| READING scroll labelled CAYWAVV LIFOU.
   719 | D:1      | Identified a scroll of acquirement
   719 | D:1      | 719 ||| ACQUIRING 743 gold pieces
   719 | D:1      | Acquired 743 gold pieces
   721 | D:1      | 721 ||| READING scroll labelled UZISKOALES.
   722 | D:1      | 722 ||| READING scroll labelled GOUSIR JYPPY.
   853 | D:2      | Found Oxaujido's Armour Emporium.
   866 | D:2      | 866 ||| BUYING +0 pair of boots (54 gold).
   866 | D:2      | Bought a +0 pair of boots for 54 gold pieces
   866 | D:2      | 866 ||| BUYING +1 pair of boots of stealth (198 gold).
   866 | D:2      | Bought a +1 pair of boots of stealth for 198 gold pieces
   866 | D:2      | 866 ||| SHOPLISTING +7 chain mail of Trial and Error {rC+
                  | Will+} (709 gold, have 527).
  1003 | D:2      | 1003 ||| Stepping ~*~*~tactically~*~*~ (stealth).
  1012 | D:2      | 1012 ||| Stepping ~*~*~tactically~*~*~ (stealth).
  1212 | D:2      | 1212 ||| UPGRADING to +0 pair of boots.
  1217 | D:2      | 1217 ||| UPGRADING to +1 pair of boots of stealth.
  1227 | D:2      | 1227 ||| DROPPING +0 pair of boots.
  1228 | D:2      | 1228 ||| UPGRADING to +0 chain mail.
  1238 | D:2      | 1238 ||| DROPPING +0 scale mail.
  1239 | D:2      | 1239 ||| READING scroll labelled JIENGU AGAXZA.
  1240 | D:2      | 1240 ||| READING scroll labelled MORHIN NOIXAS.
  1241 | D:2      | 1241 ||| READING scroll labelled DIHYOF EHYKEAMA.
  1242 | D:2      | 1242 ||| DRINKING 2 black potions.
  1242 | D:2      | Gained mutation: You are strong-willed. (Will+) [potion of
                  | mutation]
  1242 | D:2      | Gained mutation: You have a pair of small antennae on your
                  | head. [potion of mutation]
  1243 | D:2      | 1243 ||| DRINKING 3 metallic sapphire potions.
  1244 | D:2      | 1244 ||| DROPPING 2 potions of brilliance.
  1314 | D:3      | 1314 ||| Stepping ~*~*~tactically~*~*~ (stealth).
  1353 | D:3      | Reached skill level 3 in Axes
  1353 | D:3      | Reached XP level 3. HP: 23/23 MP: 3/3
  1416 | D:3      | 1416 ||| Stepping ~*~*~tactically~*~*~ (stealth).
  1511 | D:3      | Found a sacrificial altar of Ru.
  1524 | D:3      | 1524 ||| Stepping ~*~*~tactically~*~*~ (stealth).
  1566 | D:3      | Reached skill level 1 in Throwing
  1677 | D:3      | 1677 ||| Stepping ~*~*~tactically~*~*~ (hiding).
  1678 | D:3      | 1678 ||| Stepping ~*~*~tactically~*~*~ (hiding).
  1683 | D:3      | Reached XP level 4. HP: 12/28 MP: 4/4
  1683 | D:3      | 1683 ||| FLEEEEING.
  1684 | D:3      | 1684 ||| FLEEEEING.
  1714 | D:3      | 1714 ||| Stepping ~*~*~tactically~*~*~ (stealth).
  1716 | D:3      | 1716 ||| Stepping ~*~*~tactically~*~*~ (hiding).
  1824 | D:3      | 1824 ||| DROPPING +0 whip.
  1935 | D:3      | Reached XP level 5. HP: 32/32 MP: 5/5
  1962 | D:3      | 1962 ||| Stepping ~*~*~tactically~*~*~ (stealth).
  2146 | D:3      | Found a snail-covered altar of Cheibriados.
  2168 | D:3      | Found an ornate altar of the Wu Jian Council.
  2324 | D:3      | 2324 ||| READING scroll labelled MIQOEH ROTIUP.
  2325 | D:3      | 2325 ||| READING scroll labelled XUNUDA CAMIOBLI.
  2329 | D:3      | 2329 ||| DRINKING 2 sapphire potions.
  2392 | D:4      | Noticed Menkaure
  2406 | D:4      | Killed Menkaure
  2407 | D:4      | Reached XP level 6. HP: 20/37 MP: 6/6
  2433 | D:4      | Identified the +7 rapier "Pett" {drain, rElec}
  2465 | D:4      | 2465 ||| FLEEEEING.
  2466 | D:4      | 2466 ||| FLEEEEING.
  2469 | D:4      | 2469 ||| FLEEEEING.
  2470 | D:4      | 2470 ||| FLEEEEING.
  2471 | D:4      | 2471 ||| FLEEEEING.
  2472 | D:4      | 2472 ||| FLEEEEING.
  2473 | D:4      | 2473 ||| FLEEEEING.
  2474 | D:4      | 2474 ||| FLEEEEING.
  2475 | D:4      | 2475 ||| FLEEEEING.
  2476 | D:4      | 2476 ||| FLEEEEING.
  2477 | D:4      | 2477 ||| FLEEEEING.
  2478 | D:4      | 2478 ||| FLEEEEING.
  2479 | D:4      | 2479 ||| FLEEEEING.
  2480 | D:4      | 2480 ||| FLEEEEING.
  2481 | D:4      | 2481 ||| FLEEEEING.
  2482 | D:4      | 2482 ||| FLEEEEING.
  2483 | D:4      | 2483 ||| FLEEEEING.
  2484 | D:4      | 2484 ||| FLEEEEING.
  2485 | D:4      | 2485 ||| FLEEEEING.
  2486 | D:4      | 2486 ||| STAIRDANCE
  2507 | D:4      | 2507 ||| Stepping ~*~*~tactically~*~*~ (stealth).
  2509 | D:4      | 2509 ||| Stepping ~*~*~tactically~*~*~ (hiding).
  2520 | D:4      | Reached skill level 4 in Fighting
  2656 | D:4      | Found a broken altar of Ashenzari.
  2713 | D:4      | Reached skill level 6 in Axes
  2713 | D:4      | Reached XP level 7. HP: 44/44 MP: 7/7
  2714 | D:4      | 2714 ||| Stepping ~*~*~tactically~*~*~ (hiding).
  2737 | D:4      | Reached skill level 1 in Dodging
  2964 | D:4      | 2964 ||| Stepping ~*~*~tactically~*~*~ (stealth).
  2966 | D:4      | 2966 ||| Stepping ~*~*~tactically~*~*~ (stealth).
  2967 | D:4      | 2967 ||| Stepping ~*~*~tactically~*~*~ (stealth).
  3249 | D:4      | 3249 ||| DROPPING +6 ring of intelligence.
  3250 | D:4      | 3250 ||| READING scroll labelled FIHEFI COUNU.
  3263 | D:5      | Entered Level 5 of the Dungeon
  3264 | D:5      | 3264 ||| PLANNING SEWER
  3302 | D:5      | 3302 ||| Stepping ~*~*~tactically~*~*~ (hiding).
  3465 | D:5      | Reached XP level 8. HP: 29/48 MP: 8/8
  3488 | D:5      | 3488 ||| DROPPING +0 flail.
  3559 | D:5      | Reached skill level 5 in Fighting
  3649 | D:5      | Found the +8 longbow "Zephyr" {speed, Dex+3 SInv}
  3654 | D:5      | Found an opulent altar of Gozag.
  3654 | D:5      | Found a shimmering blue altar of Sif Muna.
  3670 | D:5      | 3670 ||| Stepping ~*~*~tactically~*~*~ (hiding).
  3672 | D:5      | 3672 ||| Stepping ~*~*~tactically~*~*~ (hiding).
  3680 | D:5      | 3680 ||| Stepping ~*~*~tactically~*~*~ (stealth).
  3957 | D:5      | 3957 ||| RIP SEWER
  4082 | D:5      | 4082 ||| PLANNING D:1-11
  4177 | D:5      | 4177 ||| Stepping ~*~*~tactically~*~*~ (stealth).
  4179 | D:5      | 4179 ||| Stepping ~*~*~tactically~*~*~ (hiding).
  4182 | D:5      | 4182 ||| Stepping ~*~*~tactically~*~*~ (stealth).
  4191 | D:5      | Reached skill level 6 in Fighting
  4330 | D:5      | 4330 ||| UPGRADING to +0 pair of gloves.
  4335 | D:5      | 4335 ||| READING scroll labelled YTAESO BAE.
  4336 | D:5      | 4336 ||| READING scroll labelled BAKKEAW RAMOZXE.
  4337 | D:5      | 4337 ||| DRINKING 2 lumpy white potions.
  4338 | D:5      | 4338 ||| DROPPING potion of degeneration.
  4432 | D:6      | 4432 ||| Stepping randomly (stuck).
  4433 | D:6      | 4433 ||| Stepping randomly (stuck).
  4435 | D:6      | 4435 ||| Stepping randomly (stuck).
  4437 | D:6      | 4437 ||| Stepping randomly (stuck).
  4440 | D:6      | 4440 ||| Stepping randomly (stuck).
  4441 | D:6      | 4441 ||| Stepping randomly (stuck).
  4451 | D:6      | Reached XP level 9. HP: 54/55 MP: 9/9
  4458 | D:6      | Reached skill level 9 in Axes
  4469 | D:6      | Reached skill level 3 in Throwing
  4540 | D:6      | Found a staircase to the Ecumenical Temple.
  4541 | D:6      | 4541 ||| PLANNING TEMPLE
  4549 | Temple   | Entered the Ecumenical Temple
  4558 | Temple   | Became a worshipper of Warmaster Okawaru
  4560 | Temple   | 4560 ||| PLANNING D:1-11
  4641 | D:6      | 4641 ||| READING 3 scrolls of enchant armour.
  4641 | D:6      | 4641 ||| ENCHANTING +0 pair of gloves.
  4642 | D:6      | 4642 ||| READING 2 scrolls of enchant armour.
  4642 | D:6      | 4642 ||| ENCHANTING +1 pair of gloves.
  4643 | D:6      | 4643 ||| READING scroll of enchant armour.
  4643 | D:6      | 4643 ||| ENCHANTING +1 pair of boots of stealth.
  4830 | D:6      | Reached skill level 7 in Fighting
  4885 | D:6      | HP: 12/57 [ogre/+0 giant spiked club (28)]
  4886 | D:6      | 4886 ||| DRINKING potion of heal wounds.
  5038 | D:6      | 5038 ||| READING scroll labelled MAEHOCL AMMOF.
  5062 | D:7      | Noticed Pikel
  5063 | D:7      | 5063 ||| STAIRDANCE
  5083 | D:7      | 5083 ||| STAIRDANCE
  5097 | D:6      | Killed Pikel
  5097 | D:6      | Reached * piety under Okawaru
  5098 | D:6      | Reached skill level 6 in Armour
  5183 | D:7      | 5183 ||| INVOKING Heroism.
  5193 | D:7      | Reached skill level 1 in Invocations
  5267 | D:7      | Identified the +1 cloak of Tulips {Harm Regen+ rCorr Int-4}
  5277 | D:7      | 5277 ||| Stepping ~*~*~tactically~*~*~ (stealth).
  5279 | D:7      | 5279 ||| Stepping ~*~*~tactically~*~*~ (stealth).
  5281 | D:7      | 5281 ||| INVOKING Heroism.
  5284 | D:7      | 5284 ||| Stepping ~*~*~tactically~*~*~ (stealth).
  5291 | D:7      | 5291 ||| Stepping ~*~*~tactically~*~*~ (stealth).
  5653 | D:7      | 5653 ||| INVOKING Heroism.
  5658 | D:7      | Reached XP level 10. HP: 61/63 MP: 8/11
  5750 | D:7      | 5750 ||| DROPPING +0 morningstar.
  5764 | D:7      | Reached skill level 3 in Invocations
  5888 | D:7      | 5888 ||| UPGRADING to +0 plate armour.
  5898 | D:7      | 5898 ||| DROPPING +0 chain mail.
  5899 | D:7      | 5899 ||| READING 2 scrolls of identify.
  5899 | D:7      | 5899 ||| IDENTIFYING ruby potion
  5964 | D:8      | Noticed Erica
  5965 | D:8      | 5965 ||| INVOKING Heroism.
  5978 | D:8      | Killed Erica
  5978 | D:8      | Reached ** piety under Okawaru
  5995 | D:8      | 5995 ||| INVOKING Heroism.
  6106 | D:8      | 6106 ||| INVOKING Heroism.
  6123 | D:8      | Reached skill level 8 in Fighting
  6126 | D:8      | Reached *** piety under Okawaru
  6170 | D:8      | Found an ancient bone altar of Kikubaaqudgha.
  6237 | D:8      | 6237 ||| INVOKING Heroism.
  6238 | D:8      | 6238 ||| Stepping ~*~*~tactically~*~*~ (cloud).
  6257 | D:8      | 6257 ||| READING 2 scrolls of identify.
  6257 | D:8      | 6257 ||| IDENTIFYING gluggy blue potion
  6271 | D:8      | Noticed a two-headed ogre
  6272 | D:8      | 6272 ||| INVOKING Heroism.
  6282 | D:8      | Killed a two-headed ogre
  6290 | D:8      | Reached **** piety under Okawaru
  6290 | D:8      | Received a gift from Okawaru
  6308 | D:8      | Reached XP level 11. HP: 59/68 MP: 14/14
  6338 | D:8      | 6338 ||| Stepping ~*~*~tactically~*~*~ (stealth).
  6340 | D:8      | 6340 ||| Stepping ~*~*~tactically~*~*~ (hiding).
  6370 | D:8      | 6370 ||| Stepping ~*~*~tactically~*~*~ (stealth).
  6372 | D:8      | 6372 ||| Stepping ~*~*~tactically~*~*~ (hiding).
  6378 | D:8      | Received a gift from Okawaru
  6419 | D:8      | Noticed a two-headed ogre
  6420 | D:8      | 6420 ||| INVOKING Heroism.
  6434 | D:8      | Killed a two-headed ogre
  6435 | D:8      | Reached skill level 6 in Invocations
  6815 | D:8      | 6815 ||| DROPPING potion of berserk rage.
  6876 | D:9      | Reached skill level 9 in Fighting
  6894 | D:9      | 6894 ||| INVOKING Heroism.
  6990 | D:9      | 6990 ||| Stepping ~*~*~tactically~*~*~ (hiding).
  7050 | D:9      | 7050 ||| Stepping ~*~*~tactically~*~*~ (hiding).
  7051 | D:9      | 7051 ||| INVOKING Heroism.
  7058 | D:9      | 7058 ||| Stepping ~*~*~tactically~*~*~ (cloud).
  7133 | D:9      | Found Waupirr's Weapon Boutique.
  7137 | D:9      | 7137 ||| Stepping ~*~*~tactically~*~*~ (hiding).
  7198 | D:9      | 7198 ||| Stepping ~*~*~tactically~*~*~ (hiding).
  7206 | D:9      | 7206 ||| INVOKING Heroism.
  7239 | D:9      | 7239 ||| Stepping ~*~*~tactically~*~*~ (stealth).
  7248 | D:9      | 7248 ||| INVOKING Heroism.
  7479 | D:9      | Found a glowing silver altar of Zin.
  7668 | D:9      | 7668 ||| DRINKING 2 puce potions.
  7669 | D:9      | 7669 ||| DRINKING 2 inky potions.
  7695 | D:9      | 7695 ||| READING 3 scrolls of identify.
  7695 | D:9      | 7695 ||| IDENTIFYING emerald potion
  7696 | D:9      | 7696 ||| READING 2 scrolls of identify.
  7696 | D:9      | 7696 ||| IDENTIFYING white potion
  7697 | D:9      | 7697 ||| DROPPING potion of flight.
  7709 | D:10     | Entered Level 10 of the Dungeon
  7714 | D:10     | 7714 ||| INVOKING Heroism.
  7718 | D:10     | 7718 ||| STAIRDANCE
  7731 | D:10     | 7731 ||| STAIRDANCE
  7754 | D:10     | 7754 ||| Stepping ~*~*~tactically~*~*~ (stealth).
  7755 | D:10     | 7755 ||| Stepping ~*~*~tactically~*~*~ (stealth).
  7757 | D:10     | 7757 ||| INVOKING Heroism.
  7812 | D:10     | 7812 ||| INVOKING Heroism.
  7875 | D:10     | 7875 ||| INVOKING Heroism.
  7877 | D:10     | 7877 ||| Stepping ~*~*~tactically~*~*~ (hiding).
  7888 | D:10     | Reached ***** piety under Okawaru
  7889 | D:10     | Found a staircase to the Orcish Mines.
  7889 | D:10     | Found Tuf Nogu's Weapon Shop.
  7929 | D:10     | 7929 ||| BUYING +3 war axe of draining (349 gold).
  7929 | D:10     | Bought a +3 war axe of draining for 349 gold pieces
  7929 | D:10     | 7929 ||| SWAPPING to +3 war axe of draining.
  7930 | D:10     | 7930 ||| DROPPING +0 war axe of venom.
  7949 | D:10     | Found a staircase to the Lair.
  7951 | D:10     | 7951 ||| INVOKING Heroism.
  7987 | D:10     | 7987 ||| Stepping ~*~*~tactically~*~*~ (stealth).
  7991 | D:10     | 7991 ||| Stepping ~*~*~tactically~*~*~ (stealth).
  8188 | D:10     | 8188 ||| Stepping ~*~*~tactically~*~*~ (stealth).
  8204 | D:10     | 8204 ||| INVOKING Heroism.
  8228 | D:10     | 8228 ||| Stepping ~*~*~tactically~*~*~ (stealth).
  8239 | D:10     | Received a gift from Okawaru
  8240 | D:10     | Reached skill level 9 in Invocations
  8256 | D:10     | Reached XP level 12. HP: 75/76 MP: 18/18
  8260 | D:10     | 8260 ||| Stepping ~*~*~tactically~*~*~ (stealth).
  8500 | D:10     | 8500 ||| PLANNING LAIR
  8500 | D:10     | 8500 ||| UPGRADING to ring of protection from cold.
  8501 | D:10     | 8501 ||| READING 2 scrolls of identify.
  8501 | D:10     | 8501 ||| IDENTIFYING fizzy clear potion
  8556 | Lair:1   | Entered Level 1 of the Lair of Beasts
  8644 | Lair:1   | Received a gift from Okawaru
  8666 | Lair:1   | 8666 ||| INVOKING Heroism.
  8669 | Lair:1   | Reached skill level 12 in Axes
  8715 | Lair:1   | Noticed Amaemon
  8716 | Lair:1   | 8716 ||| Stepping ~*~*~tactically~*~*~ (hiding).
  8731 | Lair:1   | Killed Amaemon
  8858 | Lair:1   | Noticed an eight-headed hydra
  8859 | Lair:1   | 8859 ||| INVOKING Heroism.
  8860 | Lair:1   | 8860 ||| INVOKING Finesse.
  8861 | Lair:1   | 8861 ||| SWAPPING to +0 hand axe of flaming.
  8869 | Lair:1   | Killed a one-headed hydra
  8869 | Lair:1   | Received a gift from Okawaru
  8870 | Lair:1   | Reached skill level 6 in Shields
  8870 | Lair:1   | 8870 ||| SWAPPING to +3 war axe of draining.
  8910 | Lair:1   | 8910 ||| Stepping ~*~*~tactically~*~*~ (stealth).
  8912 | Lair:1   | 8912 ||| INVOKING Heroism.
  8951 | Lair:1   | Reached skill level 9 in Armour
  8974 | Lair:1   | Noticed a four-headed hydra
  8975 | Lair:1   | 8975 ||| INVOKING Finesse.
  8979 | Lair:1   | 8979 ||| INVOKING Heroism.
  8981 | Lair:1   | Reached skill level 10 in Fighting
  8985 | Lair:1   | 8985 ||| SWAPPING to +0 hand axe of flaming.
  8991 | Lair:1   | Killed a one-headed hydra
  8992 | Lair:1   | 8992 ||| Stepping ~*~*~tactically~*~*~ (stealth).
  8992 | Lair:1   | Noticed a boulder beetle
  8993 | Lair:1   | 8993 ||| Stepping ~*~*~tactically~*~*~ (stealth).
  8994 | Lair:1   | 8994 ||| Stepping ~*~*~tactically~*~*~ (stealth).
  8995 | Lair:1   | 8995 ||| SWAPPING to +3 war axe of draining.
  9027 | Lair:1   | Killed a boulder beetle
  9042 | Lair:1   | 9042 ||| Stepping ~*~*~tactically~*~*~ (stealth).
  9076 | Lair:1   | Reached XP level 13. HP: 82/82 MP: 20/20
  9104 | Lair:1   | 9104 ||| READING scroll of brand weapon.
  9104 | Lair:1   | 9104 ||| BRANDING +3 war axe of draining.
  9184 | Lair:1   | Found a dark tunnel.
  9488 | Lair:1   | 9488 ||| DROPPING scarf of invisibility.
  9489 | Lair:1   | 9489 ||| DROPPING ring of magical power.
  9491 | Lair:1   | 9491 ||| READING scroll labelled YTHUIT VYNOB.
  9510 | Lair:2   | 9510 ||| STAIRDANCE
  9543 | Lair:2   | 9543 ||| STAIRDANCE
  9690 | Lair:2   | 9690 ||| Stepping ~*~*~tactically~*~*~ (stealth).
  9720 | Lair:2   | 9720 ||| INVOKING Heroism.
  9765 | Lair:2   | 9765 ||| Stepping ~*~*~tactically~*~*~ (stealth).
  9769 | Lair:2   | 9769 ||| INVOKING Heroism.
  9887 | Lair:2   | 9887 ||| INVOKING Heroism.
  9921 | Lair:2   | 9921 ||| Stepping ~*~*~tactically~*~*~ (stealth).
  9923 | Lair:2   | 9923 ||| Stepping ~*~*~tactically~*~*~ (stealth).
  9926 | Lair:2   | 9926 ||| Stepping ~*~*~tactically~*~*~ (stealth).
  9927 | Lair:2   | 9927 ||| Stepping ~*~*~tactically~*~*~ (stealth).
  9939 | Lair:2   | Identified the +0 hat of the Apricot {rF- rCorr Dex+5}
                  | (Okawaru gifted it to you on level 2 of the Lair of Beasts)
  9939 | Lair:2   | Received a gift from Okawaru
  9963 | Lair:2   | Found a hole to the Spider Nest.
  9974 | Lair:2   | 9974 ||| Stepping ~*~*~tactically~*~*~ (stealth).
  9977 | Lair:2   | 9977 ||| Stepping ~*~*~tactically~*~*~ (hiding).
  9978 | Lair:2   | 9978 ||| Stepping ~*~*~tactically~*~*~ (hiding).
 10075 | Lair:2   | 10075 ||| Stepping ~*~*~tactically~*~*~ (stealth).
 10078 | Lair:2   | 10078 ||| Stepping ~*~*~tactically~*~*~ (stealth).
 10130 | Lair:2   | 10130 ||| Stepping ~*~*~tactically~*~*~ (stealth).
 10182 | Lair:2   | 10182 ||| Stepping ~*~*~tactically~*~*~ (stealth).
 10235 | Lair:2   | Found the +8 whip "Snakebite" {venom, curare, rPois}
 10314 | Lair:2   | 10314 ||| Stepping ~*~*~tactically~*~*~ (hiding).
 10363 | Lair:2   | 10363 ||| Stepping ~*~*~tactically~*~*~ (hiding).
 10377 | Lair:2   | 10377 ||| INVOKING Heroism.
 10504 | Lair:2   | Noticed Gastronok
 10505 | Lair:2   | 10505 ||| INVOKING Heroism.
 10516 | Lair:2   | Killed Gastronok
 10580 | Lair:2   | 10580 ||| Stepping ~*~*~tactically~*~*~ (hiding).
 10595 | Lair:2   | Found a staircase to the Shoals.
 10910 | Lair:2   | 10910 ||| UPGRADING to +2 hat of willpower.
 10959 | Lair:3   | 10959 ||| INVOKING Heroism.
 10962 | Lair:3   | 10962 ||| INVOKING Finesse.
 10971 | Lair:3   | 10971 ||| SWAPPING to +0 hand axe of flaming.
 10980 | Lair:3   | 10980 ||| SWAPPING to +3 vorpal war axe.
 11102 | Lair:3   | 11102 ||| Stepping ~*~*~tactically~*~*~ (stealth).
 11103 | Lair:3   | 11103 ||| Stepping ~*~*~tactically~*~*~ (stealth).
 11132 | Lair:3   | 11132 ||| INVOKING Heroism.
 11320 | Lair:3   | 11320 ||| Stepping ~*~*~tactically~*~*~ (stealth).
 11322 | Lair:3   | Reached skill level 11 in Fighting
 11323 | Lair:3   | 11323 ||| INVOKING Heroism.
 11334 | Lair:3   | 11334 ||| Stepping ~*~*~tactically~*~*~ (stealth).
 11341 | Lair:3   | 11341 ||| Stepping ~*~*~tactically~*~*~ (stealth).
 11558 | Lair:3   | Found an ancient bone altar of Kikubaaqudgha.
 11559 | Lair:3   | 11559 ||| Stepping ~*~*~tactically~*~*~ (stealth).
 11566 | Lair:3   | 11566 ||| INVOKING Heroism.
 11586 | Lair:3   | HP: 17/84 [centaur/arrow (9)]
 11587 | Lair:3   | 11587 ||| READING scroll of teleportation.
 11588 | Lair:3   | 11588 ||| DRINKING 2 potions of heal wounds.
 11764 | Lair:3   | 11764 ||| INVOKING Heroism.
 11916 | Lair:3   | 11916 ||| READING 3 scrolls of identify.
 11916 | Lair:3   | 11916 ||| IDENTIFYING bubbling inky potion
 11961 | Lair:4   | 11961 ||| PLANNING GAUNTLET
 12028 | Lair:4   | 12028 ||| Stepping ~*~*~tactically~*~*~ (stealth).
 12032 | Lair:4   | 12032 ||| INVOKING Heroism.
 12064 | Lair:4   | 12064 ||| Stepping ~*~*~tactically~*~*~ (stealth).
 12137 | Lair:4   | 12137 ||| INVOKING Heroism.
 12168 | Lair:4   | 12168 ||| INVOKING Finesse.
 12169 | Lair:4   | 12169 ||| INVOKING Finesse.
 12170 | Lair:4   | 12170 ||| SWAPPING to +0 hand axe of flaming.
 12178 | Lair:4   | Received a gift from Okawaru
 12179 | Lair:4   | 12179 ||| SWAPPING to +3 vorpal war axe.
 12353 | Lair:4   | 12353 ||| INVOKING Heroism.
 12387 | Lair:4   | Found a gate leading to a gauntlet.
 12388 | Lair:4   | 12388 ||| UPGRADING to +2 buckler of reflection.
 12398 | Lair:4   | 12398 ||| DROPPING +0 buckler.
 12399 | Lair:4   | 12399 ||| DROPPING amulet of magic regeneration.
 12405 | Gauntlet | Entered a Gauntlet
 12405 | Gauntlet | Found a transporter.
 12405 | Gauntlet | Found a transporter.
 12405 | Gauntlet | Found a transporter.
 12421 | Gauntlet | Found a transporter.
 12425 | Gauntlet | Found a transporter.
 12435 | Gauntlet | Found a transporter.
 12456 | Gauntlet | Found a transporter.
 12462 | Gauntlet | Found a transporter.
 12470 | Gauntlet | Found a transporter.
 12487 | Gauntlet | Found a transporter.
 12495 | Gauntlet | Found a transporter.
 12512 | Gauntlet | Found a transporter.
 12597 | Gauntlet | Gained mutation: Your large and strong wings let you fly.
                  | [Gargoyle growth]
 12597 | Gauntlet | Reached XP level 14. HP: 66/90 MP: 21/21
 12633 | Gauntlet | 12633 ||| READING 2 scrolls of identify.
 12633 | Gauntlet | 12633 ||| IDENTIFYING smoky dark potion
 12645 | Gauntlet | 12645 ||| INVOKING Heroism.
 12653 | Gauntlet | 12653 ||| INVOKING Finesse.
 12718 | Gauntlet | 12718 ||| Stepping randomly (stuck).
 12719 | Gauntlet | 12719 ||| Stepping randomly (stuck).
 12723 | Gauntlet | 12723 ||| INVOKING Heroism.
 12777 | Gauntlet | 12777 ||| DROPPING ring of ice.
 12778 | Gauntlet | 12778 ||| UPGRADING to +4 ring of protection.
 12818 | Gauntlet | 12818 ||| Stepping ~*~*~tactically~*~*~ (stealth).
 12820 | Gauntlet | 12820 ||| INVOKING Heroism.
 12822 | Gauntlet | 12822 ||| INVOKING Finesse.
 12830 | Gauntlet | Reached skill level 15 in Axes
 12872 | Gauntlet | Identified the +1 falchion "Guufusua" {freeze, Will+ rCorr
                  | Int-3}
 12875 | Lair:4   | 12875 ||| PLANNING LAIR
 12900 | Lair:4   | Found a staircase to the Slime Pits.
 12900 | Lair:4   | Found a viscous altar of Jiyva.
 13018 | Lair:4   | 13018 ||| INVOKING Heroism.
 13068 | Lair:4   | Noticed qw's ghost (journeyman TrCA)
 13073 | Lair:4   | Found a one-way gate to the infinite horrors of the Abyss.
 13076 | Lair:4   | Found a transporter.
 13092 | Lair:4   | Found a transporter.
 13101 | Lair:4   | 13101 ||| Stepping ~*~*~tactically~*~*~ (stealth).
 13105 | Lair:4   | 13105 ||| Stepping ~*~*~tactically~*~*~ (stealth).
 13123 | Lair:4   | Received a gift from Okawaru
 13221 | Lair:4   | 13221 ||| INVOKING Heroism.
 13279 | Lair:4   | 13279 ||| READING scroll of brand weapon.
 13279 | Lair:4   | 13279 ||| BRANDING +3 vorpal war axe.
 13280 | Lair:4   | 13280 ||| DROPPING +0 hand axe of flaming.
 13621 | Lair:4   | 13621 ||| READING scroll labelled SEELIM NUENGUI.
 13652 | Lair:5   | Entered Level 5 of the Lair of Beasts
 13658 | Lair:5   | 13658 ||| INVOKING Heroism.
 13661 | Lair:5   | Reached skill level 12 in Fighting
 13689 | Lair:5   | 13689 ||| INVOKING Finesse.
 13702 | Lair:5   | Received a gift from Okawaru
 13797 | Lair:5   | 13797 ||| Stepping ~*~*~tactically~*~*~ (stealth).
 13804 | Lair:5   | 13804 ||| Stepping ~*~*~tactically~*~*~ (stealth).
 13825 | Lair:5   | 13825 ||| INVOKING Heroism.
 13887 | Lair:5   | 13887 ||| Stepping ~*~*~tactically~*~*~ (stealth).
 13978 | Lair:5   | 13978 ||| Stepping ~*~*~tactically~*~*~ (stealth).
 13979 | Lair:5   | 13979 ||| INVOKING Heroism.
 14021 | Lair:5   | 14021 ||| Stepping ~*~*~tactically~*~*~ (stealth).
 14022 | Lair:5   | 14022 ||| Stepping ~*~*~tactically~*~*~ (stealth).
 14024 | Lair:5   | 14024 ||| INVOKING Heroism.
 14025 | Lair:5   | 14025 ||| INVOKING Finesse.
 14157 | Lair:5   | 14157 ||| INVOKING Heroism.
 14168 | Lair:5   | 14168 ||| INVOKING Finesse.
 14183 | Lair:5   | 14183 ||| INVOKING Heroism.
 14198 | Lair:5   | 14198 ||| Stepping ~*~*~tactically~*~*~ (stealth).
 14199 | Lair:5   | 14199 ||| Stepping ~*~*~tactically~*~*~ (stealth).
 14208 | Lair:5   | 14208 ||| Stepping ~*~*~tactically~*~*~ (stealth).
 14213 | Lair:5   | 14213 ||| INVOKING Heroism.
 14287 | Lair:5   | 14287 ||| INVOKING Heroism.
 14319 | Lair:5   | 14319 ||| Stepping ~*~*~tactically~*~*~ (stealth).
 14321 | Lair:5   | 14321 ||| Stepping ~*~*~tactically~*~*~ (stealth).
 14328 | Lair:5   | 14328 ||| Stepping ~*~*~tactically~*~*~ (stealth).
 14345 | Lair:5   | 14345 ||| INVOKING Heroism.
 14428 | Lair:5   | 14428 ||| Stepping ~*~*~tactically~*~*~ (stealth).
 14457 | Lair:5   | 14457 ||| INVOKING Heroism.
 14504 | Lair:5   | 14504 ||| INVOKING Heroism.
 14656 | Lair:5   | 14656 ||| INVOKING Heroism.
 14665 | Lair:5   | 14665 ||| Stepping ~*~*~tactically~*~*~ (stealth).
 14668 | Lair:5   | 14668 ||| Stepping ~*~*~tactically~*~*~ (stealth).
 14852 | Lair:5   | Reached skill level 3 in Dodging
 15011 | Lair:5   | 15011 ||| PLANNING D:1-11
 15011 | Lair:5   | 15011 ||| UPGRADING to +2 pair of gloves of strength.
 15021 | Lair:5   | 15021 ||| DROPPING +2 pair of gloves.
 15159 | D:11     | 15159 ||| FLEEEEING.
 15160 | D:11     | 15160 ||| FLEEEEING.
 15161 | D:11     | 15161 ||| FLEEEEING.
 15162 | D:11     | 15162 ||| FLEEEEING.
 15165 | D:11     | 15165 ||| FLEEEEING.
 15166 | D:11     | 15166 ||| FLEEEEING.
 15167 | D:11     | 15167 ||| FLEEEEING.
 15168 | D:11     | 15168 ||| FLEEEEING.
 15169 | D:11     | 15169 ||| STAIRDANCE
 15242 | D:11     | 15242 ||| INVOKING Heroism.
 15250 | D:11     | Received a gift from Okawaru
 15309 | D:11     | 15309 ||| Stepping ~*~*~tactically~*~*~ (hiding).
 15311 | D:11     | 15311 ||| Stepping ~*~*~tactically~*~*~ (hiding).
 15313 | D:11     | 15313 ||| Stepping ~*~*~tactically~*~*~ (hiding).
 15329 | D:11     | 15329 ||| Stepping ~*~*~tactically~*~*~ (stealth).
 15360 | D:11     | 15360 ||| INVOKING Heroism.
 15370 | D:11     | Reached XP level 15. HP: 97/97 MP: 20/22
 15635 | D:11     | 15635 ||| Stepping ~*~*~tactically~*~*~ (hiding).
 15643 | D:11     | Received a gift from Okawaru
 15852 | D:11     | 15852 ||| READING scroll of acquirement.
 15852 | D:11     | 15852 ||| ACQUIRING +5 tower shield "Opryj" {Fly}
 15852 | D:11     | Acquired the +5 tower shield "Opryj" {Fly}
 15854 | D:11     | 15854 ||| UPGRADING to +5 tower shield "Opryj" {Fly}.
 15864 | D:11     | 15864 ||| DROPPING +2 buckler of reflection.
 15897 | D:11     | 15897 ||| PLANNING D
 15924 | D:12     | Noticed Fannar
 15925 | D:12     | 15925 ||| Stepping ~*~*~tactically~*~*~ (hiding).
 15956 | D:12     | 15956 ||| Stepping ~*~*~tactically~*~*~ (hiding).
 15961 | D:12     | Killed Fannar
 15961 | D:12     | Identified the +5 war axe of Unreason {holy, rPois rCorr
                  | Str-5 Dex+9} (Okawaru gifted it to you on level 12 of the
                  | Dungeon)
 15961 | D:12     | Received a gift from Okawaru
 15971 | D:12     | Reached skill level 9 in Shields
 15978 | D:12     | 15978 ||| INVOKING Heroism.
 16014 | D:12     | 16014 ||| SWAPPING to +5 war axe of Unreason {holy, rPois
                  | rCorr Str-5 Dex+9}.
 16043 | D:12     | 16043 ||| Stepping ~*~*~tactically~*~*~ (stealth).
 16068 | D:12     | 16068 ||| Stepping ~*~*~tactically~*~*~ (stealth).
 16129 | D:12     | 16129 ||| Stepping ~*~*~tactically~*~*~ (stealth).
 16130 | D:12     | 16130 ||| Stepping ~*~*~tactically~*~*~ (stealth).
 16132 | D:12     | 16132 ||| Stepping ~*~*~tactically~*~*~ (stealth).
 16134 | D:12     | 16134 ||| Stepping ~*~*~tactically~*~*~ (hiding).
 16144 | D:12     | 16144 ||| INVOKING Heroism.
 16145 | D:12     | 16145 ||| SWAPPING to +3 war axe of flaming.
 16154 | D:12     | 16154 ||| SWAPPING to +5 war axe of Unreason {holy, rPois
                  | rCorr Str-5 Dex+9}.
 16291 | D:12     | 16291 ||| Stepping ~*~*~tactically~*~*~ (stealth).
 16292 | D:12     | 16292 ||| Stepping ~*~*~tactically~*~*~ (stealth).
 16516 | D:12     | 16516 ||| INVOKING Heroism.
 16635 | D:12     | 16635 ||| Stepping ~*~*~tactically~*~*~ (stealth).
 16874 | D:12     | Noticed Nessos
 16875 | D:12     | 16875 ||| Stepping ~*~*~tactically~*~*~ (hiding).
 16876 | D:12     | 16876 ||| Stepping ~*~*~tactically~*~*~ (hiding).
 16879 | D:12     | 16879 ||| INVOKING Finesse.
 16898 | D:12     | Killed Nessos
 16959 | D:12     | 16959 ||| INVOKING Heroism.
 16960 | D:12     | 16960 ||| SWAPPING to +3 war axe of flaming.
 16964 | D:12     | 16964 ||| SWAPPING to +5 war axe of Unreason {holy, rPois
                  | rCorr Str-5 Dex+9}.
 17142 | D:12     | Identified the +1 chain mail of Inethyqa {rCorr MP+9}
 17308 | D:12     | 17308 ||| DROPPING +1 chain mail of Inethyqa {rCorr MP+9}.
 17441 | D:13     | 17441 ||| Stepping ~*~*~tactically~*~*~ (stealth).
 17459 | D:13     | 17459 ||| Stepping ~*~*~tactically~*~*~ (stealth).
 17484 | D:13     | 17484 ||| Stepping ~*~*~tactically~*~*~ (stealth).
 17486 | D:13     | 17486 ||| Stepping ~*~*~tactically~*~*~ (stealth).
 17493 | D:13     | 17493 ||| INVOKING Heroism.
 17629 | D:13     | 17629 ||| Stepping ~*~*~tactically~*~*~ (hiding).
 17630 | D:13     | 17630 ||| Stepping ~*~*~tactically~*~*~ (hiding).
 17739 | D:13     | Found a gate to the Vaults.
 17740 | D:13     | 17740 ||| INVOKING Heroism.
 17749 | D:13     | Reached skill level 12 in Shields
 17754 | D:13     | 17754 ||| INVOKING Heroism.
 17759 | D:13     | Received a gift from Okawaru
 17803 | D:13     | 17803 ||| SWAPPING to +1 broad axe of venom.
 17807 | D:13     | 17807 ||| SWAPPING to +3 vampiric war axe.
 17808 | D:13     | 17808 ||| DROPPING +1 broad axe of venom.
 17834 | D:13     | 17834 ||| Stepping ~*~*~tactically~*~*~ (hiding).
 17992 | D:13     | 17992 ||| Stepping ~*~*~tactically~*~*~ (hiding).
 18359 | D:14     | 18359 ||| Stepping ~*~*~tactically~*~*~ (hiding).
 18360 | D:14     | 18360 ||| Stepping ~*~*~tactically~*~*~ (hiding).
 18361 | D:14     | 18361 ||| Stepping ~*~*~tactically~*~*~ (hiding).
 18362 | D:14     | 18362 ||| INVOKING Heroism.
 18364 | D:14     | 18364 ||| SWAPPING to +3 war axe of flaming.
 18377 | D:14     | 18377 ||| SWAPPING to +3 vampiric war axe.
 18686 | D:14     | Identified the +1 robe of Zifeleobb {Int+2} (Okawaru gifted
                  | it to you on level 14 of the Dungeon)
 18686 | D:14     | Received a gift from Okawaru
 18727 | D:14     | Found Ockoetaukk's Firing Range.
 18798 | D:14     | Found a stormy altar of Qazlal.
 19050 | D:14     | 19050 ||| READING 6 scrolls of identify.
 19050 | D:14     | 19050 ||| IDENTIFYING purple potion
 19051 | D:14     | 19051 ||| DRINKING potion of experience.
 19051 | D:14     | Reached skill level 15 in Shields
 19051 | D:14     | Reached XP level 16. HP: 103/103 MP: 23/23
 19105 | D:15     | Entered Level 15 of the Dungeon
 19176 | D:15     | 19176 ||| Stepping ~*~*~tactically~*~*~ (hiding).
 19252 | D:15     | Reached XP level 17. HP: 108/108 MP: 24/24
 19267 | D:15     | Noticed qw's ghost (journeyman GrFi)
 19295 | D:15     | Found a runed translucent gate.
 19295 | D:15     | Found a runed translucent gate.
 19295 | D:15     | Found a runed translucent gate.
 19306 | D:15     | Noticed Kirke
 19307 | D:15     | 19307 ||| Stepping ~*~*~tactically~*~*~ (stealth).
 19309 | D:15     | 19309 ||| INVOKING Heroism.
 19343 | D:15     | Killed Kirke
 19431 | D:15     | 19431 ||| Stepping ~*~*~tactically~*~*~ (hiding).
 19432 | D:15     | 19432 ||| Stepping ~*~*~tactically~*~*~ (hiding).
 19458 | D:15     | 19458 ||| Stepping ~*~*~tactically~*~*~ (stealth).
 19464 | D:15     | 19464 ||| Stepping ~*~*~tactically~*~*~ (stealth).
 19467 | D:15     | 19467 ||| Stepping ~*~*~tactically~*~*~ (hiding).
 19470 | D:15     | 19470 ||| INVOKING Heroism.
 19489 | D:15     | 19489 ||| INVOKING Heroism.
 19512 | D:15     | Identified Roxanne's Atlas of the Boulder
 19512 | D:15     | Noticed Roxanne
 19513 | D:15     | 19513 ||| INVOKING Finesse.
 19556 | D:15     | Killed Roxanne
 19744 | D:15     | Found a staircase to the Depths.
 19950 | D:15     | 19950 ||| Stepping ~*~*~tactically~*~*~ (hiding).
 19961 | D:15     | 19961 ||| INVOKING Heroism.
 20026 | D:15     | 20026 ||| INVOKING Heroism.
 20108 | D:15     | Found a portal to a secret trove of treasure.
 20128 | D:15     | 20128 ||| FLEEEEING.
 20129 | D:15     | 20129 ||| FLEEEEING.
 20365 | D:15     | 20365 ||| Stepping ~*~*~tactically~*~*~ (stealth).
 20398 | D:15     | 20398 ||| PLANNING ORC
 20398 | D:15     | 20398 ||| READING scroll labelled IZAPSU HEECSES.
 20529 | Orc:1    | Entered Level 1 of the Orcish Mines
 20529 | Orc:1    | Found Eruqess's Book Shop.
 20530 | Orc:1    | 20530 ||| INVOKING Heroism.
 20649 | Orc:1    | 20649 ||| Stepping ~*~*~tactically~*~*~ (stealth).
 20657 | Orc:1    | 20657 ||| Stepping ~*~*~tactically~*~*~ (stealth).
 20659 | Orc:1    | 20659 ||| Stepping ~*~*~tactically~*~*~ (stealth).
 20669 | Orc:1    | 20669 ||| Stepping ~*~*~tactically~*~*~ (stealth).
 20682 | Orc:1    | 20682 ||| Stepping ~*~*~tactically~*~*~ (stealth).
 20684 | Orc:1    | 20684 ||| Stepping ~*~*~tactically~*~*~ (hiding).
 20686 | Orc:1    | 20686 ||| Stepping ~*~*~tactically~*~*~ (hiding).
 20821 | Orc:1    | 20821 ||| Stepping ~*~*~tactically~*~*~ (stealth).
 20905 | Orc:2    | Entered Level 2 of the Orcish Mines
 20938 | Orc:2    | Found Neidawau's Assorted Antiques.
 20977 | Orc:2    | 20977 ||| BUYING 2 scrolls of identify (112 gold).
 20977 | Orc:2    | Bought 2 scrolls of identify for 112 gold pieces
 20977 | Orc:2    | 20977 ||| BUYING potion of attraction (84 gold).
 20977 | Orc:2    | Bought a potion of attraction for 84 gold pieces
 20977 | Orc:2    | 20977 ||| BUYING potion of attraction (84 gold).
 20977 | Orc:2    | Bought a potion of attraction for 84 gold pieces
 20977 | Orc:2    | 20977 ||| BUYING scroll of teleportation (84 gold).
 20977 | Orc:2    | Bought a scroll of teleportation for 84 gold pieces
 21025 | Orc:2    | Found a runed translucent gate.
 21026 | Orc:2    | Found a runed translucent gate.
 21027 | Orc:2    | Found a runed translucent gate.
 21030 | Orc:2    | 21030 ||| INVOKING Heroism.
 21057 | Orc:2    | Noticed qw's ghost (journeyman MiFi)
 21070 | Orc:2    | 21070 ||| Stepping ~*~*~tactically~*~*~ (stealth).
 21077 | Orc:2    | 21077 ||| Stepping ~*~*~tactically~*~*~ (stealth).
 21078 | Orc:2    | 21078 ||| Stepping ~*~*~tactically~*~*~ (stealth).
 21093 | Orc:2    | 21093 ||| INVOKING Heroism.
 21096 | Orc:2    | Noticed Sonja
 21106 | Orc:2    | Noticed Rupert
 21107 | Orc:2    | 21107 ||| INVOKING Finesse.
 21114 | Orc:2    | Killed Sonja
 21134 | Orc:2    | Killed Rupert
 21135 | Orc:2    | Reached skill level 13 in Fighting
 21177 | Orc:2    | 21177 ||| Stepping ~*~*~tactically~*~*~ (hiding).
 21373 | Orc:2    | 21373 ||| INVOKING Heroism.
 21389 | Orc:2    | 21389 ||| Stepping ~*~*~tactically~*~*~ (hiding).
 21492 | Orc:2    | 21492 ||| Stepping ~*~*~tactically~*~*~ (stealth).
 21494 | Orc:2    | 21494 ||| Stepping ~*~*~tactically~*~*~ (stealth).
 21518 | Orc:2    | 21518 ||| INVOKING Heroism.
 21595 | Orc:2    | Found a staircase to the Elven Halls.
 21638 | Orc:2    | Found a shimmering blue altar of Sif Muna.
 21712 | Orc:2    | 21712 ||| Stepping ~*~*~tactically~*~*~ (hiding).
 21713 | Orc:2    | 21713 ||| Stepping ~*~*~tactically~*~*~ (hiding).
 21719 | Orc:2    | 21719 ||| INVOKING Heroism.
 21744 | Orc:2    | 21744 ||| INVOKING Heroism.
 21761 | Orc:2    | Found Icasut's Distillery.
 21761 | Orc:2    | Found Ripheotu's Weapon Shoppe.
 21763 | Orc:2    | Found Banaimp's Antique Weapon Boutique.
 21763 | Orc:2    | Found Buasmyth's Armour Shoppe.
 21769 | Orc:2    | 21769 ||| BUYING potion of attraction (42 gold).
 21769 | Orc:2    | Bought a potion of attraction for 42 gold pieces
 21769 | Orc:2    | 21769 ||| BUYING potion of curing (42 gold).
 21769 | Orc:2    | Bought a potion of curing for 42 gold pieces
 21769 | Orc:2    | 21769 ||| BUYING potion of curing (42 gold).
 21769 | Orc:2    | Bought a potion of curing for 42 gold pieces
 21769 | Orc:2    | 21769 ||| BUYING potion of heal wounds (70 gold).
 21769 | Orc:2    | Bought a potion of heal wounds for 70 gold pieces
 21769 | Orc:2    | 21769 ||| BUYING potion of heal wounds (70 gold).
 21769 | Orc:2    | Bought a potion of heal wounds for 70 gold pieces
 21769 | Orc:2    | 21769 ||| BUYING potion of heal wounds (70 gold).
 21769 | Orc:2    | Bought a potion of heal wounds for 70 gold pieces
 21769 | Orc:2    | 21769 ||| BUYING potion of lignification (42 gold).
 21769 | Orc:2    | Bought a potion of lignification for 42 gold pieces
 21769 | Orc:2    | 21769 ||| BUYING potion of lignification (42 gold).
 21769 | Orc:2    | Bought a potion of lignification for 42 gold pieces
 21769 | Orc:2    | 21769 ||| BUYING potion of resistance (140 gold).
 21769 | Orc:2    | Bought a potion of resistance for 140 gold pieces
 21772 | Orc:2    | 21772 ||| BUYING +0 cloak (76 gold).
 21772 | Orc:2    | Bought a +0 cloak for 76 gold pieces
 21774 | Orc:2    | 21774 ||| UPGRADING to +2 chain mail of fire resistance.
 21784 | Orc:2    | 21784 ||| UPGRADING to +0 cloak.
 21865 | Orc:1    | Noticed Urug
 21884 | Orc:1    | Killed Urug
 22072 | Orc:1    | 22072 ||| PLANNING SHOALS:1-3
 22072 | Orc:1    | 22072 ||| DROPPING 2 silver boomerangs.
 22073 | Orc:1    | 22073 ||| DROPPING 11 boomerangs.
 22074 | Orc:1    | 22074 ||| DROPPING 2 boomerangs of dispersal.
 22159 | Shoals:1 | Entered Level 1 of the Shoals
 22160 | Shoals:1 | 22160 ||| Stepping ~*~*~tactically~*~*~ (hiding).
 22163 | Shoals:1 | 22163 ||| INVOKING Heroism.
 22186 | Shoals:1 | Reached skill level 6 in Throwing
 22417 | Shoals:1 | 22417 ||| INVOKING Heroism.
 22457 | Shoals:1 | 22457 ||| Stepping ~*~*~tactically~*~*~ (hiding).
 22949 | Shoals:2 | 22949 ||| INVOKING Heroism.
 23063 | Shoals:2 | 23063 ||| INVOKING Heroism.
 23130 | Shoals:2 | 23130 ||| INVOKING Heroism.
 23139 | Shoals:2 | Noticed Ilsuiw
 23150 | Shoals:2 | 23150 ||| INVOKING Finesse.
 23191 | Shoals:2 | Killed Ilsuiw
 23192 | Shoals:2 | Reached skill level 14 in Fighting
 23222 | Shoals:2 | Reached skill level 18 in Shields
 23354 | Shoals:2 | 23354 ||| Stepping ~*~*~tactically~*~*~ (hiding).
 23355 | Shoals:2 | 23355 ||| Stepping ~*~*~tactically~*~*~ (hiding).
 23359 | Shoals:2 | 23359 ||| INVOKING Heroism.
 23527 | Shoals:2 | 23527 ||| INVOKING Heroism.
 23595 | Shoals:2 | 23595 ||| FLEEEEING.
 23596 | Shoals:2 | 23596 ||| FLEEEEING.
 23597 | Shoals:2 | 23597 ||| FLEEEEING.
 23598 | Shoals:2 | 23598 ||| FLEEEEING.
 23599 | Shoals:2 | 23599 ||| FLEEEEING.
 23600 | Shoals:2 | 23600 ||| FLEEEEING.
 23601 | Shoals:2 | 23601 ||| FLEEEEING.
 23602 | Shoals:2 | 23602 ||| FLEEEEING.
 23603 | Shoals:2 | 23603 ||| FLEEEEING.
 23604 | Shoals:2 | 23604 ||| FLEEEEING.
 23605 | Shoals:2 | 23605 ||| INVOKING Heroism.
 23959 | Shoals:3 | 23959 ||| Stepping ~*~*~tactically~*~*~ (hiding).
 24002 | Shoals:3 | Identified the +2 robe "Jouluv" {Harm Rampage Regen+ SInv}
 24032 | Shoals:3 | 24032 ||| INVOKING Heroism.
 24040 | Shoals:3 | Reached XP level 18. HP: 116/117 MP: 23/25
 24048 | Shoals:3 | 24048 ||| DROPPING +3 war axe of flaming.
 24108 | Shoals:3 | 24108 ||| INVOKING Heroism.
 24151 | Shoals:3 | 24151 ||| INVOKING Heroism.
 24185 | Shoals:3 | Identified the +4 falchion of Courage {flame, rElec}
 24202 | Shoals:3 | Reached skill level 15 in Fighting
 24289 | Shoals:3 | 24289 ||| Stepping ~*~*~tactically~*~*~ (hiding).
 24334 | Shoals:3 | 24334 ||| Stepping ~*~*~tactically~*~*~ (stealth).
 24346 | Shoals:3 | 24346 ||| Stepping ~*~*~tactically~*~*~ (hiding).
 24351 | Shoals:3 | 24351 ||| Stepping ~*~*~tactically~*~*~ (stealth).
 24353 | Shoals:3 | 24353 ||| INVOKING Heroism.
 24468 | Shoals:3 | 24468 ||| Stepping ~*~*~tactically~*~*~ (hiding).
 24782 | Shoals:3 | 24782 ||| PLANNING SPIDER:1-3
 24900 | Spider:1 | Entered Level 1 of the Spider Nest
 24901 | Spider:1 | 24901 ||| INVOKING Heroism.
 24916 | Spider:1 | Reached skill level 12 in Armour
 24929 | Spider:1 | HP: 20/119 [something (11)]
 24930 | Spider:1 | 24930 ||| READING 5 scrolls of teleportation.
 24931 | Spider:1 | 24931 ||| DRINKING 6 potions of heal wounds.
 24933 | Spider:1 | 24933 ||| DRINKING 5 potions of heal wounds.
 24934 | Spider:1 | 24934 ||| DRINKING 4 potions of heal wounds.
 25064 | Spider:1 | 25064 ||| INVOKING Finesse.
 25070 | Spider:1 | 25070 ||| INVOKING Heroism.
 25090 | Spider:1 | 25090 ||| DRINKING potion of cancellation.
 25132 | Spider:1 | 25132 ||| Stepping ~*~*~tactically~*~*~ (stealth).
 25134 | Spider:1 | 25134 ||| Stepping ~*~*~tactically~*~*~ (stealth).
 25156 | Spider:1 | 25156 ||| Stepping ~*~*~tactically~*~*~ (stealth).
 25182 | Spider:1 | 25182 ||| Stepping ~*~*~tactically~*~*~ (stealth).
 25203 | Spider:1 | 25203 ||| Stepping ~*~*~tactically~*~*~ (hiding).
 25204 | Spider:1 | 25204 ||| Stepping ~*~*~tactically~*~*~ (hiding).
 25223 | Spider:1 | 25223 ||| INVOKING Heroism.
 25240 | Spider:1 | 25240 ||| Stepping ~*~*~tactically~*~*~ (stealth).
 25241 | Spider:1 | 25241 ||| Stepping ~*~*~tactically~*~*~ (stealth).
 25242 | Spider:1 | 25242 ||| Stepping ~*~*~tactically~*~*~ (stealth).
 25317 | Spider:1 | 25317 ||| Stepping ~*~*~tactically~*~*~ (stealth).
 25380 | Spider:1 | 25380 ||| INVOKING Heroism.
 25401 | Spider:1 | 25401 ||| INVOKING Finesse.
 25457 | Spider:1 | 25457 ||| INVOKING Heroism.
 25461 | Spider:1 | Received a gift from Okawaru
 25471 | Spider:1 | 25471 ||| Stepping ~*~*~tactically~*~*~ (hiding).
 25500 | Spider:1 | 25500 ||| INVOKING Finesse.
 25768 | Spider:1 | 25768 ||| Stepping ~*~*~tactically~*~*~ (stealth).
 25799 | Spider:1 | Noticed Louise
 25818 | Spider:1 | 25818 ||| Stepping ~*~*~tactically~*~*~ (hiding).
 25822 | Spider:1 | Killed Louise
 25822 | Spider:1 | Received a gift from Okawaru
 25987 | Spider:1 | 25987 ||| UPGRADING to amulet of reflection.
 25997 | Spider:1 | 25997 ||| DROPPING amulet of regeneration.
 26016 | Spider:2 | 26016 ||| INVOKING Heroism.
 26073 | Spider:2 | 26073 ||| Stepping ~*~*~tactically~*~*~ (stealth).
 26142 | Spider:2 | 26142 ||| Stepping ~*~*~tactically~*~*~ (hiding).
 26149 | Spider:2 | 26149 ||| INVOKING Heroism.
 26157 | Spider:2 | Received a gift from Okawaru
 26171 | Spider:2 | 26171 ||| Stepping ~*~*~tactically~*~*~ (hiding).
 26190 | Spider:2 | 26190 ||| INVOKING Heroism.
 26333 | Spider:2 | Found a runed translucent door.
 26341 | Spider:2 | Noticed qw's ghost (adept MiBe)
 26527 | Spider:2 | 26527 ||| Stepping ~*~*~tactically~*~*~ (stealth).
 26543 | Spider:2 | Received a gift from Okawaru
 26628 | Spider:2 | 26628 ||| INVOKING Finesse.
 26638 | Spider:2 | 26638 ||| READING 4 scrolls of teleportation.
 26639 | Spider:2 | 26639 ||| Stepping randomly (stuck).
 26897 | Spider:2 | 26897 ||| READING scroll of enchant armour.
 26897 | Spider:2 | 26897 ||| ENCHANTING +0 cloak.
 26973 | Spider:2 | 26973 ||| Stepping ~*~*~tactically~*~*~ (stealth).
 27337 | Spider:3 | 27337 ||| INVOKING Heroism.
 27353 | Spider:3 | Received a gift from Okawaru
 27387 | Spider:3 | 27387 ||| Stepping ~*~*~tactically~*~*~ (hiding).
 27404 | Spider:3 | Reached skill level 16 in Fighting
 27414 | Spider:3 | Noticed Arachne
 27415 | Spider:3 | 27415 ||| Stepping ~*~*~tactically~*~*~ (hiding).
 27416 | Spider:3 | 27416 ||| Stepping ~*~*~tactically~*~*~ (stealth).
 27417 | Spider:3 | 27417 ||| INVOKING Finesse.
 27429 | Spider:3 | 27429 ||| INVOKING Heroism.
 27449 | Spider:3 | Received a gift from Okawaru
 27458 | Spider:3 | Killed Arachne
 27587 | Spider:3 | 27587 ||| READING scroll of acquirement.
 27587 | Spider:3 | 27587 ||| ACQUIRING +0 cloak "Ukhesul" {rN++ Str-4 Slay+2
                  | SInv}
 27587 | Spider:3 | Acquired the +0 cloak "Ukhesul" {rN++ Str-4 Slay+2 SInv}
 27589 | Spider:3 | 27589 ||| UPGRADING to +0 cloak "Ukhesul" {rN++ Str-4
                  | Slay+2 SInv}.
 27641 | Spider:3 | 27641 ||| Stepping ~*~*~tactically~*~*~ (stealth).
 27642 | Spider:3 | 27642 ||| Stepping ~*~*~tactically~*~*~ (stealth).
 27711 | Spider:3 | 27711 ||| Stepping ~*~*~tactically~*~*~ (hiding).
 27735 | Spider:3 | 27735 ||| Stepping ~*~*~tactically~*~*~ (stealth).
 27769 | Spider:3 | 27769 ||| Stepping ~*~*~tactically~*~*~ (stealth).
 27797 | Spider:3 | Identified the +2 kite shield "Tegguesch" {rF+ Will+}
                  | (Okawaru gifted it to you on level 3 of the Spider Nest)
 27797 | Spider:3 | Received a gift from Okawaru
 27798 | Spider:3 | 27798 ||| Stepping ~*~*~tactically~*~*~ (hiding).
 27801 | Spider:3 | 27801 ||| INVOKING Heroism.
 28136 | Spider:3 | Identified the ring "Botoucy" {rC+ EV+4}
 28152 | Spider:3 | 28152 ||| INVOKING Heroism.
 28153 | Spider:3 | 28153 ||| Stepping ~*~*~tactically~*~*~ (stealth).
 28163 | Spider:3 | Reached skill level 9 in Throwing
 28179 | Spider:3 | 28179 ||| Stepping ~*~*~tactically~*~*~ (stealth).
 28179 | Spider:3 | Noticed Jorgrun
 28180 | Spider:3 | 28180 ||| Stepping ~*~*~tactically~*~*~ (hiding).
 28184 | Spider:3 | 28184 ||| Stepping ~*~*~tactically~*~*~ (stealth).
 28200 | Spider:3 | 28200 ||| INVOKING Heroism.
 28202 | Spider:3 | Reached XP level 19. HP: 92/125 MP: 23/26
 28202 | Spider:3 | Killed Jorgrun
 28309 | Spider:3 | 28309 ||| PLANNING SHOALS:4
 28309 | Spider:3 | 28309 ||| DROPPING ring of positive energy.
 28310 | Spider:3 | 28310 ||| DROPPING ring of willpower.
 28311 | Spider:3 | 28311 ||| UPGRADING to +4 ring of evasion.
 28313 | Spider:3 | 28313 ||| UPGRADING to ring "Botoucy" {rC+ EV+4}.
 28315 | Spider:3 | 28315 ||| DROPPING ring of protection from cold.
 28316 | Spider:3 | 28316 ||| DROPPING +4 ring of evasion.
 28317 | Spider:3 | 28317 ||| READING scroll labelled TEGHAH LEARURPH.
 28488 | Shoals:4 | Entered Level 4 of the Shoals
 28490 | Shoals:4 | 28490 ||| INVOKING Heroism.
 28606 | Shoals:4 | 28606 ||| INVOKING Heroism.
 28634 | Shoals:4 | 28634 ||| INVOKING Finesse.
 28743 | Shoals:4 | 28743 ||| INVOKING Heroism.
 28812 | Shoals:4 | 28812 ||| INVOKING Heroism.
 28848 | Shoals:4 | 28848 ||| Stepping ~*~*~tactically~*~*~ (hiding).
 28851 | Shoals:4 | 28851 ||| INVOKING Finesse.
 28874 | Shoals:4 | 28874 ||| INVOKING Heroism.
 29046 | Shoals:4 | Reached skill level 17 in Fighting
 29062 | Shoals:4 | 29062 ||| Stepping ~*~*~tactically~*~*~ (hiding).
 29063 | Shoals:4 | 29063 ||| Stepping ~*~*~tactically~*~*~ (hiding).
 29085 | Shoals:4 | 29085 ||| Stepping ~*~*~tactically~*~*~ (hiding).
 29213 | Shoals:4 | Identified the +1 trident of Big Damage {drain, Int+6}
 29238 | Shoals:4 | 29238 ||| INVOKING Heroism.
 29270 | Shoals:4 | 29270 ||| INVOKING Heroism.
 29309 | Shoals:4 | 29309 ||| INVOKING Finesse.
 29334 | Shoals:4 | 29334 ||| INVOKING Heroism.
 29466 | Shoals:4 | Got a barnacled rune of Zot
 29590 | Shoals:4 | 29590 ||| PLANNING VAULTS:1-4
 29812 | Vaults:1 | Entered Level 1 of the Vaults
 29824 | Vaults:1 | 29824 ||| INVOKING Heroism.
 29853 | Vaults:1 | Received a gift from Okawaru
 29908 | Vaults:1 | 29908 ||| INVOKING Heroism.
 30107 | Vaults:1 | 30107 ||| INVOKING Heroism.
 30231 | Vaults:1 | 30231 ||| INVOKING Heroism.
 30237 | Vaults:1 | 30237 ||| Stepping ~*~*~tactically~*~*~ (hiding).
 30414 | Vaults:1 | 30414 ||| INVOKING Heroism.
 30460 | Vaults:1 | 30460 ||| Stepping ~*~*~tactically~*~*~ (hiding).
 30477 | Vaults:1 | Received a gift from Okawaru
 30503 | Vaults:1 | 30503 ||| INVOKING Heroism.
 30522 | Vaults:1 | Received a gift from Okawaru
 30539 | Vaults:1 | Reached XP level 20. HP: 76/136 MP: 27/27
 30898 | Vaults:1 | Found a large runed translucent door.
 30898 | Vaults:1 | Found a large runed translucent door.
 30898 | Vaults:1 | Found a large runed translucent door.
 30898 | Vaults:1 | Found a large runed translucent door.
 30898 | Vaults:1 | Found a large runed translucent door.
 30898 | Vaults:1 | Found a large runed translucent door.
 30898 | Vaults:1 | Noticed qw's ghost (adept GrFi)
 30899 | Vaults:1 | Found a large runed translucent door.
 30899 | Vaults:1 | Found a large runed translucent door.
 31269 | Vaults:2 | 31269 ||| PLANNING BAZAAR
 31333 | Vaults:2 | 31333 ||| INVOKING Heroism.
 31338 | Vaults:2 | Received a gift from Okawaru
 31342 | Vaults:2 | 31342 ||| Stepping ~*~*~tactically~*~*~ (stealth).
 31343 | Vaults:2 | 31343 ||| Stepping ~*~*~tactically~*~*~ (stealth).
 31380 | Vaults:2 | Reached skill level 18 in Fighting
 31468 | Vaults:2 | 31468 ||| FLEEEEING.
 31472 | Vaults:2 | 31472 ||| FLEEEEING.
 31473 | Vaults:2 | 31473 ||| FLEEEEING.
 31474 | Vaults:2 | 31474 ||| FLEEEEING.
 31475 | Vaults:2 | 31475 ||| FLEEEEING.
 31476 | Vaults:2 | 31476 ||| FLEEEEING.
 31477 | Vaults:2 | 31477 ||| FLEEEEING.
 31478 | Vaults:2 | 31478 ||| FLEEEEING.
 31479 | Vaults:2 | 31479 ||| FLEEEEING.
 31480 | Vaults:2 | 31480 ||| FLEEEEING.
 31481 | Vaults:2 | 31481 ||| FLEEEEING.
 31482 | Vaults:2 | 31482 ||| FLEEEEING.
 31483 | Vaults:2 | 31483 ||| FLEEEEING.
 31484 | Vaults:2 | 31484 ||| FLEEEEING.
 31485 | Vaults:2 | 31485 ||| FLEEEEING.
 31486 | Vaults:2 | 31486 ||| FLEEEEING.
 31487 | Vaults:2 | 31487 ||| FLEEEEING.
 31488 | Vaults:2 | 31488 ||| FLEEEEING.
 31489 | Vaults:2 | 31489 ||| FLEEEEING.
 31552 | Vaults:2 | 31552 ||| Stepping ~*~*~tactically~*~*~ (stealth).
 31554 | Vaults:2 | 31554 ||| Stepping ~*~*~tactically~*~*~ (stealth).
 31556 | Vaults:2 | 31556 ||| Stepping ~*~*~tactically~*~*~ (stealth).
 31594 | Vaults:2 | 31594 ||| INVOKING Heroism.
 31598 | Vaults:2 | 31598 ||| Stepping ~*~*~tactically~*~*~ (hiding).
 31636 | Vaults:2 | 31636 ||| INVOKING Heroism.
 31674 | Vaults:2 | 31674 ||| INVOKING Heroism.
 31739 | Vaults:2 | 31739 ||| Stepping ~*~*~tactically~*~*~ (hiding).
 31747 | Vaults:2 | Received a gift from Okawaru
 31759 | Vaults:2 | 31759 ||| Stepping ~*~*~tactically~*~*~ (hiding).
 31764 | Vaults:2 | 31764 ||| INVOKING Heroism.
 31807 | Vaults:2 | 31807 ||| Stepping ~*~*~tactically~*~*~ (hiding).
 31863 | Vaults:2 | Received a gift from Okawaru
 31917 | Vaults:2 | 31917 ||| Stepping ~*~*~tactically~*~*~ (stealth).
 31918 | Vaults:2 | 31918 ||| INVOKING Heroism.
 31919 | Vaults:2 | 31919 ||| Stepping ~*~*~tactically~*~*~ (stealth).
 31951 | Vaults:2 | Reached skill level 15 in Armour
 32188 | Vaults:2 | 32188 ||| Stepping ~*~*~tactically~*~*~ (stealth).
 32336 | Vaults:2 | 32336 ||| Stepping ~*~*~tactically~*~*~ (hiding).
 32652 | Vaults:2 | 32652 ||| INVOKING Heroism.
 32653 | Vaults:2 | 32653 ||| INVOKING Finesse.
 32678 | Vaults:2 | 32678 ||| RIP BAZAAR
 32698 | Vaults:2 | 32698 ||| PLANNING VAULTS:1-4
 32746 | Vaults:2 | Identified the +3 longbow of Annihilation {freeze, rCorr
                  | Str+3}
 32748 | Vaults:2 | Identified the +5 broad axe "Demon's Regret" {distort, rF+
                  | MP+9 Dex+4 Stlth+}
 32750 | Vaults:2 | 32750 ||| DROPPING +5 broad axe "Demon's Regret" {distort,
                  | rF+ MP+9 Dex+4 Stlth+}.
 32810 | Vaults:3 | 32810 ||| INVOKING Heroism.
 33059 | Vaults:3 | 33059 ||| INVOKING Heroism.
 33060 | Vaults:3 | 33060 ||| INVOKING Finesse.
 33137 | Vaults:3 | 33137 ||| Stepping ~*~*~tactically~*~*~ (hiding).
 33196 | Vaults:3 | 33196 ||| Stepping ~*~*~tactically~*~*~ (hiding).
 33254 | Vaults:3 | 33254 ||| Stepping ~*~*~tactically~*~*~ (hiding).
 33270 | Vaults:3 | Reached skill level 19 in Fighting
 33399 | Vaults:3 | 33399 ||| Stepping ~*~*~tactically~*~*~ (hiding).
 33484 | Vaults:3 | 33484 ||| Stepping ~*~*~tactically~*~*~ (hiding).
 33485 | Vaults:3 | 33485 ||| Stepping ~*~*~tactically~*~*~ (hiding).
 33604 | Vaults:3 | Found a staircase to the Crypt.
 33622 | Vaults:3 | 33622 ||| Stepping ~*~*~tactically~*~*~ (hiding).
 33628 | Vaults:3 | 33628 ||| INVOKING Heroism.
 33642 | Vaults:3 | Received a gift from Okawaru
 33778 | Vaults:3 | 33778 ||| INVOKING Heroism.
 33807 | Vaults:3 | 33807 ||| Stepping ~*~*~tactically~*~*~ (stealth).
 33823 | Vaults:3 | 33823 ||| Stepping ~*~*~tactically~*~*~ (stealth).
 33825 | Vaults:3 | 33825 ||| Stepping ~*~*~tactically~*~*~ (hiding).
 33832 | Vaults:3 | 33832 ||| INVOKING Heroism.
 33833 | Vaults:3 | 33833 ||| INVOKING Finesse.
 33844 | Vaults:3 | 33844 ||| Stepping ~*~*~tactically~*~*~ (hiding).
 33845 | Vaults:3 | 33845 ||| Stepping ~*~*~tactically~*~*~ (hiding).
 33886 | Vaults:3 | 33886 ||| Stepping ~*~*~tactically~*~*~ (stealth).
 33889 | Vaults:3 | 33889 ||| Stepping ~*~*~tactically~*~*~ (hiding).
 33916 | Vaults:3 | 33916 ||| INVOKING Heroism.
 33979 | Vaults:3 | 33979 ||| Stepping ~*~*~tactically~*~*~ (stealth).
 34034 | Vaults:3 | 34034 ||| INVOKING Heroism.
 34044 | Vaults:3 | 34044 ||| Stepping ~*~*~tactically~*~*~ (hiding).
 34110 | Vaults:3 | Reached XP level 21. HP: 144/144 MP: 28/28
 34129 | Vaults:3 | 34129 ||| Stepping ~*~*~tactically~*~*~ (hiding).
 34174 | Vaults:3 | 34174 ||| Stepping ~*~*~tactically~*~*~ (stealth).
 34294 | Vaults:3 | 34294 ||| Stepping ~*~*~tactically~*~*~ (hiding).
 34296 | Vaults:3 | 34296 ||| Stepping ~*~*~tactically~*~*~ (hiding).
 34342 | Vaults:3 | 34342 ||| Stepping ~*~*~tactically~*~*~ (hiding).
 34729 | Vaults:3 | 34729 ||| DROPPING +0 plate armour.
 34730 | Vaults:3 | 34730 ||| UPGRADING to +2 crystal plate armour.
 34740 | Vaults:3 | 34740 ||| DROPPING +2 chain mail of fire resistance.
 34741 | Vaults:3 | 34741 ||| READING scroll of enchant armour.
 34741 | Vaults:3 | 34741 ||| ENCHANTING +2 crystal plate armour.
 34823 | Vaults:4 | 34823 ||| Stepping ~*~*~tactically~*~*~ (stealth).
 34920 | Vaults:4 | 34920 ||| INVOKING Heroism.
 35020 | Vaults:4 | 35020 ||| INVOKING Heroism.
 35028 | Vaults:4 | Received a gift from Okawaru
 35079 | Vaults:4 | 35079 ||| Stepping ~*~*~tactically~*~*~ (hiding).
 35087 | Vaults:4 | Received a gift from Okawaru
 35087 | Vaults:4 | Found the +18 shield of the Gong {rElec rN+ Will+ EV-5}
 35124 | Vaults:4 | 35124 ||| INVOKING Heroism.
 35263 | Vaults:4 | 35263 ||| INVOKING Heroism.
 35404 | Vaults:4 | 35404 ||| INVOKING Heroism.
 35449 | Vaults:4 | HP: 9/144 [crystal guardian/crystal bolt[a peacekeeper]
                  | (32)]
 35450 | Vaults:4 | 35450 ||| READING 6 scrolls of teleportation.
 35451 | Vaults:4 | 35451 ||| DRINKING 4 potions of heal wounds.
 35452 | Vaults:4 | 35452 ||| DRINKING 3 potions of heal wounds.
 35453 | Vaults:4 | 35453 ||| INVOKING Heroism.
 35454 | Vaults:4 | 35454 ||| DRINKING 2 potions of heal wounds.
 35471 | Vaults:4 | 35471 ||| FLEEEEING.
 35472 | Vaults:4 | 35472 ||| FLEEEEING.
 35473 | Vaults:4 | 35473 ||| FLEEEEING.
 35474 | Vaults:4 | 35474 ||| FLEEEEING.
 35480 | Vaults:4 | 35480 ||| FLEEEEING.
 35481 | Vaults:4 | 35481 ||| FLEEEEING.
 35482 | Vaults:4 | 35482 ||| FLEEEEING.
 35483 | Vaults:4 | 35483 ||| FLEEEEING.
 35490 | Vaults:4 | Reached skill level 18 in Armour
 35640 | Vaults:4 | 35640 ||| Stepping ~*~*~tactically~*~*~ (stealth).
 35646 | Vaults:4 | 35646 ||| Stepping ~*~*~tactically~*~*~ (stealth).
 35663 | Vaults:4 | 35663 ||| Stepping ~*~*~tactically~*~*~ (stealth).
 35739 | Vaults:4 | 35739 ||| Stepping ~*~*~tactically~*~*~ (stealth).
 35818 | Vaults:4 | 35818 ||| Stepping ~*~*~tactically~*~*~ (hiding).
 36059 | Vaults:4 | 36059 ||| Stepping ~*~*~tactically~*~*~ (hiding).
 36098 | Vaults:4 | 36098 ||| Stepping ~*~*~tactically~*~*~ (stealth).
 36099 | Vaults:4 | 36099 ||| INVOKING Heroism.
 36145 | Vaults:4 | 36145 ||| Stepping ~*~*~tactically~*~*~ (hiding).
 36307 | Vaults:4 | 36307 ||| PLANNING SPIDER:4
 36582 | Spider:4 | Entered Level 4 of the Spider Nest
 36586 | Spider:4 | 36586 ||| INVOKING Heroism.
 36623 | Spider:4 | 36623 ||| Stepping ~*~*~tactically~*~*~ (hiding).
 36920 | Spider:4 | 36920 ||| Stepping ~*~*~tactically~*~*~ (stealth).
 36921 | Spider:4 | 36921 ||| Stepping ~*~*~tactically~*~*~ (stealth).
 37005 | Spider:4 | Noticed Mara
 37006 | Spider:4 | 37006 ||| Stepping ~*~*~tactically~*~*~ (hiding).
 37011 | Spider:4 | 37011 ||| INVOKING Heroism.
 37012 | Spider:4 | 37012 ||| INVOKING Finesse.
 37028 | Spider:4 | Noticed qw's illusion
 37044 | Spider:4 | 37044 ||| Stepping ~*~*~tactically~*~*~ (hiding).
 37044 | Spider:4 | Noticed qw's illusion
 37046 | Spider:4 | 37046 ||| Stepping ~*~*~tactically~*~*~ (hiding).
 37047 | Spider:4 | 37047 ||| Stepping ~*~*~tactically~*~*~ (hiding).
 37048 | Spider:4 | 37048 ||| Stepping ~*~*~tactically~*~*~ (hiding).
 37049 | Spider:4 | 37049 ||| Stepping ~*~*~tactically~*~*~ (hiding).
 37119 | Spider:4 | 37119 ||| INVOKING Heroism.
 37120 | Spider:4 | 37120 ||| INVOKING Finesse.
 37144 | Spider:4 | Noticed qw's illusion
 37160 | Spider:4 | Killed Mara
 37325 | Spider:4 | 37325 ||| Stepping ~*~*~tactically~*~*~ (hiding).
 37397 | Spider:4 | 37397 ||| Stepping ~*~*~tactically~*~*~ (stealth).
 37410 | Spider:4 | 37410 ||| INVOKING Heroism.
 37537 | Spider:4 | 37537 ||| Stepping ~*~*~tactically~*~*~ (stealth).
 37540 | Spider:4 | 37540 ||| Stepping ~*~*~tactically~*~*~ (stealth).
 37544 | Spider:4 | 37544 ||| Stepping ~*~*~tactically~*~*~ (stealth).
 37545 | Spider:4 | 37545 ||| Stepping ~*~*~tactically~*~*~ (stealth).
 37607 | Spider:4 | Received a gift from Okawaru
 37737 | Spider:4 | Got a gossamer rune of Zot
 37759 | Spider:4 | Noticed Aizul
 37760 | Spider:4 | 37760 ||| INVOKING Heroism.
 37761 | Spider:4 | 37761 ||| INVOKING Finesse.
 37775 | Spider:4 | Killed Aizul
 37863 | Spider:4 | 37863 ||| READING scroll of enchant armour.
 37863 | Spider:4 | 37863 ||| ENCHANTING +3 crystal plate armour.
 37886 | Spider:4 | 37886 ||| INVOKING Heroism.
 38208 | Spider:4 | 38208 ||| PLANNING DEPTHS
 38208 | Spider:4 | 38208 ||| DROPPING +0 pair of gloves of stealth.
 38433 | Depths:1 | Entered Level 1 of the Depths
 38490 | Depths:1 | Found a corrupted altar of Lugonu.
 38505 | Depths:1 | 38505 ||| INVOKING Heroism.
 38519 | Depths:1 | Noticed Saint Roka
 38531 | Depths:1 | 38531 ||| INVOKING Heroism.
 38564 | Depths:1 | Killed Saint Roka
 38564 | Depths:1 | Received a gift from Okawaru
 38565 | Depths:1 | Reached XP level 22. HP: 67/149 MP: 29/29
 38838 | Depths:1 | 38838 ||| Stepping ~*~*~tactically~*~*~ (stealth).
 38839 | Depths:1 | 38839 ||| Stepping ~*~*~tactically~*~*~ (stealth).
 38840 | Depths:1 | 38840 ||| Stepping ~*~*~tactically~*~*~ (hiding).
 38848 | Depths:1 | 38848 ||| Stepping ~*~*~tactically~*~*~ (hiding).
 39012 | Depths:1 | 39012 ||| Stepping ~*~*~tactically~*~*~ (hiding).
 39014 | Depths:1 | 39014 ||| Stepping ~*~*~tactically~*~*~ (hiding).
 39017 | Depths:1 | 39017 ||| INVOKING Heroism.
 39067 | Depths:1 | Found a one-way gateway to a ziggurat.
 39115 | Depths:1 | 39115 ||| Stepping ~*~*~tactically~*~*~ (stealth).
 39186 | Depths:1 | Found a one-way gate leading to the halls of Pandemonium.
 39207 | Depths:1 | 39207 ||| INVOKING Heroism.
 39208 | Depths:1 | 39208 ||| INVOKING Finesse.
 39267 | Depths:1 | 39267 ||| INVOKING Finesse.
 39269 | Depths:1 | 39269 ||| INVOKING Heroism.
 39279 | Depths:1 | 39279 ||| Stepping ~*~*~tactically~*~*~ (hiding).
 39410 | Depths:1 | 39410 ||| INVOKING Heroism.
 39411 | Depths:1 | 39411 ||| INVOKING Finesse.
 39560 | Depths:1 | Found a gateway to Hell.
 39567 | Depths:1 | Found Laukke's Antique Weapon Emporium.
 39568 | Depths:1 | 39568 ||| Stepping ~*~*~tactically~*~*~ (stealth).
 39570 | Depths:1 | 39570 ||| Stepping ~*~*~tactically~*~*~ (stealth).
 39572 | Depths:1 | 39572 ||| Stepping ~*~*~tactically~*~*~ (stealth).
 39573 | Depths:1 | 39573 ||| INVOKING Heroism.
 39576 | Depths:1 | 39576 ||| Stepping ~*~*~tactically~*~*~ (hiding).
 39599 | Depths:1 | 39599 ||| Stepping ~*~*~tactically~*~*~ (hiding).
 39600 | Depths:1 | 39600 ||| INVOKING Finesse.
 39604 | Depths:1 | 39604 ||| Stepping ~*~*~tactically~*~*~ (hiding).
 39613 | Depths:1 | Reached skill level 21 in Armour
 39656 | Depths:1 | Found Omethrot's Book Shoppe.
 39658 | Depths:1 | 39658 ||| BUYING runed broad axe (231 gold).
 39658 | Depths:1 | Bought a runed broad axe for 231 gold pieces
 39658 | Depths:1 | 39658 ||| DROPPING +0 vorpal broad axe.
 39854 | Depths:1 | 39854 ||| INVOKING Heroism.
 39855 | Depths:1 | 39855 ||| INVOKING Finesse.
 39893 | Depths:1 | Identified the +2 chain mail "Sevvauw" {rElec rN+}
 39894 | Depths:1 | 39894 ||| Stepping ~*~*~tactically~*~*~ (hiding).
 39895 | Depths:1 | 39895 ||| Stepping ~*~*~tactically~*~*~ (hiding).
 39896 | Depths:1 | 39896 ||| Stepping ~*~*~tactically~*~*~ (hiding).
 39942 | Depths:1 | 39942 ||| Stepping ~*~*~tactically~*~*~ (stealth).
 39946 | Depths:1 | 39946 ||| INVOKING Heroism.
 39947 | Depths:1 | 39947 ||| INVOKING Finesse.
 40268 | Depths:1 | 40268 ||| INVOKING Heroism.
 40269 | Depths:1 | 40269 ||| INVOKING Finesse.
 40374 | Depths:2 | 40374 ||| PLANNING WIZLAB
 40380 | Depths:2 | 40380 ||| INVOKING Heroism.
 40418 | Depths:2 | 40418 ||| INVOKING Heroism.
 40514 | Depths:2 | 40514 ||| INVOKING Heroism.
 40557 | Depths:2 | 40557 ||| INVOKING Heroism.
 40598 | Depths:2 | 40598 ||| INVOKING Heroism.
 40618 | Depths:2 | 40618 ||| Stepping ~*~*~tactically~*~*~ (stealth).
 40619 | Depths:2 | 40619 ||| Stepping ~*~*~tactically~*~*~ (stealth).
 40621 | Depths:2 | 40621 ||| Stepping ~*~*~tactically~*~*~ (hiding).
 40623 | Depths:2 | 40623 ||| Stepping ~*~*~tactically~*~*~ (hiding).
 40638 | Depths:2 | 40638 ||| Stepping ~*~*~tactically~*~*~ (stealth).
 40642 | Depths:2 | 40642 ||| INVOKING Heroism.
 40692 | Depths:2 | 40692 ||| Stepping ~*~*~tactically~*~*~ (stealth).
 40694 | Depths:2 | 40694 ||| Stepping ~*~*~tactically~*~*~ (hiding).
 40695 | Depths:2 | 40695 ||| Stepping ~*~*~tactically~*~*~ (hiding).
 40715 | Depths:2 | 40715 ||| Stepping ~*~*~tactically~*~*~ (stealth).
 40855 | Depths:2 | 40855 ||| INVOKING Heroism.
 40856 | Depths:2 | 40856 ||| INVOKING Finesse.
 40905 | Depths:2 | Found Goff's Weapon Emporium.
 41069 | Depths:2 | 41069 ||| Stepping ~*~*~tactically~*~*~ (hiding).
 41077 | Depths:2 | 41077 ||| INVOKING Heroism.
 41104 | Depths:2 | 41104 ||| RIP WIZLAB
 41167 | Depths:2 | 41167 ||| PLANNING DEPTHS
 41223 | Depths:2 | 41223 ||| Stepping ~*~*~tactically~*~*~ (hiding).
 41226 | Depths:2 | 41226 ||| Stepping ~*~*~tactically~*~*~ (hiding).
 41228 | Depths:2 | 41228 ||| INVOKING Heroism.
 41249 | Depths:2 | Received a gift from Okawaru
 41319 | Depths:2 | Identified the +4 lajatang of Conformity {freeze, Int+2}
 41320 | Depths:2 | 41320 ||| Stepping ~*~*~tactically~*~*~ (hiding).
 41321 | Depths:2 | Identified the +11 broad axe of Otiq Wia {speed, Int+3}
 41322 | Depths:2 | Found a hazy altar of Hepliaklqana.
 41364 | Depths:2 | 41364 ||| INVOKING Heroism.
 41560 | Depths:2 | Found a faded altar of an unknown god.
 41563 | Depths:2 | 41563 ||| SWAPPING to +11 broad axe of Otiq Wia {speed,
                  | Int+3}.
 41564 | Depths:2 | 41564 ||| DROPPING +5 war axe of Unreason {holy, rPois
                  | rCorr Str-5 Dex+9}.
 41565 | Depths:2 | 41565 ||| DROPPING +3 vampiric war axe.
 41588 | Depths:2 | 41588 ||| Stepping ~*~*~tactically~*~*~ (hiding).
 41598 | Depths:2 | Noticed Bai Suzhen
 41614 | Depths:2 | 41614 ||| INVOKING Heroism.
 41625 | Depths:2 | Killed Bai Suzhen
 41626 | Depths:2 | 41626 ||| Stepping ~*~*~tactically~*~*~ (cloud).
 41690 | Depths:2 | 41690 ||| Stepping ~*~*~tactically~*~*~ (stealth).
 41691 | Depths:2 | 41691 ||| Stepping ~*~*~tactically~*~*~ (stealth).
 42013 | Depths:2 | 42013 ||| DROPPING +6 ring of dexterity.
 42066 | Depths:3 | 42066 ||| Stepping ~*~*~tactically~*~*~ (hiding).
 42068 | Depths:3 | 42068 ||| INVOKING Heroism.
 42195 | Depths:3 | 42195 ||| Stepping ~*~*~tactically~*~*~ (hiding).
 42196 | Depths:3 | 42196 ||| Stepping ~*~*~tactically~*~*~ (hiding).
 42199 | Depths:3 | 42199 ||| INVOKING Heroism.
 42201 | Depths:3 | Received a gift from Okawaru
 42305 | Depths:3 | 42305 ||| INVOKING Heroism.
 42504 | Depths:3 | 42504 ||| INVOKING Heroism.
 42546 | Depths:3 | Reached XP level 23. HP: 81/155 MP: 30/30
 42556 | Depths:3 | 42556 ||| INVOKING Heroism.
 42586 | Depths:3 | 42586 ||| INVOKING Finesse.
 42590 | Depths:3 | Received a gift from Okawaru
 42591 | Depths:3 | Noticed a golden dragon
 42592 | Depths:3 | 42592 ||| Stepping ~*~*~tactically~*~*~ (hiding).
 42594 | Depths:3 | 42594 ||| Stepping ~*~*~tactically~*~*~ (hiding).
 42604 | Depths:3 | Killed a golden dragon
 42620 | Depths:3 | 42620 ||| INVOKING Heroism.
 42626 | Depths:3 | 42626 ||| FLEEEEING.
 42627 | Depths:3 | 42627 ||| FLEEEEING.
 42628 | Depths:3 | 42628 ||| FLEEEEING.
 42629 | Depths:3 | 42629 ||| FLEEEEING.
 42632 | Depths:3 | 42632 ||| FLEEEEING.
 42633 | Depths:3 | 42633 ||| FLEEEEING.
 42634 | Depths:3 | 42634 ||| FLEEEEING.
 42635 | Depths:3 | 42635 ||| FLEEEEING.
 42636 | Depths:3 | 42636 ||| FLEEEEING.
 42637 | Depths:3 | 42637 ||| FLEEEEING.
 42638 | Depths:3 | 42638 ||| FLEEEEING.
 42639 | Depths:3 | 42639 ||| FLEEEEING.
 42640 | Depths:3 | 42640 ||| FLEEEEING.
 42641 | Depths:3 | 42641 ||| FLEEEEING.
 42642 | Depths:3 | 42642 ||| FLEEEEING.
 42643 | Depths:3 | 42643 ||| FLEEEEING.
 42645 | Depths:3 | 42645 ||| FLEEEEING.
 42646 | Depths:3 | 42646 ||| FLEEEEING.
 42647 | Depths:3 | 42647 ||| FLEEEEING.
 42648 | Depths:3 | 42648 ||| FLEEEEING.
 42649 | Depths:3 | 42649 ||| FLEEEEING.
 42650 | Depths:3 | 42650 ||| STAIRDANCE
 42877 | Depths:3 | 42877 ||| STAIRDANCE
 42879 | Depths:2 | 42879 ||| INVOKING Finesse.
 42918 | Depths:3 | 42918 ||| INVOKING Heroism.
 43053 | Depths:3 | Noticed a golden dragon
 43054 | Depths:3 | 43054 ||| INVOKING Heroism.
 43055 | Depths:3 | 43055 ||| INVOKING Finesse.
 43064 | Depths:3 | Killed a golden dragon
 43148 | Depths:3 | 43148 ||| INVOKING Heroism.
 43150 | Depths:3 | 43150 ||| INVOKING Finesse.
 43164 | Depths:3 | Received a gift from Okawaru
 43165 | Depths:3 | Reached skill level 18 in Axes
 43184 | Depths:3 | 43184 ||| Stepping ~*~*~tactically~*~*~ (stealth).
 43217 | Depths:3 | 43217 ||| Stepping ~*~*~tactically~*~*~ (hiding).
 43230 | Depths:3 | 43230 ||| INVOKING Heroism.
 43255 | Depths:3 | 43255 ||| INVOKING Finesse.
 43397 | Depths:3 | Identified the +6 long sword of Sequestration {vorpal, rC-
                  | Str+3 Int+6 Dex+4}
 43398 | Depths:3 | 43398 ||| Stepping ~*~*~tactically~*~*~ (stealth).
 43401 | Depths:3 | 43401 ||| Stepping ~*~*~tactically~*~*~ (hiding).
 43471 | Depths:3 | 43471 ||| DROPPING +2 pair of boots of stealth.
 43500 | Depths:4 | Entered Level 4 of the Depths
 43502 | Depths:4 | Noticed a caustic shrike
 43504 | Depths:4 | Noticed a caustic shrike
 43505 | Depths:4 | 43505 ||| INVOKING Heroism.
 43505 | Depths:4 | Noticed a caustic shrike
 43506 | Depths:4 | 43506 ||| INVOKING Finesse.
 43506 | Depths:4 | Noticed a caustic shrike
 43510 | Depths:4 | Noticed a caustic shrike
 43513 | Depths:4 | Killed a caustic shrike
 43514 | Depths:4 | Reached skill level 20 in Fighting
 43524 | Depths:4 | Killed a caustic shrike
 43532 | Depths:4 | Killed a caustic shrike
 43533 | Depths:4 | Killed a caustic shrike
 43538 | Depths:4 | Killed a caustic shrike
 43538 | Depths:4 | Received a gift from Okawaru
 43562 | Depths:4 | Reached skill level 21 in Shields
 43591 | Depths:4 | 43591 ||| FLEEEEING.
 43592 | Depths:4 | 43592 ||| STAIRDANCE
 43847 | Depths:4 | 43847 ||| INVOKING Heroism.
 43848 | Depths:4 | 43848 ||| INVOKING Finesse.
 43991 | Depths:4 | 43991 ||| INVOKING Heroism.
 44116 | Depths:4 | 44116 ||| Stepping ~*~*~tactically~*~*~ (stealth).
 44117 | Depths:4 | 44117 ||| Stepping ~*~*~tactically~*~*~ (stealth).
 44118 | Depths:4 | 44118 ||| Stepping ~*~*~tactically~*~*~ (stealth).
 44220 | Depths:4 | 44220 ||| Stepping ~*~*~tactically~*~*~ (hiding).
 44267 | Depths:4 | 44267 ||| Stepping ~*~*~tactically~*~*~ (stealth).
 44291 | Depths:4 | 44291 ||| INVOKING Heroism.
 44294 | Depths:4 | 44294 ||| INVOKING Finesse.
 44378 | Depths:4 | 44378 ||| Stepping ~*~*~tactically~*~*~ (stealth).
 44389 | Depths:4 | 44389 ||| INVOKING Heroism.
 44519 | Depths:4 | 44519 ||| Stepping ~*~*~tactically~*~*~ (stealth).
 44524 | Depths:4 | 44524 ||| Stepping ~*~*~tactically~*~*~ (stealth).
 44525 | Depths:4 | 44525 ||| Stepping ~*~*~tactically~*~*~ (stealth).
 44527 | Depths:4 | 44527 ||| Stepping ~*~*~tactically~*~*~ (stealth).
 44635 | Depths:4 | 44635 ||| Stepping ~*~*~tactically~*~*~ (hiding).
 44652 | Depths:4 | Reached skill level 21 in Fighting
 44674 | Depths:4 | Found a gate to the Realm of Zot.
 44675 | Depths:4 | 44675 ||| Stepping ~*~*~tactically~*~*~ (hiding).
 44686 | Depths:4 | 44686 ||| INVOKING Heroism.
 44988 | Depths:4 | 44988 ||| PLANNING VAULTS:5
 44988 | Depths:4 | 44988 ||| UPGRADING to +18 shield of the Gong {rElec rN+
                  | Will+ EV-5}.
 44998 | Depths:4 | 44998 ||| DROPPING +0 pair of gloves of infusion.
 45008 | Depths:4 | 45008 ||| Stepping ~*~*~tactically~*~*~ (stealth).
 45010 | Depths:4 | 45010 ||| Stepping ~*~*~tactically~*~*~ (hiding).
 45307 | Vaults:5 | Entered Level 5 of the Vaults
 45308 | Vaults:5 | 45308 ||| INVOKING Heroism.
 45309 | Vaults:5 | 45309 ||| STAIRDANCE
 45331 | Vaults:5 | 45331 ||| STAIRDANCE
 45350 | Vaults:4 | Reached skill level 12 in Throwing
 45377 | Vaults:5 | 45377 ||| STAIRDANCE
 45379 | Vaults:4 | 45379 ||| INVOKING Heroism.
 45395 | Vaults:4 | Received a gift from Okawaru
 45416 | Vaults:5 | Noticed a golden dragon
 45417 | Vaults:5 | 45417 ||| INVOKING Finesse.
 45418 | Vaults:5 | 45418 ||| INVOKING Heroism.
 45422 | Vaults:5 | Reached XP level 24. HP: 148/166 MP: 23/30
 45428 | Vaults:5 | 45428 ||| STAIRDANCE
 45433 | Vaults:4 | Received a gift from Okawaru
 45494 | Vaults:5 | 45494 ||| STAIRDANCE
 45496 | Vaults:4 | 45496 ||| INVOKING Heroism.
 45518 | Vaults:5 | Noticed an ancient lich
 45519 | Vaults:5 | 45519 ||| STAIRDANCE
 45525 | Vaults:4 | Reached skill level 22 in Fighting
 45556 | Vaults:5 | 45556 ||| STAIRDANCE
 45558 | Vaults:4 | 45558 ||| INVOKING Heroism.
 45562 | Vaults:4 | Identified the +2 cloak "Koegar" {Drain rF+++ Will+ SInv}
                  | (Okawaru gifted it to you on level 4 of the Vaults)
 45562 | Vaults:4 | Received a gift from Okawaru
 45566 | Vaults:4 | Reached skill level 6 in Dodging
 45638 | Vaults:4 | 45638 ||| UPGRADING to +2 cloak "Koegar" {Drain rF+++ Will+
                  | SInv}.
 45648 | Vaults:4 | 45648 ||| UPGRADING to +5 tower shield "Opryj" {Fly}.
 45658 | Vaults:4 | 45658 ||| DROPPING +1 cloak.
 45659 | Vaults:4 | 45659 ||| DROPPING +0 cloak "Ukhesul" {rN++ Str-4 Slay+2
                  | SInv}.
 45662 | Vaults:5 | Noticed an ancient lich
 45663 | Vaults:5 | 45663 ||| STAIRDANCE
 45665 | Vaults:4 | 45665 ||| INVOKING Heroism.
 45730 | Vaults:5 | Noticed Xtahua
 45731 | Vaults:5 | 45731 ||| STAIRDANCE
 45733 | Vaults:4 | 45733 ||| INVOKING Heroism.
 45734 | Vaults:4 | 45734 ||| INVOKING Finesse.
 45778 | Vaults:5 | 45778 ||| INVOKING Heroism.
 45779 | Vaults:5 | 45779 ||| INVOKING Finesse.
 45790 | Vaults:5 | 45790 ||| STAIRDANCE
 45792 | Vaults:5 | Killed Xtahua
 45806 | Vaults:5 | Killed an ancient lich
 45809 | Vaults:5 | Killed an ancient lich
 45815 | Vaults:5 | 45815 ||| INVOKING Heroism.
 45827 | Vaults:5 | HP: 34/168 [vault warden/+0 halberd (10)]
 45828 | Vaults:5 | 45828 ||| READING 7 scrolls of teleportation.
 45829 | Vaults:5 | 45829 ||| DRINKING 2 potions of heal wounds.
 45830 | Vaults:5 | 45830 ||| DRINKING potion of heal wounds.
 45872 | Vaults:5 | 45872 ||| INVOKING Heroism.
 46019 | Vaults:5 | 46019 ||| Stepping ~*~*~tactically~*~*~ (stealth).
 46024 | Vaults:5 | 46024 ||| INVOKING Heroism.
 46031 | Vaults:5 | 46031 ||| Stepping ~*~*~tactically~*~*~ (hiding).
 46033 | Vaults:5 | 46033 ||| Stepping ~*~*~tactically~*~*~ (hiding).
 46119 | Vaults:5 | Identified the amulet of the Augurer {Reflect Will+ Int+4
                  | SH+5}
 46120 | Vaults:5 | 46120 ||| INVOKING Heroism.
 46361 | Vaults:5 | 46361 ||| INVOKING Heroism.
 46361 | Vaults:5 | Identified the +4 hand axe of the Sea {vamp, Fragile rPois
                  | Int+3}
 46487 | Vaults:5 | 46487 ||| Stepping ~*~*~tactically~*~*~ (stealth).
 46488 | Vaults:5 | 46488 ||| Stepping ~*~*~tactically~*~*~ (stealth).
 46528 | Vaults:5 | Identified the ring of Enlau {Wiz Contam rF+++ rC+ rN++}
 46547 | Vaults:5 | Identified the +5 robe of the Pit {rN++ Str+2 Dex+6}
 46675 | Vaults:5 | Identified the +4 robe of Dybuwy {rF+}
 46721 | Vaults:5 | 46721 ||| Stepping ~*~*~tactically~*~*~ (stealth).
 46830 | Vaults:5 | 46830 ||| INVOKING Heroism.
 46847 | Vaults:5 | 46847 ||| Stepping ~*~*~tactically~*~*~ (hiding).
 46854 | Vaults:5 | 46854 ||| Stepping ~*~*~tactically~*~*~ (hiding).
 46855 | Vaults:5 | 46855 ||| Stepping ~*~*~tactically~*~*~ (hiding).
 46986 | Vaults:5 | Found Ipreunk's Book Boutique.
 46989 | Vaults:5 | Identified the +0 pair of boots of Ittik {Regen+ Dex+3}
 46997 | Vaults:5 | Identified the amulet "Rangonye" {Reflect Harm Dex-4 SH+5
                  | SInv Stlth+}
 47015 | Vaults:5 | Found the +8 mithril axe "Arga" {speed, Will+}
 47108 | Vaults:5 | 47108 ||| Stepping ~*~*~tactically~*~*~ (stealth).
 47109 | Vaults:5 | 47109 ||| Stepping ~*~*~tactically~*~*~ (stealth).
 47166 | Vaults:5 | Got a silver rune of Zot
 47388 | Vaults:5 | 47388 ||| PLANNING SHOPPING SPREE
 47388 | Vaults:5 | 47388 ||| UPGRADING to +0 pair of boots of Ittik {Regen+
                  | Dex+3}.
 47398 | Vaults:5 | 47398 ||| DROPPING +2 pair of boots of stealth.
 47399 | Vaults:5 | 47399 ||| DROPPING amulet of the acrobat.
 47819 | D:2      | 47819 ||| PLANNING ZOT
 48156 | Zot:1    | Entered Level 1 of the Realm of Zot
 48157 | Zot:1    | 48157 ||| Stepping ~*~*~tactically~*~*~ (hiding).
 48159 | Zot:1    | 48159 ||| INVOKING Heroism.
 48166 | Zot:1    | Received a gift from Okawaru
 48212 | Zot:1    | 48212 ||| INVOKING Heroism.
 48650 | Zot:1    | 48650 ||| Stepping ~*~*~tactically~*~*~ (hiding).
 48653 | Zot:1    | 48653 ||| INVOKING Heroism.
 48664 | Zot:1    | 48664 ||| Stepping ~*~*~tactically~*~*~ (hiding).
 48672 | Zot:1    | Reached XP level 25. HP: 138/175 MP: 30/30
 48679 | Zot:1    | Received a gift from Okawaru
 48680 | Zot:1    | 48680 ||| Stepping ~*~*~tactically~*~*~ (hiding).
 48735 | Zot:1    | 48735 ||| DRINKING 2 potions of resistance.
 48736 | Zot:1    | 48736 ||| INVOKING Heroism.
 48737 | Zot:1    | 48737 ||| INVOKING Finesse.
 48812 | Zot:1    | 48812 ||| INVOKING Heroism.
 48826 | Zot:1    | Reached skill level 23 in Fighting
 48864 | Zot:1    | 48864 ||| Stepping ~*~*~tactically~*~*~ (hiding).
 48865 | Zot:1    | 48865 ||| Stepping ~*~*~tactically~*~*~ (hiding).
 48870 | Zot:1    | 48870 ||| Stepping ~*~*~tactically~*~*~ (hiding).
 48985 | Zot:1    | Identified the +0 chain mail "Kocwoh" {Stlth+}
 49051 | Zot:1    | 49051 ||| INVOKING Heroism.
 49224 | Zot:1    | 49224 ||| INVOKING Heroism.
 49225 | Zot:1    | 49225 ||| INVOKING Finesse.
 49264 | Zot:1    | 49264 ||| DRINKING 2 potions of cancellation.
 49290 | Zot:1    | 49290 ||| INVOKING Heroism.
 49481 | Zot:1    | 49481 ||| DROPPING +6 ring of strength.
 49585 | Zot:2    | Found Loulopt's CLEARANCE SALE!.
 49604 | Zot:2    | 49604 ||| INVOKING Heroism.
 49647 | Zot:2    | 49647 ||| Stepping ~*~*~tactically~*~*~ (hiding).
 49668 | Zot:2    | 49668 ||| BUYING scroll of enchant weapon (30 gold).
 49668 | Zot:2    | Bought a scroll of enchant weapon for 30 gold pieces
 49682 | Zot:2    | 49682 ||| Stepping ~*~*~tactically~*~*~ (hiding).
 49684 | Zot:2    | 49684 ||| Stepping ~*~*~tactically~*~*~ (hiding).
 49686 | Zot:2    | 49686 ||| INVOKING Heroism.
 49765 | Zot:2    | Identified the ring of Jiskef {*Corrode rF++ EV+4 Dex+4}
 50014 | Zot:2    | 50014 ||| DROPPING ring of fire.
 50031 | Zot:3    | 50031 ||| STAIRDANCE
 50134 | Zot:2    | 50134 ||| DROPPING 29 boomerangs.
 50135 | Zot:2    | 50135 ||| DROPPING 6 boomerangs of dispersal.
 50136 | Zot:2    | 50136 ||| DROPPING 3 silver boomerangs.
 50201 | Zot:3    | 50201 ||| INVOKING Heroism.
 50258 | Zot:3    | Reached skill level 24 in Fighting
 50271 | Zot:3    | You are sucked into a shaft and drop 1 floor!
 50277 | Zot:4    | Noticed a Killer Klown
 50278 | Zot:4    | 50278 ||| Stepping ~*~*~tactically~*~*~ (stealth).
 50282 | Zot:4    | 50282 ||| Stepping ~*~*~tactically~*~*~ (hiding).
 50284 | Zot:4    | 50284 ||| INVOKING Heroism.
 50286 | Zot:4    | 50286 ||| INVOKING Finesse.
 50294 | Zot:4    | Received a gift from Okawaru
 50308 | Zot:4    | Killed a Killer Klown
 50513 | Zot:3    | 50513 ||| INVOKING Heroism.
 50750 | Zot:3    | 50750 ||| Stepping ~*~*~tactically~*~*~ (hiding).
 50832 | Zot:3    | 50832 ||| INVOKING Heroism.
 51003 | Zot:3    | 51003 ||| DROPPING boomerang.
 51081 | Zot:4    | Received a gift from Okawaru
 51116 | Zot:4    | 51116 ||| Stepping ~*~*~tactically~*~*~ (hiding).
 51317 | Zot:4    | 51317 ||| Stepping ~*~*~tactically~*~*~ (stealth).
 51322 | Zot:4    | 51322 ||| INVOKING Heroism.
 51478 | Zot:4    | 51478 ||| INVOKING Heroism.
 51487 | Zot:4    | Received a gift from Okawaru
 51500 | Zot:4    | Reached skill level 25 in Fighting
 51715 | Zot:4    | 51715 ||| DROPPING ring of resist corrosion.
 51748 | Zot:5    | Entered Level 5 of the Realm of Zot
 51835 | Zot:5    | 51835 ||| INVOKING Heroism.
 51934 | Zot:5    | 51934 ||| Stepping ~*~*~tactically~*~*~ (hiding).
 52009 | Zot:5    | 52009 ||| Stepping ~*~*~tactically~*~*~ (hiding).
 52013 | Zot:5    | 52013 ||| INVOKING Heroism.
 52039 | Zot:5    | Received a gift from Okawaru
 52040 | Zot:5    | Reached skill level 9 in Dodging
 52047 | Zot:5    | 52047 ||| Stepping ~*~*~tactically~*~*~ (stealth).
 52065 | Zot:5    | Received a gift from Okawaru
 52161 | Zot:5    | Noticed an ancient lich
 52162 | Zot:5    | 52162 ||| Stepping ~*~*~tactically~*~*~ (hiding).
 52203 | Zot:5    | 52203 ||| Stepping ~*~*~tactically~*~*~ (stealth).
 52232 | Zot:5    | Noticed an orb of fire
 52233 | Zot:5    | 52233 ||| INVOKING Heroism.
 52234 | Zot:5    | 52234 ||| INVOKING Finesse.
 52243 | Zot:5    | Killed an orb of fire
 52249 | Zot:5    | Noticed an orb of fire
 52266 | Zot:5    | Noticed a dread lich
 52271 | Zot:5    | Noticed an orb of fire
 52271 | Zot:5    | Killed an orb of fire
 52272 | Zot:5    | Reached XP level 26. HP: 189/189 MP: 25/30
 52273 | Zot:5    | Noticed an orb of fire
 52279 | Zot:5    | Killed a dread lich
 52289 | Zot:5    | Gained mutation: You have hidden genetic defects. [an orb
                  | of fire]
 52295 | Zot:5    | Killed an orb of fire
 52301 | Zot:5    | Noticed a Killer Klown
 52315 | Zot:5    | Killed an orb of fire
 52316 | Zot:5    | Reached skill level 26 in Fighting
 52345 | Zot:5    | Killed a Killer Klown
 52406 | Zot:5    | 52406 ||| INVOKING Heroism.
 52415 | Zot:5    | Received a gift from Okawaru
 52426 | Zot:5    | Noticed a Killer Klown
 52427 | Zot:5    | 52427 ||| INVOKING Finesse.
 52435 | Zot:5    | Received a gift from Okawaru
 52443 | Zot:5    | Killed a Killer Klown
 52443 | Zot:5    | Noticed an orb of fire
 52445 | Zot:5    | Gained mutation: Your body sometimes deteriorates upon
                  | taking damage. [hidden defects]
 52452 | Zot:5    | Noticed an orb of fire
 52468 | Zot:5    | Gained mutation: Your mind is acute. (Int +4, Str/Dex -1)
                  | [an orb of fire]
 52488 | Zot:5    | Killed an orb of fire
 52488 | Zot:5    | Received a gift from Okawaru
 52497 | Zot:5    | Killed an orb of fire
 52522 | Zot:5    | Received a gift from Okawaru
 52524 | Zot:5    | HP: 43/192 [black draconian knight/bolt of lightning[a
                  | yellow draconian annihilator] (9)]
 52525 | Zot:5    | 52525 ||| READING 7 scrolls of teleportation.
 52526 | Zot:5    | 52526 ||| DRINKING 3 potions of heal wounds.
 52532 | Zot:5    | Killed an ancient lich
 52533 | Zot:5    | Reached skill level 27 in Fighting
 52536 | Zot:5    | Identified the +5 ring mail of Teops {Str+3 Dex+4} (Okawaru
                  | gifted it to you on level 5 of the Realm of Zot)
 52536 | Zot:5    | Received a gift from Okawaru
 52540 | Zot:5    | Reached ****** piety under Okawaru
 52700 | Zot:5    | Identified the +1 robe "Urodaq" {rC+ Regen+ Str+3 Int-3}
 52743 | Zot:5    | Noticed an orb of fire
 52744 | Zot:5    | 52744 ||| INVOKING Heroism.
 52744 | Zot:5    | Lost mutation: Your mind is acute. (Int +4, Str/Dex -1) [an
                  | orb of fire]
 52745 | Zot:5    | 52745 ||| INVOKING Finesse.
 52749 | Zot:5    | Noticed a dread lich
 52761 | Zot:5    | Killed an orb of fire
 52771 | Zot:5    | Killed a dread lich
 52777 | Zot:5    | Gained mutation: Potions are less effective at restoring
                  | your health. [hidden defects]
 52777 | Zot:5    | Lost mutation: You have hidden genetic defects. [hidden
                  | defects expressed]
 52781 | Zot:5    | 52781 ||| DRINKING 7 potions of mutation.
 52781 | Zot:5    | Lost mutation: You are strong-willed. (Will+) [potion of
                  | mutation]
 52781 | Zot:5    | Lost mutation: You have a pair of small antennae on your
                  | head. [potion of mutation]
 52781 | Zot:5    | Lost mutation: Potions are less effective at restoring your
                  | health. [potion of mutation]
 52781 | Zot:5    | Gained mutation: You have sharp toenails. [potion of
                  | mutation]
 52782 | Zot:5    | 52782 ||| SWAPPING to +8 mithril axe "Arga" {speed, Will+}.
 52849 | Zot:5    | 52849 ||| INVOKING Heroism.
 52955 | Zot:5    | 52955 ||| Stepping ~*~*~tactically~*~*~ (hiding).
 52975 | Zot:5    | 52975 ||| INVOKING Heroism.
 53077 | Zot:5    | 53077 ||| Stepping ~*~*~tactically~*~*~ (stealth).
 53260 | Zot:5    | 53260 ||| PLANNING CONVERSION TO THE SHINING ONE
 53260 | Zot:5    | 53260 ||| READING 6 scrolls of teleportation.
 53272 | Zot:5    | 53272 ||| READING 5 scrolls of teleportation.
 53285 | Zot:5    | 53285 ||| READING 4 scrolls of teleportation.
 53294 | Zot:5    | 53294 ||| READING 3 scrolls of teleportation.
 53306 | Zot:5    | 53306 ||| READING 2 scrolls of teleportation.
 53318 | Zot:5    | 53318 ||| READING scroll of teleportation.
 53331 | Zot:5    | 53331 ||| Stepping randomly (stuck).
 53332 | Zot:5    | 53332 ||| Stepping randomly (stuck).
 53333 | Zot:5    | 53333 ||| Stepping randomly (stuck).
 53334 | Zot:5    | 53334 ||| Stepping randomly (stuck).
 53335 | Zot:5    | 53335 ||| Stepping randomly (stuck).
 53336 | Zot:5    | 53336 ||| Stepping randomly (stuck).
 53337 | Zot:5    | 53337 ||| Stepping randomly (stuck).
 53338 | Zot:5    | 53338 ||| Stepping randomly (stuck).
 53339 | Zot:5    | 53339 ||| Stepping randomly (stuck).
 53340 | Zot:5    | 53340 ||| Stepping randomly (stuck).
 53341 | Zot:5    | 53341 ||| Stepping randomly (stuck).
 53342 | Zot:5    | 53342 ||| Stepping randomly (stuck).
 53343 | Zot:5    | 53343 ||| Stepping randomly (stuck).
 53344 | Zot:5    | 53344 ||| Stepping randomly (stuck).
 53345 | Zot:5    | 53345 ||| Stepping randomly (stuck).
 53346 | Zot:5    | 53346 ||| Stepping randomly (stuck).
 53347 | Zot:5    | 53347 ||| Stepping randomly (stuck).
 53348 | Zot:5    | 53348 ||| Stepping randomly (stuck).
 53349 | Zot:5    | 53349 ||| Stepping randomly (stuck).
 53350 | Zot:5    | 53350 ||| Stepping randomly (stuck).
 53351 | Zot:5    | 53351 ||| Stepping randomly (stuck).
 53352 | Zot:5    | 53352 ||| Stepping randomly (stuck).
 53353 | Zot:5    | 53353 ||| Stepping randomly (stuck).
 53354 | Zot:5    | 53354 ||| Stepping randomly (stuck).
 53355 | Zot:5    | 53355 ||| Stepping randomly (stuck).
 53356 | Zot:5    | 53356 ||| Stepping randomly (stuck).
 53357 | Zot:5    | 53357 ||| Stepping randomly (stuck).
 53358 | Zot:5    | 53358 ||| Stepping randomly (stuck).
 53359 | Zot:5    | 53359 ||| Stepping randomly (stuck).
 53360 | Zot:5    | 53360 ||| Stepping randomly (stuck).
 53361 | Zot:5    | 53361 ||| Stepping randomly (stuck).
 53362 | Zot:5    | 53362 ||| Stepping randomly (stuck).
 53363 | Zot:5    | 53363 ||| Stepping randomly (stuck).
 53364 | Zot:5    | 53364 ||| Stepping randomly (stuck).
 53365 | Zot:5    | 53365 ||| Stepping randomly (stuck).
 53366 | Zot:5    | 53366 ||| Stepping randomly (stuck).
 53367 | Zot:5    | 53367 ||| Stepping randomly (stuck).
 53368 | Zot:5    | 53368 ||| Stepping randomly (stuck).
 53369 | Zot:5    | 53369 ||| Stepping randomly (stuck).
 53370 | Zot:5    | 53370 ||| Stepping randomly (stuck).
 53371 | Zot:5    | 53371 ||| Stepping randomly (stuck).
 53372 | Zot:5    | 53372 ||| Stepping randomly (stuck).
 53373 | Zot:5    | 53373 ||| Stepping randomly (stuck).
 53374 | Zot:5    | 53374 ||| Stepping randomly (stuck).
 53375 | Zot:5    | 53375 ||| Stepping randomly (stuck).
 53376 | Zot:5    | 53376 ||| Stepping randomly (stuck).
 53377 | Zot:5    | 53377 ||| Stepping randomly (stuck).
 53378 | Zot:5    | 53378 ||| Stepping randomly (stuck).
 53379 | Zot:5    | 53379 ||| Stepping randomly (stuck).
 53380 | Zot:5    | 53380 ||| Stepping randomly (stuck).
 53381 | Zot:5    | 53381 ||| Stepping randomly (stuck).
 53382 | Zot:5    | 53382 ||| Stepping randomly (stuck).
 53383 | Zot:5    | 53383 ||| Stepping randomly (stuck).
 53384 | Zot:5    | 53384 ||| Stepping randomly (stuck).
 53385 | Zot:5    | 53385 ||| Stepping randomly (stuck).
 53386 | Zot:5    | 53386 ||| Stepping randomly (stuck).
 53387 | Zot:5    | 53387 ||| Stepping randomly (stuck).
 53388 | Zot:5    | 53388 ||| Stepping randomly (stuck).
 53389 | Zot:5    | 53389 ||| Stepping randomly (stuck).
 53390 | Zot:5    | 53390 ||| Stepping randomly (stuck).
 53391 | Zot:5    | 53391 ||| Stepping randomly (stuck).
 53392 | Zot:5    | 53392 ||| Stepping randomly (stuck).
 53393 | Zot:5    | 53393 ||| Stepping randomly (stuck).
 53394 | Zot:5    | 53394 ||| Stepping randomly (stuck).
 53395 | Zot:5    | 53395 ||| Stepping randomly (stuck).
 53396 | Zot:5    | 53396 ||| Stepping randomly (stuck).
 53397 | Zot:5    | 53397 ||| Stepping randomly (stuck).
 53398 | Zot:5    | 53398 ||| Stepping randomly (stuck).
 53399 | Zot:5    | 53399 ||| Stepping randomly (stuck).
 53400 | Zot:5    | 53400 ||| Stepping randomly (stuck).
 53401 | Zot:5    | 53401 ||| Stepping randomly (stuck).
 53402 | Zot:5    | 53402 ||| Stepping randomly (stuck).
 53403 | Zot:5    | 53403 ||| Stepping randomly (stuck).
 53404 | Zot:5    | 53404 ||| Stepping randomly (stuck).
 53405 | Zot:5    | 53405 ||| Stepping randomly (stuck).
 53406 | Zot:5    | 53406 ||| Stepping randomly (stuck).
 53407 | Zot:5    | 53407 ||| Stepping randomly (stuck).
 53408 | Zot:5    | 53408 ||| Stepping randomly (stuck).
 53409 | Zot:5    | 53409 ||| Stepping randomly (stuck).
 53410 | Zot:5    | 53410 ||| Stepping randomly (stuck).
 53411 | Zot:5    | 53411 ||| Stepping randomly (stuck).
 53412 | Zot:5    | 53412 ||| Stepping randomly (stuck).
 53413 | Zot:5    | 53413 ||| Stepping randomly (stuck).
 53414 | Zot:5    | 53414 ||| Stepping randomly (stuck).
 53415 | Zot:5    | 53415 ||| Stepping randomly (stuck).
 53416 | Zot:5    | 53416 ||| Stepping randomly (stuck).
 53417 | Zot:5    | 53417 ||| Stepping randomly (stuck).
 53417 | Zot:5    | Noticed a dread lich
 53418 | Zot:5    | 53418 ||| INVOKING Heroism.
 53419 | Zot:5    | 53419 ||| INVOKING Finesse.
 53431 | Zot:5    | Killed a dread lich
 53467 | Zot:5    | 53467 ||| Stepping randomly (stuck).
 53468 | Zot:5    | 53468 ||| Stepping randomly (stuck).
 53469 | Zot:5    | 53469 ||| Stepping randomly (stuck).
 53470 | Zot:5    | 53470 ||| Stepping randomly (stuck).
 53471 | Zot:5    | 53471 ||| Stepping randomly (stuck).
 53472 | Zot:5    | 53472 ||| Stepping randomly (stuck).
 53473 | Zot:5    | 53473 ||| Stepping randomly (stuck).
 53474 | Zot:5    | 53474 ||| Stepping randomly (stuck).
 53475 | Zot:5    | 53475 ||| Stepping randomly (stuck).
 53476 | Zot:5    | 53476 ||| Stepping randomly (stuck).
 53477 | Zot:5    | 53477 ||| Stepping randomly (stuck).
 53478 | Zot:5    | 53478 ||| Stepping randomly (stuck).
 53479 | Zot:5    | 53479 ||| Stepping randomly (stuck).
 53480 | Zot:5    | 53480 ||| Stepping randomly (stuck).
 53481 | Zot:5    | 53481 ||| Stepping randomly (stuck).
 53482 | Zot:5    | 53482 ||| Stepping randomly (stuck).
 53483 | Zot:5    | 53483 ||| Stepping randomly (stuck).
 53484 | Zot:5    | 53484 ||| Stepping randomly (stuck).
 53485 | Zot:5    | 53485 ||| Stepping randomly (stuck).
 53486 | Zot:5    | 53486 ||| Stepping randomly (stuck).
 53487 | Zot:5    | 53487 ||| Stepping randomly (stuck).
 53488 | Zot:5    | 53488 ||| Stepping randomly (stuck).
 53489 | Zot:5    | 53489 ||| Stepping randomly (stuck).
 53490 | Zot:5    | 53490 ||| Stepping randomly (stuck).
 53491 | Zot:5    | 53491 ||| Stepping randomly (stuck).
 53492 | Zot:5    | 53492 ||| Stepping randomly (stuck).
 53493 | Zot:5    | 53493 ||| Stepping randomly (stuck).
 53494 | Zot:5    | 53494 ||| Stepping randomly (stuck).
 53495 | Zot:5    | 53495 ||| Stepping randomly (stuck).
 53496 | Zot:5    | 53496 ||| Stepping randomly (stuck).
 53497 | Zot:5    | 53497 ||| Stepping randomly (stuck).
 53498 | Zot:5    | 53498 ||| Stepping randomly (stuck).
 53499 | Zot:5    | 53499 ||| Stepping randomly (stuck).
 53500 | Zot:5    | 53500 ||| Stepping randomly (stuck).
 53501 | Zot:5    | 53501 ||| Stepping randomly (stuck).
 53502 | Zot:5    | 53502 ||| Stepping randomly (stuck).
 53503 | Zot:5    | 53503 ||| Stepping randomly (stuck).
 53504 | Zot:5    | 53504 ||| Stepping randomly (stuck).
 53505 | Zot:5    | 53505 ||| Stepping randomly (stuck).
 53506 | Zot:5    | 53506 ||| Stepping randomly (stuck).
 53507 | Zot:5    | 53507 ||| Stepping randomly (stuck).
 53508 | Zot:5    | 53508 ||| Stepping randomly (stuck).
 53509 | Zot:5    | 53509 ||| Stepping randomly (stuck).
 53510 | Zot:5    | 53510 ||| Stepping randomly (stuck).
 53511 | Zot:5    | 53511 ||| Stepping randomly (stuck).
 53512 | Zot:5    | 53512 ||| Stepping randomly (stuck).
 53513 | Zot:5    | 53513 ||| Stepping randomly (stuck).
 53514 | Zot:5    | 53514 ||| Stepping randomly (stuck).
 53515 | Zot:5    | 53515 ||| Stepping randomly (stuck).
 53516 | Zot:5    | 53516 ||| Stepping randomly (stuck).
 53517 | Zot:5    | 53517 ||| Stepping randomly (stuck).
 53518 | Zot:5    | 53518 ||| Stepping randomly (stuck).
 53519 | Zot:5    | 53519 ||| Stepping randomly (stuck).
 53520 | Zot:5    | 53520 ||| Stepping randomly (stuck).
 53521 | Zot:5    | 53521 ||| Stepping randomly (stuck).
 53522 | Zot:5    | 53522 ||| Stepping randomly (stuck).
 53523 | Zot:5    | 53523 ||| Stepping randomly (stuck).
 53524 | Zot:5    | 53524 ||| Stepping randomly (stuck).
 53525 | Zot:5    | 53525 ||| Stepping randomly (stuck).
 53526 | Zot:5    | 53526 ||| Stepping randomly (stuck).
 53527 | Zot:5    | 53527 ||| Stepping randomly (stuck).
 53528 | Zot:5    | 53528 ||| Stepping randomly (stuck).
 53529 | Zot:5    | 53529 ||| Stepping randomly (stuck).
 53530 | Zot:5    | 53530 ||| Stepping randomly (stuck).
 53531 | Zot:5    | 53531 ||| Stepping randomly (stuck).
 53532 | Zot:5    | 53532 ||| Stepping randomly (stuck).
 53533 | Zot:5    | 53533 ||| Stepping randomly (stuck).
 53534 | Zot:5    | 53534 ||| Stepping randomly (stuck).
 53535 | Zot:5    | 53535 ||| Stepping randomly (stuck).
 53536 | Zot:5    | 53536 ||| Stepping randomly (stuck).
 53537 | Zot:5    | 53537 ||| Stepping randomly (stuck).
 53538 | Zot:5    | 53538 ||| Stepping randomly (stuck).
 53539 | Zot:5    | 53539 ||| Stepping randomly (stuck).
 53540 | Zot:5    | 53540 ||| Stepping randomly (stuck).
 53541 | Zot:5    | 53541 ||| Stepping randomly (stuck).
 53542 | Zot:5    | 53542 ||| Stepping randomly (stuck).
 53543 | Zot:5    | 53543 ||| Stepping randomly (stuck).
 53544 | Zot:5    | 53544 ||| Stepping randomly (stuck).
 53545 | Zot:5    | 53545 ||| Stepping randomly (stuck).
 53546 | Zot:5    | 53546 ||| Stepping randomly (stuck).
 53547 | Zot:5    | 53547 ||| Stepping randomly (stuck).
 53548 | Zot:5    | 53548 ||| Stepping randomly (stuck).
 53549 | Zot:5    | 53549 ||| Stepping randomly (stuck).
 53550 | Zot:5    | 53550 ||| Stepping randomly (stuck).
 53551 | Zot:5    | 53551 ||| Stepping randomly (stuck).
 53552 | Zot:5    | 53552 ||| Stepping randomly (stuck).
 53553 | Zot:5    | 53553 ||| Stepping randomly (stuck).
 53554 | Zot:5    | 53554 ||| Stepping randomly (stuck).
 53555 | Zot:5    | 53555 ||| Stepping randomly (stuck).
 53556 | Zot:5    | 53556 ||| Stepping randomly (stuck).
 53557 | Zot:5    | 53557 ||| Stepping randomly (stuck).
 53558 | Zot:5    | 53558 ||| Stepping randomly (stuck).
 53559 | Zot:5    | 53559 ||| Stepping randomly (stuck).
 53560 | Zot:5    | 53560 ||| Stepping randomly (stuck).
 53561 | Zot:5    | 53561 ||| Stepping randomly (stuck).
 53562 | Zot:5    | 53562 ||| Stepping randomly (stuck).
 53563 | Zot:5    | 53563 ||| Stepping randomly (stuck).
 53564 | Zot:5    | 53564 ||| Stepping randomly (stuck).
 53565 | Zot:5    | 53565 ||| Stepping randomly (stuck).
 53566 | Zot:5    | 53566 ||| Stepping randomly (stuck).
 53567 | Zot:5    | 53567 ||| Stepping randomly (stuck).
 53568 | Zot:5    | 53568 ||| Stepping randomly (stuck).
 53569 | Zot:5    | 53569 ||| Stepping randomly (stuck).
 53570 | Zot:5    | 53570 ||| Stepping randomly (stuck).
 53571 | Zot:5    | 53571 ||| Stepping randomly (stuck).
 53572 | Zot:5    | 53572 ||| Stepping randomly (stuck).
 53573 | Zot:5    | 53573 ||| Stepping randomly (stuck).
 53574 | Zot:5    | 53574 ||| Stepping randomly (stuck).
 53575 | Zot:5    | 53575 ||| Stepping randomly (stuck).
 53576 | Zot:5    | 53576 ||| Stepping randomly (stuck).
 53577 | Zot:5    | 53577 ||| Stepping randomly (stuck).
 53578 | Zot:5    | 53578 ||| Stepping randomly (stuck).
 53579 | Zot:5    | 53579 ||| Stepping randomly (stuck).
 53580 | Zot:5    | 53580 ||| Stepping randomly (stuck).
 53581 | Zot:5    | 53581 ||| Stepping randomly (stuck).
 53582 | Zot:5    | 53582 ||| Stepping randomly (stuck).
 53583 | Zot:5    | 53583 ||| Stepping randomly (stuck).
 53584 | Zot:5    | 53584 ||| Stepping randomly (stuck).
 53585 | Zot:5    | 53585 ||| Stepping randomly (stuck).
 53586 | Zot:5    | 53586 ||| Stepping randomly (stuck).
 53587 | Zot:5    | 53587 ||| Stepping randomly (stuck).
 53588 | Zot:5    | 53588 ||| Stepping randomly (stuck).
 53589 | Zot:5    | 53589 ||| Stepping randomly (stuck).
 53590 | Zot:5    | 53590 ||| Stepping randomly (stuck).
 53591 | Zot:5    | 53591 ||| Stepping randomly (stuck).
 53592 | Zot:5    | 53592 ||| Stepping randomly (stuck).
 53593 | Zot:5    | 53593 ||| Stepping randomly (stuck).
 53594 | Zot:5    | 53594 ||| Stepping randomly (stuck).
 53595 | Zot:5    | 53595 ||| Stepping randomly (stuck).
 53596 | Zot:5    | 53596 ||| Stepping randomly (stuck).
 53597 | Zot:5    | 53597 ||| Stepping randomly (stuck).
 53598 | Zot:5    | 53598 ||| Stepping randomly (stuck).
 53599 | Zot:5    | 53599 ||| Stepping randomly (stuck).
 53600 | Zot:5    | 53600 ||| Stepping randomly (stuck).
 53601 | Zot:5    | 53601 ||| Stepping randomly (stuck).
 53602 | Zot:5    | 53602 ||| Stepping randomly (stuck).
 53603 | Zot:5    | 53603 ||| Stepping randomly (stuck).
 53604 | Zot:5    | 53604 ||| Stepping randomly (stuck).
 53605 | Zot:5    | 53605 ||| Stepping randomly (stuck).
 53606 | Zot:5    | 53606 ||| Stepping randomly (stuck).
 53607 | Zot:5    | 53607 ||| Stepping randomly (stuck).
 53608 | Zot:5    | 53608 ||| Stepping randomly (stuck).
 53609 | Zot:5    | 53609 ||| Stepping randomly (stuck).
 53610 | Zot:5    | 53610 ||| Stepping randomly (stuck).
 53611 | Zot:5    | 53611 ||| Stepping randomly (stuck).
 53612 | Zot:5    | 53612 ||| Stepping randomly (stuck).
 53613 | Zot:5    | 53613 ||| Stepping randomly (stuck).
 53614 | Zot:5    | 53614 ||| Stepping randomly (stuck).
 53615 | Zot:5    | 53615 ||| Stepping randomly (stuck).
 53616 | Zot:5    | 53616 ||| Stepping randomly (stuck).
 53617 | Zot:5    | 53617 ||| Stepping randomly (stuck).
 53618 | Zot:5    | 53618 ||| Stepping randomly (stuck).
 53619 | Zot:5    | 53619 ||| Stepping randomly (stuck).
 53620 | Zot:5    | 53620 ||| Stepping randomly (stuck).
 53621 | Zot:5    | 53621 ||| Stepping randomly (stuck).
 53622 | Zot:5    | 53622 ||| Stepping randomly (stuck).
 53623 | Zot:5    | 53623 ||| Stepping randomly (stuck).
 53624 | Zot:5    | 53624 ||| Stepping randomly (stuck).
 53625 | Zot:5    | 53625 ||| Stepping randomly (stuck).
 53626 | Zot:5    | 53626 ||| Stepping randomly (stuck).
 53627 | Zot:5    | 53627 ||| Stepping randomly (stuck).
 53628 | Zot:5    | 53628 ||| Stepping randomly (stuck).
 53629 | Zot:5    | 53629 ||| Stepping randomly (stuck).
 53630 | Zot:5    | 53630 ||| Stepping randomly (stuck).
 53631 | Zot:5    | 53631 ||| Stepping randomly (stuck).
 53632 | Zot:5    | 53632 ||| Stepping randomly (stuck).
 53633 | Zot:5    | 53633 ||| Stepping randomly (stuck).
 53634 | Zot:5    | 53634 ||| Stepping randomly (stuck).
 53635 | Zot:5    | 53635 ||| Stepping randomly (stuck).
 53636 | Zot:5    | 53636 ||| Stepping randomly (stuck).
 53637 | Zot:5    | 53637 ||| Stepping randomly (stuck).
 53638 | Zot:5    | 53638 ||| Stepping randomly (stuck).
 53639 | Zot:5    | 53639 ||| Stepping randomly (stuck).
 53640 | Zot:5    | 53640 ||| Stepping randomly (stuck).
 53641 | Zot:5    | 53641 ||| Stepping randomly (stuck).
 53642 | Zot:5    | 53642 ||| Stepping randomly (stuck).
 53643 | Zot:5    | 53643 ||| Stepping randomly (stuck).
 53644 | Zot:5    | 53644 ||| Stepping randomly (stuck).
 53645 | Zot:5    | 53645 ||| Stepping randomly (stuck).
 53646 | Zot:5    | 53646 ||| Stepping randomly (stuck).
 53647 | Zot:5    | 53647 ||| Stepping randomly (stuck).
 53648 | Zot:5    | 53648 ||| Stepping randomly (stuck).
 53649 | Zot:5    | 53649 ||| Stepping randomly (stuck).
 53650 | Zot:5    | 53650 ||| Stepping randomly (stuck).
 53651 | Zot:5    | 53651 ||| Stepping randomly (stuck).
 53652 | Zot:5    | 53652 ||| Stepping randomly (stuck).
 53653 | Zot:5    | 53653 ||| Stepping randomly (stuck).
 53654 | Zot:5    | 53654 ||| Stepping randomly (stuck).
 53655 | Zot:5    | 53655 ||| Stepping randomly (stuck).
 53656 | Zot:5    | 53656 ||| Stepping randomly (stuck).
 53657 | Zot:5    | 53657 ||| Stepping randomly (stuck).
 53658 | Zot:5    | 53658 ||| Stepping randomly (stuck).
 53659 | Zot:5    | 53659 ||| Stepping randomly (stuck).
 53660 | Zot:5    | 53660 ||| Stepping randomly (stuck).
 53661 | Zot:5    | 53661 ||| Stepping randomly (stuck).
 53662 | Zot:5    | 53662 ||| Stepping randomly (stuck).
 53663 | Zot:5    | 53663 ||| Stepping randomly (stuck).
 53664 | Zot:5    | 53664 ||| Stepping randomly (stuck).
 53665 | Zot:5    | 53665 ||| Stepping randomly (stuck).
 53666 | Zot:5    | 53666 ||| Stepping randomly (stuck).
 53667 | Zot:5    | 53667 ||| Stepping randomly (stuck).
 53668 | Zot:5    | 53668 ||| Stepping randomly (stuck).
 53669 | Zot:5    | 53669 ||| Stepping randomly (stuck).
 53670 | Zot:5    | 53670 ||| Stepping randomly (stuck).
 53671 | Zot:5    | 53671 ||| Stepping randomly (stuck).
 53672 | Zot:5    | 53672 ||| Stepping randomly (stuck).
 53673 | Zot:5    | 53673 ||| Stepping randomly (stuck).
 53674 | Zot:5    | 53674 ||| Stepping randomly (stuck).
 53675 | Zot:5    | 53675 ||| Stepping randomly (stuck).
 53676 | Zot:5    | 53676 ||| Stepping randomly (stuck).
 53677 | Zot:5    | 53677 ||| Stepping randomly (stuck).
 53678 | Zot:5    | 53678 ||| Stepping randomly (stuck).
 53679 | Zot:5    | 53679 ||| Stepping randomly (stuck).
 53680 | Zot:5    | 53680 ||| Stepping randomly (stuck).
 53681 | Zot:5    | 53681 ||| Stepping randomly (stuck).
 53682 | Zot:5    | 53682 ||| Stepping randomly (stuck).
 53683 | Zot:5    | 53683 ||| Stepping randomly (stuck).
 53684 | Zot:5    | 53684 ||| Stepping randomly (stuck).
 53685 | Zot:5    | 53685 ||| Stepping randomly (stuck).
 53686 | Zot:5    | 53686 ||| Stepping randomly (stuck).
 53687 | Zot:5    | 53687 ||| Stepping randomly (stuck).
 53688 | Zot:5    | 53688 ||| Stepping randomly (stuck).
 53689 | Zot:5    | 53689 ||| Stepping randomly (stuck).
 53690 | Zot:5    | 53690 ||| Stepping randomly (stuck).
 53691 | Zot:5    | 53691 ||| Stepping randomly (stuck).
 53692 | Zot:5    | 53692 ||| Stepping randomly (stuck).
 53693 | Zot:5    | 53693 ||| Stepping randomly (stuck).
 53694 | Zot:5    | 53694 ||| Stepping randomly (stuck).
 53695 | Zot:5    | 53695 ||| Stepping randomly (stuck).
 53696 | Zot:5    | 53696 ||| Stepping randomly (stuck).
 53697 | Zot:5    | 53697 ||| Stepping randomly (stuck).
 53698 | Zot:5    | 53698 ||| Stepping randomly (stuck).
 53699 | Zot:5    | 53699 ||| Stepping randomly (stuck).
 53700 | Zot:5    | 53700 ||| Stepping randomly (stuck).
 53701 | Zot:5    | 53701 ||| Stepping randomly (stuck).
 53702 | Zot:5    | 53702 ||| Stepping randomly (stuck).
 53703 | Zot:5    | 53703 ||| Stepping randomly (stuck).
 53704 | Zot:5    | 53704 ||| Stepping randomly (stuck).
 53705 | Zot:5    | 53705 ||| Stepping randomly (stuck).
 53706 | Zot:5    | 53706 ||| Stepping randomly (stuck).
 53707 | Zot:5    | 53707 ||| Stepping randomly (stuck).
 53708 | Zot:5    | 53708 ||| Stepping randomly (stuck).
 53709 | Zot:5    | 53709 ||| Stepping randomly (stuck).
 53710 | Zot:5    | 53710 ||| Stepping randomly (stuck).
 53711 | Zot:5    | 53711 ||| Stepping randomly (stuck).
 53712 | Zot:5    | 53712 ||| Stepping randomly (stuck).
 53713 | Zot:5    | 53713 ||| Stepping randomly (stuck).
 53714 | Zot:5    | 53714 ||| Stepping randomly (stuck).
 53715 | Zot:5    | 53715 ||| Stepping randomly (stuck).
 53716 | Zot:5    | 53716 ||| Stepping randomly (stuck).
 53717 | Zot:5    | 53717 ||| Stepping randomly (stuck).
 53718 | Zot:5    | 53718 ||| Stepping randomly (stuck).
 53719 | Zot:5    | 53719 ||| Stepping randomly (stuck).
 53720 | Zot:5    | 53720 ||| Stepping randomly (stuck).
 53721 | Zot:5    | 53721 ||| Stepping randomly (stuck).
 53722 | Zot:5    | 53722 ||| Stepping randomly (stuck).
 53723 | Zot:5    | 53723 ||| Stepping randomly (stuck).
 53724 | Zot:5    | 53724 ||| Stepping randomly (stuck).
 53725 | Zot:5    | 53725 ||| Stepping randomly (stuck).
 53726 | Zot:5    | 53726 ||| Stepping randomly (stuck).
 53727 | Zot:5    | 53727 ||| Stepping randomly (stuck).
 53728 | Zot:5    | 53728 ||| Stepping randomly (stuck).
 53729 | Zot:5    | 53729 ||| Stepping randomly (stuck).
 53730 | Zot:5    | 53730 ||| Stepping randomly (stuck).
 53731 | Zot:5    | 53731 ||| Stepping randomly (stuck).
 53732 | Zot:5    | 53732 ||| Stepping randomly (stuck).
 53733 | Zot:5    | 53733 ||| Stepping randomly (stuck).
 53734 | Zot:5    | 53734 ||| Stepping randomly (stuck).
 53735 | Zot:5    | 53735 ||| Stepping randomly (stuck).
 53736 | Zot:5    | 53736 ||| Stepping randomly (stuck).
 53737 | Zot:5    | 53737 ||| Stepping randomly (stuck).
 53738 | Zot:5    | 53738 ||| Stepping randomly (stuck).
 53739 | Zot:5    | 53739 ||| Stepping randomly (stuck).
 53740 | Zot:5    | 53740 ||| Stepping randomly (stuck).
 53741 | Zot:5    | 53741 ||| Stepping randomly (stuck).
 53742 | Zot:5    | 53742 ||| Stepping randomly (stuck).
 53743 | Zot:5    | 53743 ||| Stepping randomly (stuck).
 53744 | Zot:5    | 53744 ||| Stepping randomly (stuck).
 53745 | Zot:5    | 53745 ||| Stepping randomly (stuck).
 53746 | Zot:5    | 53746 ||| Stepping randomly (stuck).
 53747 | Zot:5    | 53747 ||| Stepping randomly (stuck).
 53748 | Zot:5    | 53748 ||| Stepping randomly (stuck).
 53749 | Zot:5    | 53749 ||| Stepping randomly (stuck).
 53750 | Zot:5    | 53750 ||| Stepping randomly (stuck).
 53751 | Zot:5    | 53751 ||| Stepping randomly (stuck).
 53752 | Zot:5    | 53752 ||| Stepping randomly (stuck).
 53753 | Zot:5    | 53753 ||| Stepping randomly (stuck).
 53754 | Zot:5    | 53754 ||| Stepping randomly (stuck).
 53755 | Zot:5    | 53755 ||| Stepping randomly (stuck).
 53756 | Zot:5    | 53756 ||| Stepping randomly (stuck).
 53757 | Zot:5    | 53757 ||| Stepping randomly (stuck).
 53758 | Zot:5    | 53758 ||| Stepping randomly (stuck).
 53759 | Zot:5    | 53759 ||| Stepping randomly (stuck).
 53760 | Zot:5    | 53760 ||| Stepping randomly (stuck).
 53761 | Zot:5    | 53761 ||| Stepping randomly (stuck).
 53762 | Zot:5    | 53762 ||| Stepping randomly (stuck).
 53763 | Zot:5    | 53763 ||| Stepping randomly (stuck).
 53764 | Zot:5    | 53764 ||| Stepping randomly (stuck).
 53765 | Zot:5    | 53765 ||| Stepping randomly (stuck).
 53766 | Zot:5    | 53766 ||| Stepping randomly (stuck).
 53767 | Zot:5    | 53767 ||| Stepping randomly (stuck).
 53768 | Zot:5    | 53768 ||| Stepping randomly (stuck).
 53769 | Zot:5    | 53769 ||| Stepping randomly (stuck).
 53770 | Zot:5    | 53770 ||| Stepping randomly (stuck).
 53771 | Zot:5    | 53771 ||| Stepping randomly (stuck).
 53772 | Zot:5    | 53772 ||| Stepping randomly (stuck).
 53773 | Zot:5    | 53773 ||| Stepping randomly (stuck).
 53774 | Zot:5    | 53774 ||| Stepping randomly (stuck).
 53775 | Zot:5    | 53775 ||| Stepping randomly (stuck).
 53776 | Zot:5    | 53776 ||| Stepping randomly (stuck).
 53777 | Zot:5    | 53777 ||| Stepping randomly (stuck).
 53778 | Zot:5    | 53778 ||| Stepping randomly (stuck).
 53779 | Zot:5    | 53779 ||| Stepping randomly (stuck).
 53780 | Zot:5    | 53780 ||| Stepping randomly (stuck).
 53781 | Zot:5    | 53781 ||| Stepping randomly (stuck).
 53782 | Zot:5    | 53782 ||| Stepping randomly (stuck).
 53783 | Zot:5    | 53783 ||| Stepping randomly (stuck).
 53784 | Zot:5    | 53784 ||| Stepping randomly (stuck).
 53785 | Zot:5    | 53785 ||| Stepping randomly (stuck).
 53786 | Zot:5    | 53786 ||| Stepping randomly (stuck).
 53787 | Zot:5    | 53787 ||| Stepping randomly (stuck).
 53788 | Zot:5    | 53788 ||| Stepping randomly (stuck).
 53789 | Zot:5    | 53789 ||| Stepping randomly (stuck).
 53790 | Zot:5    | 53790 ||| Stepping randomly (stuck).
 53791 | Zot:5    | 53791 ||| Stepping randomly (stuck).
 53792 | Zot:5    | 53792 ||| Stepping randomly (stuck).
 53793 | Zot:5    | 53793 ||| Stepping randomly (stuck).
 53794 | Zot:5    | 53794 ||| Stepping randomly (stuck).
 53795 | Zot:5    | 53795 ||| Stepping randomly (stuck).
 53796 | Zot:5    | 53796 ||| Stepping randomly (stuck).
 53797 | Zot:5    | 53797 ||| Stepping randomly (stuck).
 53798 | Zot:5    | 53798 ||| Stepping randomly (stuck).
 53799 | Zot:5    | 53799 ||| Stepping randomly (stuck).
 53800 | Zot:5    | 53800 ||| Stepping randomly (stuck).
 53801 | Zot:5    | 53801 ||| Stepping randomly (stuck).
 53802 | Zot:5    | 53802 ||| Stepping randomly (stuck).
 53803 | Zot:5    | 53803 ||| Stepping randomly (stuck).
 53804 | Zot:5    | 53804 ||| Stepping randomly (stuck).
 53805 | Zot:5    | 53805 ||| Stepping randomly (stuck).
 53806 | Zot:5    | 53806 ||| Stepping randomly (stuck).
 53807 | Zot:5    | 53807 ||| Stepping randomly (stuck).
 53808 | Zot:5    | 53808 ||| Stepping randomly (stuck).
 53809 | Zot:5    | 53809 ||| Stepping randomly (stuck).
 53810 | Zot:5    | 53810 ||| Stepping randomly (stuck).
 53811 | Zot:5    | 53811 ||| Stepping randomly (stuck).
 53812 | Zot:5    | 53812 ||| Stepping randomly (stuck).
 53813 | Zot:5    | 53813 ||| Stepping randomly (stuck).
 53814 | Zot:5    | 53814 ||| Stepping randomly (stuck).
 53815 | Zot:5    | 53815 ||| Stepping randomly (stuck).
 53816 | Zot:5    | 53816 ||| Stepping randomly (stuck).
 53817 | Zot:5    | 53817 ||| Stepping randomly (stuck).
 53818 | Zot:5    | 53818 ||| Stepping randomly (stuck).
 53819 | Zot:5    | 53819 ||| Stepping randomly (stuck).
 53820 | Zot:5    | 53820 ||| Stepping randomly (stuck).
 53821 | Zot:5    | 53821 ||| Stepping randomly (stuck).
 53822 | Zot:5    | 53822 ||| Stepping randomly (stuck).
 53823 | Zot:5    | 53823 ||| Stepping randomly (stuck).
 53824 | Zot:5    | 53824 ||| Stepping randomly (stuck).
 53825 | Zot:5    | 53825 ||| Stepping randomly (stuck).
 53826 | Zot:5    | 53826 ||| Stepping randomly (stuck).
 53827 | Zot:5    | 53827 ||| Stepping randomly (stuck).
 53828 | Zot:5    | 53828 ||| Stepping randomly (stuck).
 53829 | Zot:5    | 53829 ||| Stepping randomly (stuck).
 53830 | Zot:5    | 53830 ||| Stepping randomly (stuck).
 53831 | Zot:5    | 53831 ||| Stepping randomly (stuck).
 53832 | Zot:5    | 53832 ||| Stepping randomly (stuck).
 53833 | Zot:5    | 53833 ||| Stepping randomly (stuck).
 53834 | Zot:5    | 53834 ||| Stepping randomly (stuck).
 53835 | Zot:5    | 53835 ||| Stepping randomly (stuck).
 53836 | Zot:5    | 53836 ||| Stepping randomly (stuck).
 53837 | Zot:5    | 53837 ||| Stepping randomly (stuck).
 53838 | Zot:5    | 53838 ||| Stepping randomly (stuck).
 53839 | Zot:5    | 53839 ||| Stepping randomly (stuck).
 53840 | Zot:5    | 53840 ||| Stepping randomly (stuck).
 53841 | Zot:5    | 53841 ||| Stepping randomly (stuck).
 53842 | Zot:5    | 53842 ||| Stepping randomly (stuck).
 53843 | Zot:5    | 53843 ||| Stepping randomly (stuck).
 53844 | Zot:5    | 53844 ||| Stepping randomly (stuck).
 53845 | Zot:5    | 53845 ||| Stepping randomly (stuck).
 53846 | Zot:5    | 53846 ||| Stepping randomly (stuck).
 53847 | Zot:5    | 53847 ||| Stepping randomly (stuck).
 53848 | Zot:5    | 53848 ||| Stepping randomly (stuck).
 53849 | Zot:5    | 53849 ||| Stepping randomly (stuck).
 53850 | Zot:5    | 53850 ||| Stepping randomly (stuck).
 53851 | Zot:5    | 53851 ||| Stepping randomly (stuck).
 53852 | Zot:5    | 53852 ||| Stepping randomly (stuck).
 53853 | Zot:5    | 53853 ||| Stepping randomly (stuck).
 53854 | Zot:5    | 53854 ||| Stepping randomly (stuck).
 53855 | Zot:5    | 53855 ||| Stepping randomly (stuck).
 53856 | Zot:5    | 53856 ||| Stepping randomly (stuck).
 53857 | Zot:5    | 53857 ||| Stepping randomly (stuck).
 53858 | Zot:5    | 53858 ||| Stepping randomly (stuck).
 53859 | Zot:5    | 53859 ||| Stepping randomly (stuck).
 53860 | Zot:5    | 53860 ||| Stepping randomly (stuck).
 53861 | Zot:5    | 53861 ||| Stepping randomly (stuck).
 53862 | Zot:5    | 53862 ||| Stepping randomly (stuck).
 53863 | Zot:5    | 53863 ||| Stepping randomly (stuck).
 53864 | Zot:5    | 53864 ||| Stepping randomly (stuck).
 53865 | Zot:5    | 53865 ||| Stepping randomly (stuck).
 53866 | Zot:5    | 53866 ||| Stepping randomly (stuck).
 53867 | Zot:5    | 53867 ||| Stepping randomly (stuck).
 53868 | Zot:5    | 53868 ||| Stepping randomly (stuck).
 53869 | Zot:5    | 53869 ||| Stepping randomly (stuck).
 53870 | Zot:5    | 53870 ||| Stepping randomly (stuck).
 53871 | Zot:5    | 53871 ||| Stepping randomly (stuck).
 53872 | Zot:5    | 53872 ||| Stepping randomly (stuck).
 53873 | Zot:5    | 53873 ||| Stepping randomly (stuck).
 53874 | Zot:5    | 53874 ||| Stepping randomly (stuck).
 53875 | Zot:5    | 53875 ||| Stepping randomly (stuck).
 53876 | Zot:5    | 53876 ||| Stepping randomly (stuck).
 53877 | Zot:5    | 53877 ||| Stepping randomly (stuck).
 53878 | Zot:5    | 53878 ||| Stepping randomly (stuck).
 53879 | Zot:5    | 53879 ||| Stepping randomly (stuck).
 53880 | Zot:5    | 53880 ||| Stepping randomly (stuck).
 53881 | Zot:5    | 53881 ||| Stepping randomly (stuck).
 53882 | Zot:5    | 53882 ||| Stepping randomly (stuck).
 53883 | Zot:5    | 53883 ||| Stepping randomly (stuck).
 53884 | Zot:5    | 53884 ||| Stepping randomly (stuck).
 53885 | Zot:5    | 53885 ||| Stepping randomly (stuck).
 53886 | Zot:5    | 53886 ||| Stepping randomly (stuck).
 53887 | Zot:5    | 53887 ||| Stepping randomly (stuck).
 53888 | Zot:5    | 53888 ||| Stepping randomly (stuck).
 53889 | Zot:5    | 53889 ||| Stepping randomly (stuck).
 53890 | Zot:5    | 53890 ||| Stepping randomly (stuck).
 53891 | Zot:5    | 53891 ||| Stepping randomly (stuck).
 53892 | Zot:5    | 53892 ||| Stepping randomly (stuck).
 53893 | Zot:5    | 53893 ||| Stepping randomly (stuck).
 53894 | Zot:5    | 53894 ||| Stepping randomly (stuck).
 53895 | Zot:5    | 53895 ||| Stepping randomly (stuck).
 53896 | Zot:5    | 53896 ||| Stepping randomly (stuck).
 53897 | Zot:5    | 53897 ||| Stepping randomly (stuck).
 53898 | Zot:5    | 53898 ||| Stepping randomly (stuck).
 53899 | Zot:5    | 53899 ||| Stepping randomly (stuck).
 53900 | Zot:5    | 53900 ||| Stepping randomly (stuck).
 53901 | Zot:5    | 53901 ||| Stepping randomly (stuck).
 53902 | Zot:5    | 53902 ||| Stepping randomly (stuck).
 53903 | Zot:5    | 53903 ||| Stepping randomly (stuck).
 53904 | Zot:5    | 53904 ||| Stepping randomly (stuck).
 53905 | Zot:5    | 53905 ||| Stepping randomly (stuck).
 53906 | Zot:5    | 53906 ||| Stepping randomly (stuck).
 53907 | Zot:5    | 53907 ||| Stepping randomly (stuck).
 53908 | Zot:5    | 53908 ||| Stepping randomly (stuck).
 53909 | Zot:5    | 53909 ||| Stepping randomly (stuck).
 53910 | Zot:5    | 53910 ||| Stepping randomly (stuck).
 53911 | Zot:5    | 53911 ||| Stepping randomly (stuck).
 53912 | Zot:5    | 53912 ||| Stepping randomly (stuck).
 53913 | Zot:5    | 53913 ||| Stepping randomly (stuck).
 53914 | Zot:5    | 53914 ||| Stepping randomly (stuck).
 53915 | Zot:5    | 53915 ||| Stepping randomly (stuck).
 53916 | Zot:5    | 53916 ||| Stepping randomly (stuck).
 53917 | Zot:5    | 53917 ||| Stepping randomly (stuck).
 53918 | Zot:5    | 53918 ||| Stepping randomly (stuck).
 53919 | Zot:5    | 53919 ||| Stepping randomly (stuck).
 53920 | Zot:5    | 53920 ||| Stepping randomly (stuck).
 53921 | Zot:5    | 53921 ||| Stepping randomly (stuck).
 53922 | Zot:5    | 53922 ||| Stepping randomly (stuck).
 53923 | Zot:5    | 53923 ||| Stepping randomly (stuck).
 53924 | Zot:5    | 53924 ||| Stepping randomly (stuck).
 53925 | Zot:5    | 53925 ||| Stepping randomly (stuck).
 53926 | Zot:5    | 53926 ||| Stepping randomly (stuck).
 53927 | Zot:5    | 53927 ||| Stepping randomly (stuck).
 53928 | Zot:5    | 53928 ||| Stepping randomly (stuck).
 53929 | Zot:5    | 53929 ||| Stepping randomly (stuck).
 53930 | Zot:5    | 53930 ||| Stepping randomly (stuck).
 53931 | Zot:5    | 53931 ||| Stepping randomly (stuck).
 53932 | Zot:5    | 53932 ||| Stepping randomly (stuck).
 53933 | Zot:5    | 53933 ||| Stepping randomly (stuck).
 53934 | Zot:5    | 53934 ||| Stepping randomly (stuck).
 53935 | Zot:5    | 53935 ||| Stepping randomly (stuck).
 53936 | Zot:5    | 53936 ||| Stepping randomly (stuck).
 53937 | Zot:5    | 53937 ||| Stepping randomly (stuck).
 53938 | Zot:5    | 53938 ||| Stepping randomly (stuck).
 53939 | Zot:5    | 53939 ||| Stepping randomly (stuck).
 53940 | Zot:5    | 53940 ||| Stepping randomly (stuck).
 53941 | Zot:5    | 53941 ||| Stepping randomly (stuck).
 53942 | Zot:5    | 53942 ||| Stepping randomly (stuck).
 53943 | Zot:5    | 53943 ||| Stepping randomly (stuck).
 53944 | Zot:5    | 53944 ||| Stepping randomly (stuck).
 53945 | Zot:5    | 53945 ||| Stepping randomly (stuck).
 53946 | Zot:5    | 53946 ||| Stepping randomly (stuck).
 53947 | Zot:5    | 53947 ||| Stepping randomly (stuck).
 53948 | Zot:5    | 53948 ||| Stepping randomly (stuck).
 53949 | Zot:5    | 53949 ||| Stepping randomly (stuck).
 53950 | Zot:5    | 53950 ||| Stepping randomly (stuck).
 53951 | Zot:5    | 53951 ||| Stepping randomly (stuck).
 53952 | Zot:5    | 53952 ||| Stepping randomly (stuck).
 53953 | Zot:5    | 53953 ||| Stepping randomly (stuck).
 53954 | Zot:5    | 53954 ||| Stepping randomly (stuck).
 53955 | Zot:5    | 53955 ||| Stepping randomly (stuck).
 53956 | Zot:5    | 53956 ||| Stepping randomly (stuck).
 53957 | Zot:5    | 53957 ||| Stepping randomly (stuck).
 53958 | Zot:5    | 53958 ||| Stepping randomly (stuck).
 53959 | Zot:5    | 53959 ||| Stepping randomly (stuck).
 53960 | Zot:5    | 53960 ||| Stepping randomly (stuck).
 53961 | Zot:5    | 53961 ||| Stepping randomly (stuck).
 53962 | Zot:5    | 53962 ||| Stepping randomly (stuck).
 53963 | Zot:5    | 53963 ||| Stepping randomly (stuck).
 53964 | Zot:5    | 53964 ||| Stepping randomly (stuck).
 53965 | Zot:5    | 53965 ||| Stepping randomly (stuck).
 53966 | Zot:5    | 53966 ||| Stepping randomly (stuck).
 53967 | Zot:5    | 53967 ||| Stepping randomly (stuck).
 53968 | Zot:5    | 53968 ||| Stepping randomly (stuck).
 53969 | Zot:5    | 53969 ||| Stepping randomly (stuck).
 53970 | Zot:5    | 53970 ||| Stepping randomly (stuck).
 53971 | Zot:5    | 53971 ||| Stepping randomly (stuck).
 53972 | Zot:5    | 53972 ||| Stepping randomly (stuck).
 53973 | Zot:5    | 53973 ||| Stepping randomly (stuck).
 53974 | Zot:5    | 53974 ||| Stepping randomly (stuck).
 53975 | Zot:5    | 53975 ||| Stepping randomly (stuck).
 53976 | Zot:5    | 53976 ||| Stepping randomly (stuck).
 53977 | Zot:5    | 53977 ||| Stepping randomly (stuck).
 53978 | Zot:5    | 53978 ||| Stepping randomly (stuck).
 53979 | Zot:5    | 53979 ||| Stepping randomly (stuck).
 53980 | Zot:5    | 53980 ||| Stepping randomly (stuck).
 53981 | Zot:5    | 53981 ||| Stepping randomly (stuck).
 53982 | Zot:5    | 53982 ||| Stepping randomly (stuck).
 53983 | Zot:5    | 53983 ||| Stepping randomly (stuck).
 53984 | Zot:5    | 53984 ||| Stepping randomly (stuck).
 53985 | Zot:5    | 53985 ||| Stepping randomly (stuck).
 53986 | Zot:5    | 53986 ||| Stepping randomly (stuck).
 53987 | Zot:5    | 53987 ||| Stepping randomly (stuck).
 53988 | Zot:5    | 53988 ||| Stepping randomly (stuck).
 53989 | Zot:5    | 53989 ||| Stepping randomly (stuck).
 53990 | Zot:5    | 53990 ||| Stepping randomly (stuck).
 53991 | Zot:5    | 53991 ||| Stepping randomly (stuck).
 53992 | Zot:5    | 53992 ||| Stepping randomly (stuck).
 53993 | Zot:5    | 53993 ||| Stepping randomly (stuck).
 53994 | Zot:5    | 53994 ||| Stepping randomly (stuck).
 53995 | Zot:5    | 53995 ||| Stepping randomly (stuck).
 53996 | Zot:5    | 53996 ||| Stepping randomly (stuck).
 53997 | Zot:5    | 53997 ||| Stepping randomly (stuck).
 53998 | Zot:5    | 53998 ||| Stepping randomly (stuck).
 53999 | Zot:5    | 53999 ||| Stepping randomly (stuck).
 54000 | Zot:5    | 54000 ||| Stepping randomly (stuck).
 54001 | Zot:5    | 54001 ||| Stepping randomly (stuck).
 54002 | Zot:5    | 54002 ||| Stepping randomly (stuck).
 54003 | Zot:5    | 54003 ||| Stepping randomly (stuck).
 54004 | Zot:5    | 54004 ||| Stepping randomly (stuck).
 54005 | Zot:5    | 54005 ||| Stepping randomly (stuck).
 54006 | Zot:5    | 54006 ||| Stepping randomly (stuck).
 54007 | Zot:5    | 54007 ||| Stepping randomly (stuck).
 54008 | Zot:5    | 54008 ||| Stepping randomly (stuck).
 54009 | Zot:5    | 54009 ||| Stepping randomly (stuck).
 54010 | Zot:5    | 54010 ||| Stepping randomly (stuck).
 54011 | Zot:5    | 54011 ||| Stepping randomly (stuck).
 54012 | Zot:5    | 54012 ||| Stepping randomly (stuck).
 54013 | Zot:5    | 54013 ||| Stepping randomly (stuck).
 54014 | Zot:5    | 54014 ||| Stepping randomly (stuck).
 54015 | Zot:5    | 54015 ||| Stepping randomly (stuck).
 54016 | Zot:5    | 54016 ||| Stepping randomly (stuck).
 54017 | Zot:5    | 54017 ||| Stepping randomly (stuck).
 54018 | Zot:5    | 54018 ||| Stepping randomly (stuck).
 54019 | Zot:5    | 54019 ||| Stepping randomly (stuck).
 54020 | Zot:5    | 54020 ||| Stepping randomly (stuck).
 54021 | Zot:5    | 54021 ||| Stepping randomly (stuck).
 54022 | Zot:5    | 54022 ||| Stepping randomly (stuck).
 54023 | Zot:5    | 54023 ||| Stepping randomly (stuck).
 54024 | Zot:5    | 54024 ||| Stepping randomly (stuck).
 54025 | Zot:5    | 54025 ||| Stepping randomly (stuck).
 54026 | Zot:5    | 54026 ||| Stepping randomly (stuck).
 54027 | Zot:5    | 54027 ||| Stepping randomly (stuck).
 54028 | Zot:5    | 54028 ||| Stepping randomly (stuck).
 54029 | Zot:5    | 54029 ||| Stepping randomly (stuck).
 54030 | Zot:5    | 54030 ||| Stepping randomly (stuck).
 54031 | Zot:5    | 54031 ||| Stepping randomly (stuck).
 54032 | Zot:5    | 54032 ||| Stepping randomly (stuck).
 54033 | Zot:5    | 54033 ||| Stepping randomly (stuck).
 54034 | Zot:5    | 54034 ||| Stepping randomly (stuck).
 54035 | Zot:5    | 54035 ||| Stepping randomly (stuck).
 54036 | Zot:5    | 54036 ||| Stepping randomly (stuck).
 54037 | Zot:5    | 54037 ||| Stepping randomly (stuck).
 54038 | Zot:5    | 54038 ||| Stepping randomly (stuck).
 54039 | Zot:5    | 54039 ||| Stepping randomly (stuck).
 54040 | Zot:5    | 54040 ||| Stepping randomly (stuck).
 54041 | Zot:5    | 54041 ||| Stepping randomly (stuck).
 54042 | Zot:5    | 54042 ||| Stepping randomly (stuck).
 54043 | Zot:5    | 54043 ||| Stepping randomly (stuck).
 54044 | Zot:5    | 54044 ||| Stepping randomly (stuck).
 54045 | Zot:5    | 54045 ||| Stepping randomly (stuck).
 54046 | Zot:5    | 54046 ||| Stepping randomly (stuck).
 54047 | Zot:5    | 54047 ||| Stepping randomly (stuck).
 54048 | Zot:5    | 54048 ||| Stepping randomly (stuck).
 54049 | Zot:5    | 54049 ||| Stepping randomly (stuck).
 54050 | Zot:5    | 54050 ||| Stepping randomly (stuck).
 54051 | Zot:5    | 54051 ||| Stepping randomly (stuck).
 54052 | Zot:5    | 54052 ||| Stepping randomly (stuck).
 54053 | Zot:5    | 54053 ||| Stepping randomly (stuck).
 54054 | Zot:5    | 54054 ||| Stepping randomly (stuck).
 54055 | Zot:5    | 54055 ||| Stepping randomly (stuck).
 54056 | Zot:5    | 54056 ||| Stepping randomly (stuck).
 54057 | Zot:5    | 54057 ||| Stepping randomly (stuck).
 54058 | Zot:5    | 54058 ||| Stepping randomly (stuck).
 54059 | Zot:5    | 54059 ||| Stepping randomly (stuck).
 54060 | Zot:5    | 54060 ||| Stepping randomly (stuck).
 54061 | Zot:5    | 54061 ||| Stepping randomly (stuck).
 54062 | Zot:5    | 54062 ||| Stepping randomly (stuck).
 54063 | Zot:5    | 54063 ||| Stepping randomly (stuck).
 54064 | Zot:5    | 54064 ||| Stepping randomly (stuck).
 54065 | Zot:5    | 54065 ||| Stepping randomly (stuck).
 54066 | Zot:5    | 54066 ||| Stepping randomly (stuck).
 54067 | Zot:5    | 54067 ||| Stepping randomly (stuck).
 54068 | Zot:5    | 54068 ||| Stepping randomly (stuck).
 54069 | Zot:5    | 54069 ||| Stepping randomly (stuck).
 54070 | Zot:5    | 54070 ||| Stepping randomly (stuck).
 54071 | Zot:5    | 54071 ||| Stepping randomly (stuck).
 54072 | Zot:5    | 54072 ||| Stepping randomly (stuck).
 54073 | Zot:5    | 54073 ||| Stepping randomly (stuck).
 54074 | Zot:5    | 54074 ||| Stepping randomly (stuck).
 54075 | Zot:5    | 54075 ||| Stepping randomly (stuck).
 54076 | Zot:5    | 54076 ||| Stepping randomly (stuck).
 54077 | Zot:5    | 54077 ||| Stepping randomly (stuck).
 54078 | Zot:5    | 54078 ||| Stepping randomly (stuck).
 54079 | Zot:5    | 54079 ||| Stepping randomly (stuck).
 54080 | Zot:5    | 54080 ||| Stepping randomly (stuck).
 54081 | Zot:5    | 54081 ||| Stepping randomly (stuck).
 54082 | Zot:5    | 54082 ||| Stepping randomly (stuck).
 54083 | Zot:5    | 54083 ||| Stepping randomly (stuck).
 54084 | Zot:5    | 54084 ||| Stepping randomly (stuck).
 54085 | Zot:5    | 54085 ||| Stepping randomly (stuck).
 54086 | Zot:5    | 54086 ||| Stepping randomly (stuck).
 54087 | Zot:5    | 54087 ||| Stepping randomly (stuck).
 54088 | Zot:5    | 54088 ||| Stepping randomly (stuck).
 54089 | Zot:5    | 54089 ||| Stepping randomly (stuck).
 54090 | Zot:5    | 54090 ||| Stepping randomly (stuck).
 54091 | Zot:5    | 54091 ||| Stepping randomly (stuck).
 54092 | Zot:5    | 54092 ||| Stepping randomly (stuck).
 54093 | Zot:5    | 54093 ||| Stepping randomly (stuck).
 54094 | Zot:5    | 54094 ||| Stepping randomly (stuck).
 54095 | Zot:5    | 54095 ||| Stepping randomly (stuck).
 54096 | Zot:5    | 54096 ||| Stepping randomly (stuck).
 54097 | Zot:5    | 54097 ||| Stepping randomly (stuck).
 54098 | Zot:5    | 54098 ||| Stepping randomly (stuck).
 54099 | Zot:5    | 54099 ||| Stepping randomly (stuck).
 54100 | Zot:5    | 54100 ||| Stepping randomly (stuck).
 54101 | Zot:5    | 54101 ||| Stepping randomly (stuck).
 54102 | Zot:5    | 54102 ||| Stepping randomly (stuck).
 54103 | Zot:5    | 54103 ||| Stepping randomly (stuck).
 54104 | Zot:5    | 54104 ||| Stepping randomly (stuck).
 54105 | Zot:5    | 54105 ||| Stepping randomly (stuck).
 54106 | Zot:5    | 54106 ||| Stepping randomly (stuck).
 54107 | Zot:5    | 54107 ||| Stepping randomly (stuck).
 54108 | Zot:5    | 54108 ||| Stepping randomly (stuck).
 54109 | Zot:5    | 54109 ||| Stepping randomly (stuck).
 54110 | Zot:5    | 54110 ||| Stepping randomly (stuck).
 54111 | Zot:5    | 54111 ||| Stepping randomly (stuck).
 54112 | Zot:5    | 54112 ||| Stepping randomly (stuck).
 54113 | Zot:5    | 54113 ||| Stepping randomly (stuck).
 54114 | Zot:5    | 54114 ||| Stepping randomly (stuck).
 54115 | Zot:5    | 54115 ||| Stepping randomly (stuck).
 54116 | Zot:5    | 54116 ||| Stepping randomly (stuck).
 54117 | Zot:5    | 54117 ||| Stepping randomly (stuck).
 54118 | Zot:5    | 54118 ||| Stepping randomly (stuck).
 54119 | Zot:5    | 54119 ||| Stepping randomly (stuck).
 54120 | Zot:5    | 54120 ||| Stepping randomly (stuck).
 54121 | Zot:5    | 54121 ||| Stepping randomly (stuck).
 54122 | Zot:5    | 54122 ||| Stepping randomly (stuck).
 54123 | Zot:5    | 54123 ||| Stepping randomly (stuck).
 54124 | Zot:5    | 54124 ||| Stepping randomly (stuck).
 54125 | Zot:5    | 54125 ||| Stepping randomly (stuck).
 54126 | Zot:5    | 54126 ||| Stepping randomly (stuck).
 54127 | Zot:5    | 54127 ||| Stepping randomly (stuck).
 54128 | Zot:5    | 54128 ||| Stepping randomly (stuck).
 54129 | Zot:5    | 54129 ||| Stepping randomly (stuck).
 54130 | Zot:5    | 54130 ||| Stepping randomly (stuck).
 54131 | Zot:5    | 54131 ||| Stepping randomly (stuck).
 54132 | Zot:5    | 54132 ||| Stepping randomly (stuck).
 54133 | Zot:5    | 54133 ||| Stepping randomly (stuck).
 54134 | Zot:5    | 54134 ||| Stepping randomly (stuck).
 54135 | Zot:5    | 54135 ||| Stepping randomly (stuck).
 54136 | Zot:5    | 54136 ||| Stepping randomly (stuck).
 54137 | Zot:5    | 54137 ||| Stepping randomly (stuck).
 54138 | Zot:5    | 54138 ||| Stepping randomly (stuck).
 54139 | Zot:5    | 54139 ||| Stepping randomly (stuck).
 54140 | Zot:5    | 54140 ||| Stepping randomly (stuck).
 54141 | Zot:5    | 54141 ||| Stepping randomly (stuck).
 54142 | Zot:5    | 54142 ||| Stepping randomly (stuck).
 54143 | Zot:5    | 54143 ||| Stepping randomly (stuck).
 54144 | Zot:5    | 54144 ||| Stepping randomly (stuck).
 54145 | Zot:5    | 54145 ||| Stepping randomly (stuck).
 54146 | Zot:5    | 54146 ||| Stepping randomly (stuck).
 54147 | Zot:5    | 54147 ||| Stepping randomly (stuck).
 54148 | Zot:5    | 54148 ||| Stepping randomly (stuck).
 54149 | Zot:5    | 54149 ||| Stepping randomly (stuck).
 54150 | Zot:5    | 54150 ||| Stepping randomly (stuck).
 54151 | Zot:5    | 54151 ||| Stepping randomly (stuck).
 54152 | Zot:5    | 54152 ||| Stepping randomly (stuck).
 54153 | Zot:5    | 54153 ||| Stepping randomly (stuck).
 54154 | Zot:5    | 54154 ||| Stepping randomly (stuck).
 54155 | Zot:5    | 54155 ||| Stepping randomly (stuck).
 54156 | Zot:5    | 54156 ||| Stepping randomly (stuck).
 54157 | Zot:5    | 54157 ||| Stepping randomly (stuck).
 54158 | Zot:5    | 54158 ||| Stepping randomly (stuck).
 54159 | Zot:5    | 54159 ||| Stepping randomly (stuck).
 54160 | Zot:5    | 54160 ||| Stepping randomly (stuck).
 54161 | Zot:5    | 54161 ||| Stepping randomly (stuck).
 54162 | Zot:5    | 54162 ||| Stepping randomly (stuck).
 54163 | Zot:5    | 54163 ||| Stepping randomly (stuck).
 54164 | Zot:5    | 54164 ||| Stepping randomly (stuck).
 54165 | Zot:5    | 54165 ||| Stepping randomly (stuck).
 54166 | Zot:5    | 54166 ||| Stepping randomly (stuck).
 54167 | Zot:5    | 54167 ||| Stepping randomly (stuck).
 54168 | Zot:5    | 54168 ||| Stepping randomly (stuck).
 54169 | Zot:5    | 54169 ||| Stepping randomly (stuck).
 54170 | Zot:5    | 54170 ||| Stepping randomly (stuck).
 54171 | Zot:5    | 54171 ||| Stepping randomly (stuck).
 54172 | Zot:5    | 54172 ||| Stepping randomly (stuck).
 54173 | Zot:5    | 54173 ||| Stepping randomly (stuck).
 54174 | Zot:5    | 54174 ||| Stepping randomly (stuck).
 54175 | Zot:5    | 54175 ||| Stepping randomly (stuck).
 54176 | Zot:5    | 54176 ||| Stepping randomly (stuck).
 54177 | Zot:5    | 54177 ||| Stepping randomly (stuck).
 54178 | Zot:5    | 54178 ||| Stepping randomly (stuck).
 54179 | Zot:5    | 54179 ||| Stepping randomly (stuck).
 54180 | Zot:5    | 54180 ||| Stepping randomly (stuck).
 54181 | Zot:5    | 54181 ||| Stepping randomly (stuck).
 54182 | Zot:5    | 54182 ||| Stepping randomly (stuck).
 54183 | Zot:5    | 54183 ||| Stepping randomly (stuck).
 54184 | Zot:5    | 54184 ||| Stepping randomly (stuck).
 54185 | Zot:5    | 54185 ||| Stepping randomly (stuck).
 54186 | Zot:5    | 54186 ||| Stepping randomly (stuck).
 54187 | Zot:5    | 54187 ||| Stepping randomly (stuck).
 54188 | Zot:5    | 54188 ||| Stepping randomly (stuck).
 54189 | Zot:5    | 54189 ||| Stepping randomly (stuck).
 54190 | Zot:5    | 54190 ||| Stepping randomly (stuck).
 54191 | Zot:5    | 54191 ||| Stepping randomly (stuck).
 54192 | Zot:5    | 54192 ||| Stepping randomly (stuck).
 54193 | Zot:5    | 54193 ||| Stepping randomly (stuck).
 54194 | Zot:5    | 54194 ||| Stepping randomly (stuck).
 54195 | Zot:5    | 54195 ||| Stepping randomly (stuck).
 54196 | Zot:5    | 54196 ||| Stepping randomly (stuck).
 54197 | Zot:5    | 54197 ||| Stepping randomly (stuck).
 54198 | Zot:5    | 54198 ||| Stepping randomly (stuck).
 54199 | Zot:5    | 54199 ||| Stepping randomly (stuck).
 54200 | Zot:5    | 54200 ||| Stepping randomly (stuck).
 54201 | Zot:5    | 54201 ||| Stepping randomly (stuck).
 54202 | Zot:5    | 54202 ||| Stepping randomly (stuck).
 54203 | Zot:5    | 54203 ||| Stepping randomly (stuck).
 54204 | Zot:5    | 54204 ||| Stepping randomly (stuck).
 54205 | Zot:5    | 54205 ||| Stepping randomly (stuck).
 54206 | Zot:5    | 54206 ||| Stepping randomly (stuck).
 54207 | Zot:5    | 54207 ||| Stepping randomly (stuck).
 54208 | Zot:5    | 54208 ||| Stepping randomly (stuck).
 54209 | Zot:5    | 54209 ||| Stepping randomly (stuck).
 54210 | Zot:5    | 54210 ||| Stepping randomly (stuck).
 54211 | Zot:5    | 54211 ||| Stepping randomly (stuck).
 54212 | Zot:5    | 54212 ||| Stepping randomly (stuck).
 54213 | Zot:5    | 54213 ||| Stepping randomly (stuck).
 54214 | Zot:5    | 54214 ||| Stepping randomly (stuck).
 54215 | Zot:5    | 54215 ||| Stepping randomly (stuck).
 54216 | Zot:5    | 54216 ||| Stepping randomly (stuck).
 54217 | Zot:5    | 54217 ||| Stepping randomly (stuck).
 54218 | Zot:5    | 54218 ||| Stepping randomly (stuck).
 54219 | Zot:5    | 54219 ||| Stepping randomly (stuck).
 54220 | Zot:5    | 54220 ||| Stepping randomly (stuck).
 54221 | Zot:5    | 54221 ||| Stepping randomly (stuck).
 54222 | Zot:5    | 54222 ||| Stepping randomly (stuck).
 54223 | Zot:5    | 54223 ||| Stepping randomly (stuck).
 54224 | Zot:5    | 54224 ||| Stepping randomly (stuck).
 54225 | Zot:5    | 54225 ||| Stepping randomly (stuck).
 54226 | Zot:5    | 54226 ||| Stepping randomly (stuck).
 54227 | Zot:5    | 54227 ||| Stepping randomly (stuck).
 54228 | Zot:5    | 54228 ||| Stepping randomly (stuck).
 54229 | Zot:5    | 54229 ||| Stepping randomly (stuck).
 54230 | Zot:5    | 54230 ||| Stepping randomly (stuck).
 54231 | Zot:5    | 54231 ||| Stepping randomly (stuck).
 54232 | Zot:5    | 54232 ||| Stepping randomly (stuck).
 54233 | Zot:5    | 54233 ||| Stepping randomly (stuck).
 54234 | Zot:5    | 54234 ||| Stepping randomly (stuck).
 54235 | Zot:5    | 54235 ||| Stepping randomly (stuck).
 54236 | Zot:5    | 54236 ||| Stepping randomly (stuck).
 54237 | Zot:5    | 54237 ||| Stepping randomly (stuck).
 54238 | Zot:5    | 54238 ||| Stepping randomly (stuck).
 54239 | Zot:5    | 54239 ||| Stepping randomly (stuck).
 54240 | Zot:5    | 54240 ||| Stepping randomly (stuck).
 54241 | Zot:5    | 54241 ||| Stepping randomly (stuck).
 54242 | Zot:5    | 54242 ||| Stepping randomly (stuck).
 54243 | Zot:5    | 54243 ||| Stepping randomly (stuck).
 54244 | Zot:5    | 54244 ||| Stepping randomly (stuck).
 54245 | Zot:5    | 54245 ||| Stepping randomly (stuck).
 54246 | Zot:5    | 54246 ||| Stepping randomly (stuck).
 54247 | Zot:5    | 54247 ||| Stepping randomly (stuck).
 54248 | Zot:5    | 54248 ||| Stepping randomly (stuck).
 54249 | Zot:5    | 54249 ||| Stepping randomly (stuck).
 54250 | Zot:5    | 54250 ||| Stepping randomly (stuck).
 54251 | Zot:5    | 54251 ||| Stepping randomly (stuck).
 54252 | Zot:5    | 54252 ||| Stepping randomly (stuck).
 54253 | Zot:5    | 54253 ||| Stepping randomly (stuck).
 54254 | Zot:5    | 54254 ||| Stepping randomly (stuck).
 54255 | Zot:5    | 54255 ||| Stepping randomly (stuck).
 54256 | Zot:5    | 54256 ||| Stepping randomly (stuck).
 54257 | Zot:5    | 54257 ||| Stepping randomly (stuck).
 54258 | Zot:5    | 54258 ||| Stepping randomly (stuck).
 54259 | Zot:5    | 54259 ||| Stepping randomly (stuck).
 54260 | Zot:5    | 54260 ||| Stepping randomly (stuck).
 54261 | Zot:5    | 54261 ||| Stepping randomly (stuck).
 54262 | Zot:5    | 54262 ||| Stepping randomly (stuck).
 54263 | Zot:5    | 54263 ||| Stepping randomly (stuck).
 54264 | Zot:5    | 54264 ||| Stepping randomly (stuck).
 54265 | Zot:5    | 54265 ||| Stepping randomly (stuck).
 54266 | Zot:5    | 54266 ||| Stepping randomly (stuck).
 54267 | Zot:5    | 54267 ||| Stepping randomly (stuck).
 54268 | Zot:5    | 54268 ||| Stepping randomly (stuck).
 54269 | Zot:5    | 54269 ||| Stepping randomly (stuck).
 54270 | Zot:5    | 54270 ||| Stepping randomly (stuck).
 54271 | Zot:5    | 54271 ||| Stepping randomly (stuck).
 54272 | Zot:5    | 54272 ||| Stepping randomly (stuck).
 54273 | Zot:5    | 54273 ||| Stepping randomly (stuck).
 54274 | Zot:5    | 54274 ||| Stepping randomly (stuck).
 54275 | Zot:5    | 54275 ||| Stepping randomly (stuck).
 54276 | Zot:5    | 54276 ||| Stepping randomly (stuck).
 54277 | Zot:5    | 54277 ||| Stepping randomly (stuck).
 54278 | Zot:5    | 54278 ||| Stepping randomly (stuck).
 54279 | Zot:5    | 54279 ||| Stepping randomly (stuck).
 54280 | Zot:5    | 54280 ||| Stepping randomly (stuck).
 54281 | Zot:5    | 54281 ||| Stepping randomly (stuck).
 54282 | Zot:5    | 54282 ||| Stepping randomly (stuck).
 54283 | Zot:5    | 54283 ||| Stepping randomly (stuck).
 54284 | Zot:5    | 54284 ||| Stepping randomly (stuck).
 54285 | Zot:5    | 54285 ||| Stepping randomly (stuck).
 54286 | Zot:5    | 54286 ||| Stepping randomly (stuck).
 54287 | Zot:5    | 54287 ||| Stepping randomly (stuck).
 54288 | Zot:5    | 54288 ||| Stepping randomly (stuck).
 54289 | Zot:5    | 54289 ||| Stepping randomly (stuck).
 54290 | Zot:5    | 54290 ||| Stepping randomly (stuck).
 54291 | Zot:5    | 54291 ||| Stepping randomly (stuck).
 54292 | Zot:5    | 54292 ||| Stepping randomly (stuck).
 54293 | Zot:5    | 54293 ||| Stepping randomly (stuck).
 54294 | Zot:5    | 54294 ||| Stepping randomly (stuck).
 54295 | Zot:5    | 54295 ||| Stepping randomly (stuck).
 54296 | Zot:5    | 54296 ||| Stepping randomly (stuck).
 54297 | Zot:5    | 54297 ||| Stepping randomly (stuck).
 54298 | Zot:5    | 54298 ||| Stepping randomly (stuck).
 54299 | Zot:5    | 54299 ||| Stepping randomly (stuck).
 54300 | Zot:5    | 54300 ||| Stepping randomly (stuck).
 54301 | Zot:5    | 54301 ||| Stepping randomly (stuck).
 54302 | Zot:5    | 54302 ||| Stepping randomly (stuck).
 54303 | Zot:5    | 54303 ||| Stepping randomly (stuck).
 54304 | Zot:5    | 54304 ||| Stepping randomly (stuck).
 54305 | Zot:5    | 54305 ||| Stepping randomly (stuck).
 54306 | Zot:5    | 54306 ||| Stepping randomly (stuck).
 54307 | Zot:5    | 54307 ||| Stepping randomly (stuck).
 54308 | Zot:5    | 54308 ||| Stepping randomly (stuck).
 54309 | Zot:5    | 54309 ||| Stepping randomly (stuck).
 54310 | Zot:5    | 54310 ||| Stepping randomly (stuck).
 54311 | Zot:5    | 54311 ||| Stepping randomly (stuck).
 54312 | Zot:5    | 54312 ||| Stepping randomly (stuck).
 54313 | Zot:5    | 54313 ||| Stepping randomly (stuck).
 54314 | Zot:5    | 54314 ||| Stepping randomly (stuck).
 54315 | Zot:5    | 54315 ||| Stepping randomly (stuck).
 54316 | Zot:5    | 54316 ||| Stepping randomly (stuck).
 54317 | Zot:5    | 54317 ||| Stepping randomly (stuck).
 54318 | Zot:5    | 54318 ||| Stepping randomly (stuck).
 54319 | Zot:5    | 54319 ||| Stepping randomly (stuck).
 54320 | Zot:5    | 54320 ||| Stepping randomly (stuck).
 54321 | Zot:5    | 54321 ||| Stepping randomly (stuck).
 54322 | Zot:5    | 54322 ||| Stepping randomly (stuck).
 54323 | Zot:5    | 54323 ||| Stepping randomly (stuck).
 54324 | Zot:5    | 54324 ||| Stepping randomly (stuck).
 54325 | Zot:5    | 54325 ||| Stepping randomly (stuck).
 54326 | Zot:5    | 54326 ||| Stepping randomly (stuck).
 54327 | Zot:5    | 54327 ||| Stepping randomly (stuck).
 54328 | Zot:5    | 54328 ||| Stepping randomly (stuck).
 54329 | Zot:5    | 54329 ||| Stepping randomly (stuck).
 54330 | Zot:5    | 54330 ||| Stepping randomly (stuck).
 54331 | Zot:5    | 54331 ||| Stepping randomly (stuck).
 54332 | Zot:5    | 54332 ||| Stepping randomly (stuck).
 54333 | Zot:5    | 54333 ||| Stepping randomly (stuck).
 54334 | Zot:5    | 54334 ||| Stepping randomly (stuck).
 54335 | Zot:5    | 54335 ||| Stepping randomly (stuck).
 54336 | Zot:5    | 54336 ||| Stepping randomly (stuck).
 54337 | Zot:5    | 54337 ||| Stepping randomly (stuck).
 54338 | Zot:5    | 54338 ||| Stepping randomly (stuck).
 54339 | Zot:5    | 54339 ||| Stepping randomly (stuck).
 54340 | Zot:5    | 54340 ||| Stepping randomly (stuck).
 54341 | Zot:5    | 54341 ||| Stepping randomly (stuck).
 54342 | Zot:5    | 54342 ||| Stepping randomly (stuck).
 54343 | Zot:5    | 54343 ||| Stepping randomly (stuck).
 54344 | Zot:5    | 54344 ||| Stepping randomly (stuck).
 54345 | Zot:5    | 54345 ||| Stepping randomly (stuck).
 54346 | Zot:5    | 54346 ||| Stepping randomly (stuck).
 54347 | Zot:5    | 54347 ||| Stepping randomly (stuck).
 54348 | Zot:5    | 54348 ||| Stepping randomly (stuck).
 54349 | Zot:5    | 54349 ||| Stepping randomly (stuck).
 54350 | Zot:5    | 54350 ||| Stepping randomly (stuck).
 54351 | Zot:5    | 54351 ||| Stepping randomly (stuck).
 54352 | Zot:5    | 54352 ||| Stepping randomly (stuck).
 54353 | Zot:5    | 54353 ||| Stepping randomly (stuck).
 54354 | Zot:5    | 54354 ||| Stepping randomly (stuck).
 54355 | Zot:5    | 54355 ||| Stepping randomly (stuck).
 54356 | Zot:5    | 54356 ||| Stepping randomly (stuck).
 54357 | Zot:5    | 54357 ||| Stepping randomly (stuck).
 54358 | Zot:5    | 54358 ||| Stepping randomly (stuck).
 54359 | Zot:5    | 54359 ||| Stepping randomly (stuck).
 54360 | Zot:5    | 54360 ||| Stepping randomly (stuck).
 54361 | Zot:5    | 54361 ||| Stepping randomly (stuck).
 54362 | Zot:5    | 54362 ||| Stepping randomly (stuck).
 54363 | Zot:5    | 54363 ||| Stepping randomly (stuck).
 54364 | Zot:5    | 54364 ||| Stepping randomly (stuck).
 54365 | Zot:5    | 54365 ||| Stepping randomly (stuck).
 54366 | Zot:5    | 54366 ||| Stepping randomly (stuck).
 54367 | Zot:5    | 54367 ||| Stepping randomly (stuck).
 54368 | Zot:5    | 54368 ||| Stepping randomly (stuck).
 54369 | Zot:5    | 54369 ||| Stepping randomly (stuck).
 54370 | Zot:5    | 54370 ||| Stepping randomly (stuck).
 54371 | Zot:5    | Quit the game

Levels and vault maps discovered:
D:1:      spicycebolla_arrival_ecumenical, layout_basic, minmay_tetromino_s2
D:2:      layout_rooms, serial_shops, nicolae_lakefront_shop,
          grunt_ministairs_9, minmay_misc_feat_rows
D:3:      layout_loops_corners, nicolae_ru_awakened_eye,
          mainiacjoe_overflow_swirl
D:4:      layout_loops_ring, nicolae_ashenzari_panopticon,
          nicolae_grassy_gnolls, uniq_menkaure
D:5:      layout_gridville, chequers_temple_overflow_statue_of_worship,
          gup_sewer_entry_bowl, st_stairs_8, serial_bayou_crossing
D:6:      cheibrodos_thug_alley, layout_basic, minmay_temple_entry_overgrown,
          kennysheep_generic_room_3
D:7:      layout_basic, uniq_pikel
D:8:      layout_loops_ring, kiku_gazebo_garden_becter, minmay_crossroads,
          uniq_erica
D:9:      layout_long_grid, amcnicky_altar_gilded, serial_shops,
          nicolae_shop_hallway_plus
D:10:     layout_loops_ring, erik_lair_island, orc_david_3, special_room
          [special_room_bee]
D:11:     minmay_cornered_nines, layout_rooms
D:12:     layout_basic, portal_ice_cave_entry_pillars_2, minmay_the_grid_2x2
          [minmay_the_grid_square_x, minmay_the_grid_broken_lines,
          minmay_the_grid_all_tris, minmay_the_grid_prize_shrinking_boxes],
          uniq_nessos, uniq_fannar
D:13:     layout_loops_ring, lightli_vaults_fourway_checkpoint
D:14:     layout_long_grid, nicolae_qazlal_general_emergency,
          nicolae_shop_firing_range
D:15:     grunt_enter_depths_snipers, layout_stronghold, minivault_27,
          enter_trove_1, gammafunk_ghost_icy, uniq_roxanne, uniq_kirke
Temple:   nicolae_temple_bog_church
Lair:1:   layout_loops_ring, lightli_volcano_entry_magma_tube,
          grunt_forest_large_clearings, uniq_amaemon
Lair:2:   minmay_guarded_unrand_snakebite, layout_regular_city,
          minmay_shoals_entry_hut, hellmonk_spider_entry_life_and_decay,
          chequers_serial_rivers_small_b, infiniplex_staircase_pool_2,
          uniq_gastronok
Lair:3:   layout_small_grid, lemuel_centaur_altar
Lair:4:   layout_cellular_growth, slime_entry_1, gammafunk_ghost_abyssal_escape,
          gauntlet_entry_generic, chequers_serial_rivers_micro_d
Lair:5:   minmay_lair_end_enchanted_forest, layout_concentric_octagons,
          nzn_sisyphean_effort
Shoals:1: layout_shoals, nicolae_shoals_shepherds
Shoals:2: layout_shoals, nicolae_shoals_lost_giant_temple, uniq_ilsuiw
Shoals:3: layout_shoals, nicolae_shoals_elemental_ambush
Shoals:4: shoals_end_grunt_garden, layout_shoals
Spider:1: layout_spider_delve, uniq_louise
Spider:2: layout_cave_pods, ebering_ghost_reflecting_pool, drop_trap,
          nicolae_spider_scorpion_nest, hangedman_spider_tarantella_strand
Spider:3: layout_spider_delve, uniq_arachne, uniq_jorgrun
Spider:4: grunt_spider_rune_circles, uniq_mara, uniq_aizul
Orc:1:    layout_caves, serial_shops, shop, uniq_urug
Orc:2:    grunt_orc_tribal_feast, layout_caves, serial_shops, shop,
          ebering_ghost_rock_garden, led_sif_book, uniq_sonja, uniq_rupert
Vaults:1: advil_vaults_ghost_lines, v_misc_32, vaults_mumra_minichess_inversion,
          vaults_dpeg_hooks, hangedman_vaults_trim, layout_vaults_omnigrid
Vaults:2: nicolae_vaults_statue_guard, nicolae_vaults_alarming,
          nicolae_vaults_network_quinsquares
          [nicolae_vaults_network_quincunx_subvault,
          nicolae_vaults_network_quincunx_subvault,
          nicolae_vaults_network_quincunx_subvault,
          nicolae_vaults_network_quincunx_subvault],
          nicolae_vaults_three_branches, hangedman_vaults_restitches, v_rooms_2,
          vaults_dpeg_cross, nicolae_vaults_network_star,
          vaults_room_semicircle, vaults_dpeg_ring, ontoclasm_vaults_ring_large,
          v_misc_23, layout_vaults_omnicross, serial_shops, bzr_firewalk
Vaults:3: nicolae_vaults_network_barrier, nicolae_vaults_asterisk,
          minmay_crypt_entry_simple_box, vaults_room_door_hall,
          nicolae_vaults_hallways_thing, nicolae_vaults_murderbox,
          nicolae_vaults_angled_halls, nicolae_vaults_little_squares_4,
          grunt_vaults_swirl, v_misc_24, vaults_dpeg_spiral, v_misc_15,
          v_misc_27, nicolae_vaults_rhombus_5, layout_vaults_maze
Vaults:4: hangedman_vaults_hat, serial_ice_h, v_alt_pattern_2,
          grunt_vaults_bifocal, nicolae_vaults_network_s, ontoclasm_vaults_eye,
          nicolae_vaults_triangles, nicolae_vaults_rhombus_7,
          nicolae_vaults_holding_cells, v_pattern_2, v_misc_23,
          ontoclasm_vaults_decontamination, ontoclasm_vaults_loading_screen,
          grunt_vaults_focal, layout_vaults_ring
Vaults:5: serial_shops, uniq_xtahua
Depths:1: layout_basic, enter_ziggurat_e, hell_entry, abyss_entry_flame_altar,
          rand_demon_pan_entry_1, drop_trap, hangedman_abyss_or_decor_passed,
          horrible_house_mu, minmay_shoptagon, uniq_saint_roka
Depths:2: grunt_twist_and_shout, layout_gridlike, serial_shops,
          nicolae_shop_hallway_plus, rand_demon_pan_entry_9, pf_coc_iceberg,
          mu_enter_wizlab_5, beargit_hepliaklqana_dungeon_heroes,
          uniq_bai_suzhen
Depths:3: minmay_concentric_multi, layout_small_grid,
          hangedman_abyss_entry_splay, minmay_misc_feat_columns, hell_entry
Depths:4: grunt_zot_entry_tricorne, layout_cave_pools, lightli_too_deep,
          minmay_fountain_box, serial_sigils_hangedman_carve,
          serial_bayou_shore_b
Zot:1:    evilmike_crystal_ball_defense, layout_basic
Zot:2:    layout_misc_corridors, nicolae_shop_clearance
Zot:3:    layout_misc_corridors
Zot:4:    layout_gridlike, nicolae_zot_crop_circle, grunt_megastairs_4
Zot:5:    layout_twisted_circle, bh_zot_ikea_curve, drop_trap,
          lemuel_baited_zot_trap

Skill      XL: |  1  2  3  4  5  6  7  8  9 10 11 12 13 14 15 16 17 18 19 20 21 22 23 24 25 26 |
---------------+-------------------------------------------------------------------------------+-----
Axes           | 2 3 4 5 6 7 8 9 11 12 14 16 17 18 | 18.0
Throwing       | 1 2 3 4 5 6 9 10 11 12 13 14 | 14.3
Fighting       | 4 6 7 8 9 10 11 12 14 16 17 19 21 22 25 27 | 27.0
Dodging        | 1 2 3 4 5 8 9 |  9.5
Armour         | 4 6 7 8 9 10 11 12 14 15 20 22 | 22.0
Shields        | 4 5 6 7 8 15 18 19 20 21 22 | 22.0
Invocations    | 2 5 9 10 11 | 11.6

Action                   |  1- 3 |  4- 6 |  7- 9 | 10-12 | 13-15 | 16-18 | 19-21 | 22-24 | 25-27 || total
-------------------------+-------+-------+-------+-------+-------+-------+-------+-------+-------++-------
Melee: War axe           |    54 |    65 |   249 |   541 |  1180 |  1724 |  2264 |   569 |       ||  6646
       Hand axe          |       |       |       |    12 |    14 |       |       |       |       ||    26
       Broad axe         |       |       |       |       |       |       |       |   963 |   937 ||  1900
Throw: Javelin           |    21 |    12 |    34 |    39 |   181 |   115 |   114 |   129 |    87 ||   732
       Boomerang         |       |       |    16 |    27 |     6 |       |       |       |       ||    49
Invok: Heroism           |       |       |     3 |    20 |    40 |    37 |    43 |    52 |    21 ||   216
       Finesse           |       |       |       |     2 |     8 |     8 |     9 |    19 |     7 ||    53
  Use: Scroll            |     7 |     2 |     7 |     5 |     9 |     5 |     4 |     1 |     7 ||    47
       Potion            |     2 |     1 |     2 |     2 |     2 |     4 |     3 |     2 |     4 ||    22
 Stab: Held in net/web   |       |       |       |       |       |       |     1 |       |       ||     1
       Distracted        |       |       |       |       |       |       |       |     1 |       ||     1
Armor: Scale mail        |    13 |       |       |       |       |       |       |       |       ||    13
       Chain mail        |    17 |    41 |   165 |     4 |       |   653 |   372 |       |       ||  1252
       Plate armour      |       |       |       |   351 |   668 |   129 |       |       |       ||  1148
       Crystal plate arm |       |       |       |       |       |       |   252 |   537 |   196 ||   985
Dodge: Dodged            |    15 |    24 |   103 |   172 |   266 |   322 |   448 |   328 |   141 ||  1819
Block: Buckler           |     9 |    13 |    58 |   133 |   226 |       |       |       |       ||   439
       Reflection        |       |       |       |       |     1 |     1 |   107 |    27 |     7 ||   143
       Tower shield      |       |       |       |       |   528 |  1925 |  2504 |  1374 |   583 ||  6914
       Kite shield       |       |       |       |       |       |       |       |   183 |       ||   183

Table legend:
 A = Non-vault XP
 B = Vault XP
 C = Vault XP percentage of total XP
 D = Non-vault monster count
 E = Vault monster count
 F = Vault count percentage of total count
                 A         B        C        D         E       F
            +---------+---------+-------+---------+---------+-------
      Total |  660635 |  513387 |  43.7 |    1239 |     696 |  36.0
            +---------+---------+-------+---------+---------+-------
        D:1 |       7 |       3 |  30.0 |       4 |       2 |  33.3
        D:2 |       9 |       1 |  10.0 |       7 |       1 |  12.5
        D:3 |     162 |       0 |   0.0 |      24 |       0 |   0.0
        D:4 |     385 |     335 |  46.5 |      35 |       7 |  16.7
        D:5 |    1046 |      29 |   2.7 |      22 |       4 |  15.4
        D:6 |    1245 |     936 |  42.9 |      19 |      12 |  38.7
        D:7 |     809 |       0 |   0.0 |      21 |       0 |   0.0
        D:8 |    4241 |    1865 |  30.5 |      29 |       4 |  12.1
        D:9 |    1815 |       0 |   0.0 |      26 |       0 |   0.0
       D:10 |    2821 |    2905 |  50.7 |      14 |      33 |  70.2
       D:11 |    3371 |    1916 |  36.2 |      11 |       3 |  21.4
       D:12 |    5556 |   10149 |  64.6 |      20 |      21 |  51.2
       D:13 |    6004 |    7757 |  56.4 |      14 |      12 |  46.2
       D:14 |    9903 |       6 |   0.1 |      19 |       3 |  13.6
       D:15 |    8722 |    6909 |  44.2 |      20 |      11 |  35.5
     Lair:1 |    8679 |    4886 |  36.0 |      29 |      30 |  50.8
     Lair:2 |    4241 |    5241 |  55.3 |      22 |      18 |  45.0
     Lair:3 |    5917 |     446 |   7.0 |      25 |       4 |  13.8
     Lair:4 |    9041 |       0 |   0.0 |      35 |       0 |   0.0
     Lair:5 |   13594 |    9111 |  40.1 |      38 |      45 |  54.2
   Shoals:1 |    4715 |    1400 |  22.9 |      11 |       6 |  35.3
   Shoals:2 |   19401 |    4632 |  19.3 |      39 |       5 |  11.4
   Shoals:3 |   11582 |    1692 |  12.7 |      26 |       8 |  23.5
   Shoals:4 |   17160 |   17213 |  50.1 |      29 |      31 |  51.7
   Spider:1 |   23199 |    1137 |   4.7 |      57 |       1 |   1.7
   Spider:2 |   11480 |    5183 |  31.1 |      28 |       5 |  15.2
   Spider:3 |   18745 |    4161 |  18.2 |      43 |       2 |   4.4
   Spider:4 |    7722 |   23470 |  75.2 |      14 |      39 |  73.6
      Orc:1 |    2711 |     778 |  22.3 |      26 |       1 |   3.7
      Orc:2 |    2594 |   10435 |  80.1 |      33 |      34 |  50.7
   Vaults:1 |   28220 |   17613 |  38.4 |      38 |      21 |  35.6
   Vaults:2 |   25144 |   18861 |  42.9 |      35 |      29 |  45.3
   Vaults:3 |   26178 |   28904 |  52.5 |      41 |      34 |  45.3
   Vaults:4 |   38315 |   69215 |  64.4 |      50 |      76 |  60.3
   Vaults:5 |   11930 |   69451 |  85.3 |      13 |      59 |  81.9
   Depths:1 |   33224 |    9213 |  21.7 |      45 |      24 |  34.8
   Depths:2 |   37947 |   15195 |  28.6 |      50 |      15 |  23.1
   Depths:3 |   38218 |   20293 |  34.7 |      50 |      17 |  25.4
   Depths:4 |   41350 |   19832 |  32.4 |      34 |      18 |  34.6
      Zot:1 |   49224 |    3633 |   6.9 |      38 |      10 |  20.8
      Zot:2 |   21709 |       0 |   0.0 |      19 |       0 |   0.0
      Zot:3 |   33840 |       0 |   0.0 |      25 |       0 |   0.0
      Zot:4 |   18221 |    9380 |  34.0 |      16 |       5 |  23.8
      Zot:5 |   50238 |  105258 |  67.7 |      45 |      40 |  47.1
   Gauntlet |       0 |    3943 | 100.0 |       0 |       6 | 100.0
            +---------+---------+-------+---------+---------+-------
